Workbook

Sheet Table of Contents
A1: Table Code | B1: SDAT | C1: Ekvivalent mapování v SDNS
A2: S.01.02.01.01 | B2: Basic Information - General | C2: Mapování na ZISS16_11
A3: S.02.02.01.01 | B3: All currencies | C3: Mapování na ROSS16_12 | D3: DDP
A4: S.02.02.01.02 | B4: Material currencies | C4: Mapování na ROSS16_11
A5: S.03.01.01.01 | B5: Value of guarantee / collateral / contingent liabilities | C5: Mapování na DISS11_11 část I.
A6: S.03.01.01.02 | B6: Value of guaranteed assets and liabilities | C6: Mapování na DISS11_11 část II.
A7: S.03.02.01.01 | B7: List of unlimited guarantees received by the undertaking | C7: Mapování na DISS16_11
A8: S.03.03.01.01 | B8: List of unlimited guarantees provided by the undertaking | C8: Mapování na DISS21_11
A9: S.04.01.01.01 | B9: Undertaking and all branches | C9: Mapování na DISS26_11
A10: S.04.01.01.02 | B10: By EEA member (location of the branch) | C10: Mapování na DISS26_12 ( část I.)
A11: S.04.01.01.03 | B11: By EEA member (localization of activity [based on place of underwriting]) | C11: Mapování na DISS26_12 ( část II.)
A12: S.04.01.01.04 | B12: By material non-EEA member | C12: Mapování na DISS26_13
A13: S.04.02.01.01 | B13: Information on class 10 in Part A of Annex I of Solvency II Directive, excluding carrier's liability. Part 1 | C13: Mapování na DISS31_11
A14: S.04.02.01.02 | B14: Information on class 10 in Part A of Annex I of Solvency II Directive, excluding carrier's liability. Part 2 | C14: Mapování na DISS31_21
A15: S.05.01.01.01 | B15: Non-Life (direct business/accepted proportional reinsurance and accepted non-proportional reinsurance) | C15: Mapování na DISS36_11
... A32: S.11.01.01.02 | B32: Information on assets | C32: Mapování na ROSS71_11 - část II.
A33: S.12.01.01.01 | B33: Life and Health SLT Technical Provisions | C33: Mapování na RESS11_11 | D33: DDP
A34: S.12.02.01.01 | B34: Gross TP calculated as a whole and Gross BE for different countries - Home country and countries outside the materiality threshold | C34: Mapování na RESS11_31
A35: S.12.02.01.02 | B35: Gross TP calculated as a whole and Gross BE for different countries - Countries in the materiality threshold | C35: Mapování na RESS11_32
A36: S.13.01.01.01 | B36: Best Estimate - Life | C36: Mapování na RESS16_11
A37: S.14.01.01.01 | B37: Portfolio | C37: Mapování na RESS21_11
A38: S.14.01.01.02 | B38: Characteristics of product | C38: Mapování na RESS21_21
A39: S.14.01.01.03 | B39: Information on Homogeneous risk groups | C39: Mapování na RESS21_31
A40: S.14.01.01.04 | B40: Information on products and homogeneous risk groups | C40: Mapování na RESS21_31
A41: S.16.01.01.01 | B41: Information on year N: | C41: Mapování na RESS36_11 část I.
A42: S.16.01.01.02 | B42: Annuities information | C42: Mapování na RESS36_11 část II.
A43: S.17.01.01.01 | B43: Non-Life Technical Provisions | C43: Mapování na RESS41_11 & RESS41_12 &RESS41_13& RESS41_22 &RESS41_21
A44: S.17.02.01.01 | B44: Gross TP calculated as a whole and Gross BE for different countries - Home country and countries outside the materiality threshold | C44: Mapování na RESS41_31
A45: S.17.02.01.02 | B45: Gross TP calculated as a whole and Gross BE for different countries - Countries in the materiality threshold | C45: Mapování na RESS41_32
... A216: E.03.01.16.02 | B216: Non-life Technical Provisions - reinsurance policies - By country | C216: Mapování na RESS41_42
A217: Enumerations SDNS_SDAT
A218: Identical datapoint/Sdílené údaje

Sheet SE.01.01.16.01
A1: Zpět na obsah | B1: SE.01.01.16.01 - SE.01.01.16.01 Content of the submission
I2: Legenda | J2: Core oblasti
J3: Ostatní relevantní oblasti
J4: Nerelavantní oblasti
E6: C0010
B7: Template Code - Template name
B8: S.01.02.01 - Basic Information - General | C8: Metric: Basic Information | D8: R0010 | E8: CN:x1 (Reported)
B9: S.01.03.01 - Basic Information - RFF and matching adjustment portfolios | C9: Metric: Basic Information - RFF and matching adjustment portfolios (Full scope individual) | D9: R0020 | E9: CN:x15 (Not reported as no RFF or MAP)
B10: SE.02.01.16 - Balance Sheet | C10: Metric: Balance Sheet (Full scope individual) | D10: ER0030 | E10: CN:x1 (Reported)
B11: S.02.02.01 - Assets and liabilities by currency | C11: Metric: Assets and liabilities by currency [220] | D11: R0040 | E11: CN18
B12: S.03.01.01 - Off-balance sheet items - general | C12: Metric: Off-balance sheet items - general | D12: R0060 | E12: CN20
B13: S.03.02.01 - Off-balance sheet items - List of unlimited guarantees received by the undertaking | C13: Metric: Off-balance sheet items - List of unlimited guarantees received by the undertaking | D13: R0070 | E13: CN34
B14: S.03.03.01 - Off-balance sheet items - List of unlimited guarantees provided by the undertaking | C14: Metric: Off-balance sheet items - List of unlimited guarantees provided by the undertaking | D14: R0080 | E14: CN35
B15: S.04.01.01 - Activity by country | C15: Metric: Activity by country | D15: R0090 | E15: CN36
B16: S.04.02.01 - Information on class 10 in Part A of Annex I of Solvency II Directive, excluding carrier's liability | C16: Metric: Information on class 10 in Part A of Annex I of Solvency II Directive, excluding carrier's liability | D16: R0100 | E16: CN37
B17: S.05.01.01 - Premiums, claims and expenses by line of business | C17: Metric: Premiums, claims and expenses by line of business (Individual)[210] | D17: R0110 | E17: CN113
B18: S.05.02.01 - Premiums, claims and expenses by country | C18: Metric: Premiums, claims and expenses by country [210] | D18: R0120 | E18: CN116
B19: S.06.01.01 - Summary of assets | C19: Metric: Summary of assets | D19: R0130 | E19: CN:x25 (Not due as S.06.02 and S.08.01 reported quarterly)
... B81: E.03.01.16 - Non-life Technical Provisions - reinsurance policies - By country | C81: Metric: Non-life Technical Provisions - reinsurance policies | D81: ER1020 | E81: CN95

Sheet S.01.02.01.01
A1: Zpět na obsah | B1: S.01.02.01.01 - Basic Information - General | G1: Mapování na ZISS16_11 | I1: Převodní můstek číselníky
E4: C0010 | F4: C0010
B5: Undertaking name | C5: si1376 - Metric: String|TS/Legal name of undertaking | D5: R0010 | E5: xbrli_stringItemType | F5: an_250 | G5: ZISS16(1,1)
B6: Undertaking identification code and type of code | C6: si1899 - Metric: String|TS/Undertaking identification code | D6: R0020 | E6: xbrli_stringItemType | F6: R_LEI_EX | G6: ZISS16(2,1)
B7: Type of undertaking | C7: ei2499 - Metric: Type of undertaking [220] | D7: R0040 | E7: SE21 | F7: Z_TYPSII | G7: ZISS16(3,1)
B8: Country of authorisation | C8: ei2453 - Metric: Country of authorisation [210] | D8: R0050 | E8: GA1 | F8: Z_CZ | G8: ZISS16(4,1)
B9: Language of reporting | C9: ei1683 - Metric: Language of reporting | D9: R0070 | E9: LA1 | F9: R_cs | G9: ZISS16(5,1)
B10: Reporting submission date | C10: di1044 - Metric: Date|TD/Reporting date | D10: R0080 | E10: xbrli_dateItemType | F10: d8/YYYY-MM-DD | G10: ZISS16(6,1)
B11: Financial year end | C11: di2502 - Metric: Date|TD/Financial year end | D11: R0081 | E11: xbrli_dateItemType | F11: d8/YYYY-MM-DD | G11: ZISS16(7,1)
B12: Reporting reference date | C12: di1043 - Metric: Date|TD/Reference date | D12: R0090 | E12: xbrli_dateItemType | F12: d8/YYYY-MM-DD | G12: ZISS16(8,1)
B13: Regular/Ad-hoc submission | C13: ei1677 - Metric: Regular/Ad-hoc submission (solo) | D13: R0100 | E13: CS12 | F13: Z_ZPREP | G13: ZISS16(9,1)
B14: Currency used for reporting | C14: ei1930 - Metric: Currency used for reporting (Full scope) | D14: R0110 | E14: CU5 | F14: Z_CZK | G14: ZISS16(10,1)
B15: Accounting standards | C15: ei1687 - Metric: Accounting standards (Full scope) | D15: R0120 | E15: AM11 | F15: Z_US | G15: ZISS16(11,1)
B16: Method of Calculation of the SCR | C16: ei1676 - Metric: Method of Calculation of the SCR | D16: R0130 | E16: AP3 | F16: Z_IM | G16: ZISS16(12,1)
... B22: Transitional measure on technical provisions | C22: ei1682 - Metric: Transitional measure on technical provisions | D22: R0200 | E22: AP7 | F22: D_S_AN1 | G22: ZISS16(18,1)
B23: Initial submission or re-submission | C23: ei1684 - Metric: Initial submission or re-submission | D23: R0210 | E23: CS13 | F23: položka nebyla v SDNS
B24: Exemption of reporting ECAI information | C24: ei2514 - Metric: Exemption of reporting ECAI information | D24: R0250 | E24: CN127 | F24: Z_VYJIMKA | G24: ZISS16(19,1)
B25: Ad hoc XBRL technical field 1 | C25: si2548 - Metric: String|TS/Ad hoc XBRL technical field 1 | D25: R0990 | F25: Nové položky
B26: Ad hoc XBRL technical field 2 | C26: si2549 - Metric: String|TS/Ad hoc XBRL technical field 2 | D26: R0991 | E26: xbrli_stringItemType
B27: Ad hoc XBRL technical field 3 | C27: si2550 - Metric: String|TS/Ad hoc XBRL technical field 3 | D27: R0992 | E27: xbrli_stringItemType

Sheet SE.02.01.16.01
A1: Zpět na obsah | B1: SE.02.01.17.01 - Balance sheet | J1: Mapování na ROSS11_11 a ROSS11_21
G3: *UNITREF=CZK, *DECIMALS=-1
G6: Solvency II value | H6: Statutory accounts | I6: Reclassification adjustments | J6: Solvency II value | K6: Statutory accounts | L6: Reclassification adjustments
G7: VG.x80 - Solvency II | H7: VG.x84 - Statutory accounts | I7: VG.x130 - Reclassification adjustments | J7: P0810 [10] | K7: P0810 [10] | L7: P0810 [13]
G8: C0010 | H8: C0020 | I8: EC0021 | J8: P0810 [10] | K8: P0810 [12] | L8: P0810 [13]
B9: Assets
B10: Goodwill | F10: R0010 | K10: ROSS11_11(2,2)
B11: Deferred acquisition costs | F11: R0020 | K11: ROSS11_11(3,2)
B12: Intangible assets | E12: mi251 - Metric: Monetary|BC/Assets|AS/Intangible other than goodwill and deferred acquisition costs|IO/Other than investment, own use, own instruments held directly and cash and cash equivalents | F12: R0030 | J12: ROSS11_11(4,1) | K12: ROSS11_11(4,2) | L12: ROSS11_11(4,3)
B13: Deferred tax assets | E13: mi222 - Metric: Monetary|BC/Assets|AS/Deferred tax|IO/Other than investment, own use, own instruments held directly and cash and cash equivalents | F13: R0040 | J13: ROSS11_11(5,1) | K13: ROSS11_11(5,2) | L13: ROSS11_11(5,3)
B14: Pension benefit surplus | E14: mi256 - Metric: Monetary|BC/Assets|AS/Pension benefit|IO/Other than investment, own use, own instruments held directly and cash and cash equivalents | F14: R0050 | J14: ROSS11_11(6,1) | K14: ROSS11_11(6,2) | L14: ROSS11_11(6,3)
B15: Property, plant & equipment held for own use | E15: mi266 - Metric: Monetary|BC/Assets|AS/Properties|IO/Own use | F15: R0060 | J15: ROSS11_11(7,1) | K15: ROSS11_11(7,2) | L15: ROSS11_11(7,3)
B16: Investments (other than assets held for index-linked and unit-linked contracts) | D16: mi263 - Metric: Monetary|BC/Assets|AS/Property, plant and equipment, Cash, Derivatives, Bonds, Equity instruments, Participations and related undertakings, Deposits other than reinsurance deposits, Collective investments undertakings, Other investments|IO/Investment | E16: BL.x91 - Neither unit-linked nor index-linked | F16: R0070 | G16: =G17+G18+G19+G22+G27+G28+G29+G30 -> 0 | H16: =H17+H18+H19+H22+H27+H28+H29+H30 -> 0 | I16: =I17+I18+I19+I22+I27+I28+I29+I30 -> 0 | J16: ROSS11_11(8,1) | K16: ROSS11_11(8,2) | L16: ROSS11_11(8,3)
B17: Property (other than for own use) | D17: mi265 - Metric: Monetary|BC/Assets|AS/Properties|IO/Investment | E17: BL.x91 - Neither unit-linked nor index-linked | F17: R0080 | J17: ROSS11_11(9,1) | K17: ROSS11_11(9,2) | L17: ROSS11_11(9,3)
B18: Holdings in related undertakings, including participations | D18: mi243 - Metric: Monetary|BC/Assets|AS/Participations and related undertakings|IO/Investment | E18: BL.x91 - Neither unit-linked nor index-linked | F18: R0090 | J18: ROSS11_11(10,1) | K18: ROSS11_11(10,2) | L18: ROSS11_11(10,3)
B19: Equities | D19: mi238 - Metric: Monetary|BC/Assets|AS/Equity instruments|IO/Investment | E19: BL.x91 - Neither unit-linked nor index-linked | F19: R0100 | G19: =G20+G21 -> 0 | H19: =H20+H21 -> 0 | I19: =I20+I21 -> 0 | J19: ROSS11_11(11,1) | K19: ROSS11_11(11,2) | L19: ROSS11_11(11,3)
B20: Equities - listed | D20: mi226 - Metric: Monetary|BC/Assets|AS/Listed equity|IO/Investment | E20: BL.x91 - Neither unit-linked nor index-linked | F20: R0110 | J20: ROSS11_11(12,1) | K20: ROSS11_11(12,2) | L20: ROSS11_11(12,3)
B21: Equities - unlisted | D21: mi227 - Metric: Monetary|BC/Assets|AS/Unlisted equity|IO/Investment | E21: BL.x91 - Neither unit-linked nor index-linked | F21: R0120 | J21: ROSS11_11(13,1) | K21: ROSS11_11(13,2) | L21: ROSS11_11(13,3)
B22: Bonds | D22: mi213 - Metric: Monetary|BC/Assets|AS/Bonds|IO/Investment | E22: BL.x91 - Neither unit-linked nor index-linked | F22: R0130 | G22: =G23+G24+G25+G26 -> 0 | H22: =H23+H24+H25+H26 -> 0 | I22: =I23+I24+I25+I26 -> 0 | J22: ROSS11_11(14,1) | K22: ROSS11_11(14,2) | L22: ROSS11_11(14,3)
B23: Government Bonds | D23: mi212 - Metric: Monetary|BC/Assets|AS/Government Bonds|IO/Investment | E23: BL.x91 - Neither unit-linked nor index-linked | F23: R0140 | J23: ROSS11_11(15,1) | K23: ROSS11_11(15,2) | L23: ROSS11_11(15,3)
B24: Corporate Bonds | D24: mi211 - Metric: Monetary|BC/Assets|AS/Corporate Bonds|IO/Investment | E24: BL.x91 - Neither unit-linked nor index-linked | F24: R0150 | J24: ROSS11_11(16,1) | K24: ROSS11_11(16,2) | L24: ROSS11_11(16,3)
B25: Structured notes | D25: mi280 - Metric: Monetary|BC/Assets|AS/Structured notes|IO/Investment | E25: BL.x91 - Neither unit-linked nor index-linked | F25: R0160 | J25: ROSS11_11(17,1) | K25: ROSS11_11(17,2) | L25: ROSS11_11(17,3)
B26: Collateralised securities | D26: mi220 - Metric: Monetary|BC/Assets|AS/Collateralised securities|IO/Investment | E26: BL.x91 - Neither unit-linked nor index-linked | F26: R0170 | J26: ROSS11_11(18,1) | K26: ROSS11_11(18,2) | L26: ROSS11_11(18,3)
B27: Collective Investments Undertakings | D27: mi1964 - Metric: Monetary|BC/Assets|AS/Collective investments undertakings|IO/Investment | E27: BL.x91 - Neither unit-linked nor index-linked | F27: R0180 | J27: ROSS11_11(19,1) | K27: ROSS11_11(19,2) | L27: ROSS11_11(19,3)
B28: Derivatives | D28: mi224 - Metric: Monetary|BC/Assets|AS/Derivatives|IO/Investment | E28: BL.x91 - Neither unit-linked nor index-linked | F28: R0190 | J28: ROSS11_11(20,1) | K28: ROSS11_11(20,2) | L28: ROSS11_11(20,3)
B29: Deposits other than cash equivalents | D29: mi223 - Metric: Monetary|BC/Assets|AS/Deposits other than reinsurance deposits|IO/Investment | E29: BL.x91 - Neither unit-linked nor index-linked | F29: R0200 | J29: ROSS11_11(21,1) | K29: ROSS11_11(21,2) | L29: ROSS11_11(21,3)
B30: Other investments | D30: mi1965 - Metric: Monetary|BC/Assets|AS/Other investments|IO/Investment | E30: BL.x91 - Neither unit-linked nor index-linked | F30: R0210 | J30: ROSS11_11(22,1) | K30: ROSS11_11(22,2) | L30: ROSS11_11(22,3)
B31: Assets held for index-linked and unit-linked contracts | D31: mi263 - Metric: Monetary|BC/Assets|AS/Property, plant and equipment, Cash, Derivatives, Bonds, Equity instruments, Participations and related undertakings, Deposits other than reinsurance deposits, Collective investments undertakings, Other investments|IO/Investment | E31: BL.x119 - Unit-linked or index-linked | F31: R0220 | J31: ROSS11_11(23,1) | K31: ROSS11_11(23,2) | L31: ROSS11_11(23,3)
B32: Loans and mortgages | D32: mi252 - Metric: Monetary|BC/Assets|AS/Mortgages and loans|IO/Other than investment, own use, own instruments held directly and cash and cash equivalents | E32: BL.x91 - Neither unit-linked nor index-linked | F32: R0230 | G32: =G33+G34+G35 -> 0 | H32: =H33+H34+H35 -> 0 | I32: =I33+I34+I35 -> 0 | J32: ROSS11_11(24,1) | K32: ROSS11_11(24,2) | L32: ROSS11_11(24,3)
B33: Loans on policies | D33: mi202 - Metric: Monetary|BC/Assets|AS/Loans on policies|IO/Other than investment, own use, own instruments held directly and cash and cash equivalents | E33: BL.x91 - Neither unit-linked nor index-linked | F33: R0240 | J33: ROSS11_11(25,1) | K33: ROSS11_11(25,2) | L33: ROSS11_11(25,3)
B34: Loans and mortgages to individuals | D34: mi203 - Metric: Monetary|BC/Assets|AS/Loans and mortgages to individuals|IO/Other than investment, own use, own instruments held directly and cash and cash equivalents | E34: BL.x91 - Neither unit-linked nor index-linked | F34: R0250 | J34: ROSS11_11(26,1) | K34: ROSS11_11(26,2) | L34: ROSS11_11(26,3)
B35: Other loans and mortgages | D35: mi204 - Metric: Monetary|BC/Assets|AS/Other loans and mortgages|IO/Other than investment, own use, own instruments held directly and cash and cash equivalents | E35: BL.x91 - Neither unit-linked nor index-linked | F35: R0260 | J35: ROSS11_11(27,1) | K35: ROSS11_11(27,2) | L35: ROSS11_11(27,3)
B36: Reinsurance recoverables from: | E36: mi276 - Metric: Monetary|BC/Assets|AS/Recoverables recognised for TP calculation|IO/Other than investment, own use, own instruments held directly and cash and cash equivalents|CC/Ceded | F36: R0270 | G36: =G37+G40+G43 -> 0 | H36: =H37+H40+H43 -> 0 | J36: ROSS11_11(28,1) | K36: ROSS11_11(28,2) | L36: ROSS11_11(28,3)
B37: Non-life and health similar to non-life | D37: mi276 - Metric: Monetary|BC/Assets|AS/Recoverables recognised for TP calculation|IO/Other than investment, own use, own instruments held directly and cash and cash equivalents|CC/Ceded | E37: BL.x79 - Non-life and Health non-SLT | F37: R0280 | G37: =G38+G39 -> 0 | H37: =H38+H39 -> 0 | J37: ROSS11_11(29,1) | K37: ROSS11_11(29,2)
B38: Non-life excluding health | D38: mi276 - Metric: Monetary|BC/Assets|AS/Recoverables recognised for TP calculation|IO/Other than investment, own use, own instruments held directly and cash and cash equivalents|CC/Ceded | E38: BL.x75 - Non-life | F38: R0290 | J38: ROSS11_11(30,1) | K38: ROSS11_11(30,2)
B39: Health similar to non-life | D39: mi276 - Metric: Monetary|BC/Assets|AS/Recoverables recognised for TP calculation|IO/Other than investment, own use, own instruments held directly and cash and cash equivalents|CC/Ceded | E39: BL.x43 - Health non-SLT | F39: R0300 | J39: ROSS11_11(31,1) | K39: ROSS11_11(31,2)
B40: Life and health similar to life, excluding health and index-linked and unit-linked | D40: mi276 - Metric: Monetary|BC/Assets|AS/Recoverables recognised for TP calculation|IO/Other than investment, own use, own instruments held directly and cash and cash equivalents|CC/Ceded | E40: BL.x64 - Life [other than unit-linked or index-linked] | F40: R0310 | G40: =G41+G42 -> 0 | H40: =H41+H42 -> 0 | J40: ROSS11_11(32,1) | K40: ROSS11_11(32,2)
B41: Health similar to life | D41: mi276 - Metric: Monetary|BC/Assets|AS/Recoverables recognised for TP calculation|IO/Other than investment, own use, own instruments held directly and cash and cash equivalents|CC/Ceded | E41: BL.x45 - Health SLT | F41: R0320 | J41: ROSS11_11(33,1) | K41: ROSS11_11(33,2)
B42: Life excluding health and index-linked and unit-linked | D42: mi276 - Metric: Monetary|BC/Assets|AS/Recoverables recognised for TP calculation|IO/Other than investment, own use, own instruments held directly and cash and cash equivalents|CC/Ceded | E42: BL.x63 - Life [other than Index-linked and unit-linked insurance and Health SLT] | F42: R0330 | J42: ROSS11_11(34,1) | K42: ROSS11_11(34,2)
B43: Life index-linked and unit-linked | D43: mi276 - Metric: Monetary|BC/Assets|AS/Recoverables recognised for TP calculation|IO/Other than investment, own use, own instruments held directly and cash and cash equivalents|CC/Ceded | E43: BL.x119 - Unit-linked or index-linked | F43: R0340 | J43: ROSS11_11(35,1) | K43: ROSS11_11(35,2)
B44: Deposits to cedants | D44: mi278 - Metric: Monetary|BC/Assets|AS/Reinsurance deposits|IO/Other than investment, own use, own instruments held directly and cash and cash equivalents | E44: TB.x109 - Reinsurance accepted | F44: R0350 | J44: ROSS11_11(36,1) | K44: ROSS11_11(36,2) | L44: ROSS11_11(36,3)
B45: Insurance and intermediaries receivables | E45: mi267 - Metric: Monetary|BC/Assets|AS/Receivables/payables [insurance/reinsurance accepted]|IO/Other than investment, own use, own instruments held directly and cash and cash equivalents | F45: R0360 | J45: ROSS11_11(37,1) | K45: ROSS11_11(37,2) | L45: ROSS11_11(37,3)
B46: Reinsurance receivables | E46: mi268 - Metric: Monetary|BC/Assets|AS/Receivables/payables [reinsurance ceded]|IO/Other than investment, own use, own instruments held directly and cash and cash equivalents|CC/Ceded | F46: R0370 | J46: ROSS11_11(38,1) | K46: ROSS11_11(38,2) | L46: ROSS11_11(38,3)
B47: Receivables (trade, not insurance) | E47: mi269 - Metric: Monetary|BC/Assets|AS/Receivables/payables [trade]|IO/Other than investment, own use, own instruments held directly and cash and cash equivalents | F47: R0380 | J47: ROSS11_11(39,1) | K47: ROSS11_11(39,2) | L47: ROSS11_11(39,3)
B48: Own shares (held directly) | E48: mi279 - Metric: Monetary|BC/Assets|AS/Shares|IO/Own instruments held directly | F48: R0390 | J48: ROSS11_11(40,1) | K48: ROSS11_11(40,2) | L48: ROSS11_11(40,3)
B49: Amounts due in respect of own fund items or initial fund called up but not yet paid in | E49: mi225 - Metric: Monetary|BC/Assets|AS/Due in respect of own fund items or initial fund called up but not yet paid in|IO/Other than investment, own use, own instruments held directly and cash and cash equivalents | F49: R0400 | J49: ROSS11_11(41,1) | K49: ROSS11_11(41,2) | L49: ROSS11_11(41,3)
B50: Cash and cash equivalents | E50: mi239 - Metric: Monetary|BC/Assets|AS/Cash and deposits|IO/Cash and cash equivalents | F50: R0410 | J50: ROSS11_11(42,1) | K50: ROSS11_11(42,2) | L50: ROSS11_11(42,3)
B51: Any other assets, not elsewhere shown | E51: mi2301 - Metric: Monetary|BC/Assets|AS/Other than intangible, deferred tax, pension benefit, property, plant and equipment, financial, reinsurance deposits, receivables/payables, recoverables recognised for TP and due in respect of own fund items or initial fund called up but not yet paid in|IO/Other than investment, own use, own instruments held directly and cash and cash equivalents | F51: R0420 | J51: ROSS11_11(43,1) | K51: ROSS11_11(43,2) | L51: ROSS11_11(43,3)
B52: Total assets | E52: mi201 - Metric: Monetary|BC/Assets | F52: R0500 | G52: =G12+G13+G14+G15+G16+G31+G32+G36+G44+G45+G46+G47+G48+G49+G50 -> 0 | H52: =H10+H11+H12+H13+H14+H15+H16+H31+H32+H36+H44+H45+H46+H47+H48+H49+H50 -> 0 | I52: =I12+I13+I14+I15+I16+I31+I32+I36+I44+I45+I46+I47+I48+I49+I50 -> 0 | J52: ROSS11_11(1,1) | K52: ROSS11_11(1,2) | L52: ROSS11_11(1,3)
B53: Liabilities
B54: Technical provisions – non-life | D54: mi363 - Metric: Monetary|BC/Liability|LB/Gross technical provisions [other than local GAAP specific] | E54: BL.x79 - Non-life and Health non-SLT | F54: R0510 | G54: =G55+G59 -> 0 | H54: =H55+H59 -> 0 | J54: ROSS11_21(3,1) | K54: ROSS11_21(3,2) | L54: ROSS11_21(3,3)
B55: Technical provisions – non-life (excluding health) | D55: mi363 - Metric: Monetary|BC/Liability|LB/Gross technical provisions [other than local GAAP specific] | E55: BL.x75 - Non-life | F55: R0520 | G55: =G56+G57+G58 -> 0 | J55: ROSS11_21(4,1) | K55: ROSS11_21(4,2)
B56: Technical provisions calculated as a whole | C56: mi363 - Metric: Monetary|BC/Liability|LB/Gross technical provisions [other than local GAAP specific] | D56: BL.x75 - Non-life | E56: VL.x8 - Calculated as a whole | F56: R0530 | J56: ROSS11_21(5,1)
B57: Best Estimate | C57: mi363 - Metric: Monetary|BC/Liability|LB/Gross technical provisions [other than local GAAP specific] | D57: BL.x75 - Non-life | E57: VL.x5 - Best estimate | F57: R0540 | J57: ROSS11_21(6,1)
B58: Risk margin | C58: mi363 - Metric: Monetary|BC/Liability|LB/Gross technical provisions [other than local GAAP specific] | D58: BL.x75 - Non-life | E58: VL.x47 - Risk margin | F58: R0550 | J58: ROSS11_21(7,1)
B59: Technical provisions - health (similar to non-life) | D59: mi363 - Metric: Monetary|BC/Liability|LB/Gross technical provisions [other than local GAAP specific] | E59: BL.x43 - Health non-SLT | F59: R0560 | G59: =G60+G61+G62 -> 0 | J59: ROSS11_21(8,1) | K59: ROSS11_21(8,2)
B60: Technical provisions calculated as a whole | C60: mi363 - Metric: Monetary|BC/Liability|LB/Gross technical provisions [other than local GAAP specific] | D60: BL.x43 - Health non-SLT | E60: VL.x8 - Calculated as a whole | F60: R0570 | J60: ROSS11_21(9,1)
B61: Best Estimate | C61: mi363 - Metric: Monetary|BC/Liability|LB/Gross technical provisions [other than local GAAP specific] | D61: BL.x43 - Health non-SLT | E61: VL.x5 - Best estimate | F61: R0580 | J61: ROSS11_21(10,1)
B62: Risk margin | C62: mi363 - Metric: Monetary|BC/Liability|LB/Gross technical provisions [other than local GAAP specific] | D62: BL.x43 - Health non-SLT | E62: VL.x47 - Risk margin | F62: R0590 | J62: ROSS11_21(11,1)
B63: Technical provisions - life (excluding index-linked and unit-linked) | D63: mi363 - Metric: Monetary|BC/Liability|LB/Gross technical provisions [other than local GAAP specific] | E63: BL.x176 - Life and Health SLT [other than unit-linked or index-linked] | F63: R0600 | G63: =G64+G68 -> 0 | H63: =H64+H68 -> 0 | J63: ROSS11_21(12,1) | K63: ROSS11_21(12,2) | L63: ROSS11_21(12,3)
B64: Technical provisions - health (similar to life) | D64: mi363 - Metric: Monetary|BC/Liability|LB/Gross technical provisions [other than local GAAP specific] | E64: BL.x46 - Health SLT and annuities stemming from non-life insurance contracts and relating to health insurance obligations | F64: R0610 | G64: =G65+G66+G67 -> 0 | J64: ROSS11_21(13,1) | K64: ROSS11_21(13,2)
B65: Technical provisions calculated as a whole | C65: mi363 - Metric: Monetary|BC/Liability|LB/Gross technical provisions [other than local GAAP specific] | D65: BL.x46 - Health SLT and annuities stemming from non-life insurance contracts and relating to health insurance obligations | E65: VL.x8 - Calculated as a whole | F65: R0620 | J65: ROSS11_21(14,1)
B66: Best Estimate | C66: mi363 - Metric: Monetary|BC/Liability|LB/Gross technical provisions [other than local GAAP specific] | D66: BL.x46 - Health SLT and annuities stemming from non-life insurance contracts and relating to health insurance obligations | E66: VL.x5 - Best estimate | F66: R0630 | J66: ROSS11_21(15,1)
B67: Risk margin | C67: mi363 - Metric: Monetary|BC/Liability|LB/Gross technical provisions [other than local GAAP specific] | D67: BL.x46 - Health SLT and annuities stemming from non-life insurance contracts and relating to health insurance obligations | E67: VL.x47 - Risk margin | F67: R0640 | J67: ROSS11_21(16,1)
B68: Technical provisions – life (excluding health and index-linked and unit-linked) | D68: mi363 - Metric: Monetary|BC/Liability|LB/Gross technical provisions [other than local GAAP specific] | E68: BL.x173 - Life and annuities stemming from non-life insurance contracts and relating to insurance obligations other than health insurance obligations [other than unit-linked or index-linked] | F68: R0650 | G68: =G69+G70+G71 -> 0 | J68: ROSS11_21(17,1) | K68: ROSS11_21(17,2)
B69: Technical provisions calculated as a whole | C69: mi363 - Metric: Monetary|BC/Liability|LB/Gross technical provisions [other than local GAAP specific] | D69: BL.x173 - Life and annuities stemming from non-life insurance contracts and relating to insurance obligations other than health insurance obligations [other than unit-linked or index-linked] | E69: VL.x8 - Calculated as a whole | F69: R0660 | J69: ROSS11_21(18,1)
B70: Best Estimate | C70: mi363 - Metric: Monetary|BC/Liability|LB/Gross technical provisions [other than local GAAP specific] | D70: BL.x173 - Life and annuities stemming from non-life insurance contracts and relating to insurance obligations other than health insurance obligations [other than unit-linked or index-linked] | E70: VL.x5 - Best estimate | F70: R0670 | J70: ROSS11_21(19,1)
B71: Risk margin | C71: mi363 - Metric: Monetary|BC/Liability|LB/Gross technical provisions [other than local GAAP specific] | D71: BL.x173 - Life and annuities stemming from non-life insurance contracts and relating to insurance obligations other than health insurance obligations [other than unit-linked or index-linked] | E71: VL.x47 - Risk margin | F71: R0680 | J71: ROSS11_21(20,1)
B72: Technical provisions – index-linked and unit-linked | D72: mi363 - Metric: Monetary|BC/Liability|LB/Gross technical provisions [other than local GAAP specific] | E72: BL.x119 - Unit-linked or index-linked | F72: R0690 | G72: =G73+G74+G75 -> 0 | J72: ROSS11_21(21,1) | K72: ROSS11_21(21,2) | L72: ROSS11_21(21,3)
B73: Technical provisions calculated as a whole | C73: mi363 - Metric: Monetary|BC/Liability|LB/Gross technical provisions [other than local GAAP specific] | D73: BL.x119 - Unit-linked or index-linked | E73: VL.x8 - Calculated as a whole | F73: R0700 | J73: ROSS11_21(22,1)
B74: Best Estimate | C74: mi363 - Metric: Monetary|BC/Liability|LB/Gross technical provisions [other than local GAAP specific] | D74: BL.x119 - Unit-linked or index-linked | E74: VL.x5 - Best estimate | F74: R0710 | J74: ROSS11_21(23,1)
B75: Risk margin | C75: mi363 - Metric: Monetary|BC/Liability|LB/Gross technical provisions [other than local GAAP specific] | D75: BL.x119 - Unit-linked or index-linked | E75: VL.x47 - Risk margin | F75: R0720 | J75: ROSS11_21(24,1)
B76: Other technical provisions | F76: R0730
B77: Contingent liabilities | E77: mi355 - Metric: Monetary|BC/Liability|LB/Contingent | F77: R0740 | J77: ROSS11_21(26,1) | K77: ROSS11_21(26,2) | L77: ROSS11_21(26,3)
B78: Provisions other than technical provisions | E78: mi372 - Metric: Monetary|BC/Liability|LB/Provisions other than technical provisions | F78: R0750 | J78: ROSS11_21(27,1) | K78: ROSS11_21(27,2) | L78: ROSS11_21(27,3)
B79: Pension benefit obligations | E79: mi369 - Metric: Monetary|BC/Liability|LB/Pension benefit | F79: R0760 | J79: ROSS11_21(28,1) | K79: ROSS11_21(28,2) | L79: ROSS11_21(28,3)
B80: Deposits from reinsurers | E80: mi377 - Metric: Monetary|BC/Liability|LB/Reinsurance deposits|CC/Ceded | F80: R0770 | J80: ROSS11_21(29,1) | K80: ROSS11_21(29,2) | L80: ROSS11_21(29,3)
B81: Deferred tax liabilities | E81: mi359 - Metric: Monetary|BC/Liability|LB/Deferred tax | F81: R0780 | J81: ROSS11_21(30,1) | K81: ROSS11_21(30,2) | L81: ROSS11_21(30,3)
B82: Derivatives | E82: mi360 - Metric: Monetary|BC/Liability|LB/Derivatives | F82: R0790 | J82: ROSS11_21(31,1) | K82: ROSS11_21(31,2) | L82: ROSS11_21(31,3)
B83: Debts owed to credit institutions | E83: mi357 - Metric: Monetary|BC/Liability|LB/Debt instruments [not subordinated]. Debts owed to credit institutions | F83: R0800 | G83: =G84+G85+G86 -> 0 | I83: =I84+I85+I86 -> 0 | J83: ROSS11_21(32,1) | K83: ROSS11_21(32,2) | L83: ROSS11_21(32,3)
B84: Debts owed to credit institutions resident domestically | D84: mi357 - Metric: Monetary|BC/Liability|LB/Debt instruments [not subordinated]. Debts owed to credit institutions | E84: DZ.x24 - Home country | F84: ER0801 | J84: ROSS11_21(33,1) | L84: ROSS11_21(33,3)
B85: Debts owed to credit institutions resident in the euro area other than domestic | D85: mi357 - Metric: Monetary|BC/Liability|LB/Debt instruments [not subordinated]. Debts owed to credit institutions | E85: DZ.x80 - Euro area other than home country | F85: ER0802 | J85: ROSS11_21(34,1) | L85: ROSS11_21(34,3)
B86: Debts owed to credit institutions resident in rest of the world | D86: mi357 - Metric: Monetary|BC/Liability|LB/Debt instruments [not subordinated]. Debts owed to credit institutions | E86: DZ.x79 - Non-euro area | F86: ER0803 | J86: ROSS11_21(35,1) | L86: ROSS11_21(35,3)
B87: Financial liabilities other than debts owed to credit institutions | E87: mi358 - Metric: Monetary|BC/Liability|LB/Debt instruments [not subordinated]. Financial liabilities other than debts owed to credit institutions | F87: R0810 | G87: =G88+G92 -> 0 | I87: =I88+I92 -> 0 | J87: ROSS11_21(36,1) | K87: ROSS11_21(36,2) | L87: ROSS11_21(36,3)
B88: Debts owed to non-credit institutions | E88: mi2255 - Metric: Monetary|BC/Liability|LB/Debt instruments [not subordinated]. Debts owed to non-credit institutions | F88: ER0811 | G88: =G89+G90+G91+G92 -> 0 | I88: =I89+I90+I91+I92 -> 0 | J88: ROSS11_21(37,1) | L88: ROSS11_21(37,3)
B89: Debts owed to non-credit institutions resident domestically | D89: mi2255 - Metric: Monetary|BC/Liability|LB/Debt instruments [not subordinated]. Debts owed to non-credit institutions | E89: DZ.x24 - Home country | F89: ER0812 | J89: ROSS11_21(38,1) | L89: ROSS11_21(38,3)
B90: Debts owed to non-credit institutions resident in the euro area other than domestic | D90: mi2255 - Metric: Monetary|BC/Liability|LB/Debt instruments [not subordinated]. Debts owed to non-credit institutions | E90: DZ.x80 - Euro area other than home country | F90: ER0813 | J90: ROSS11_21(39,1) | L90: ROSS11_21(39,3)
B91: Debts owed to non-credit institutions resident in rest of the world | D91: mi2255 - Metric: Monetary|BC/Liability|LB/Debt instruments [not subordinated]. Debts owed to non-credit institutions | E91: DZ.x79 - Non-euro area | F91: ER0814 | J91: ROSS11_21(40,1) | L91: ROSS11_21(40,3)
B92: Other financial liabilities (debt securities issued) | E92: mi2156 - Metric: Monetary|BC/Liability|LB/Debt instruments [not subordinated]. Financial liabilities other than debts | F92: ER0815 | J92: ROSS11_21(41,1) | L92: ROSS11_21(41,3)
B93: Insurance & intermediaries payables | E93: mi373 - Metric: Monetary|BC/Liability|LB/Receivables/payables [insurance/reinsurance accepted] | F93: R0820 | J93: ROSS11_21(42,1) | K93: ROSS11_21(42,2) | L93: ROSS11_21(42,3)
B94: Reinsurance payables | E94: mi374 - Metric: Monetary|BC/Liability|LB/Receivables/payables [reinsurance ceded]|CC/Ceded | F94: R0830 | J94: ROSS11_21(43,1) | K94: ROSS11_21(43,2) | L94: ROSS11_21(43,3)
B95: Payables (trade, not insurance) | E95: mi375 - Metric: Monetary|BC/Liability|LB/Receivables/payables [trade] | F95: R0840 | J95: ROSS11_21(44,1) | K95: ROSS11_21(44,2) | L95: ROSS11_21(44,3)
B96: Subordinated liabilities | E96: mi378 - Metric: Monetary|BC/Liability|LB/Subordinated debt instruments | F96: R0850 | G96: =G97+G98+G99 -> 0 | H96: =H97+H98+H99 -> 0 | I96: =I97+I98+I99 -> 0 | J96: ROSS11_21(45,1) | K96: ROSS11_21(45,2) | L96: ROSS11_21(45,3)
B97: Subordinated liabilities not in Basic Own Funds | E97: mi348 - Metric: Monetary|BC/Liability|BE/Other than basic own funds|LB/Subordinated debt instruments | F97: R0860 | J97: ROSS11_21(46,1) | K97: ROSS11_21(46,2) | L97: ROSS11_21(46,3)
B98: Subordinated liabilities in Basic Own Funds | E98: mi347 - Metric: Monetary|BC/Liability|BE/Basic own funds|LB/Subordinated debt instruments | F98: R0870 | J98: ROSS11_21(47,1) | K98: ROSS11_21(47,2) | L98: ROSS11_21(47,3)
B99: Any other liabilities, not elsewhere shown | E99: mi367 - Metric: Monetary|BC/Liability|LB/Other than provisions, pension benefit, contingent, deferred tax, reinsurance deposit and financial | F99: R0880 | J99: ROSS11_21(48,1) | K99: ROSS11_21(48,2) | L99: ROSS11_21(48,3)
B100: Total liabilities | E100: mi346 - Metric: Monetary|BC/Liability | F100: R0900 | G100: =G54+G63+G72+G77+G78+G79+G80+G81+G82+G83+G87+G93+G94+G95+G96+G99 -> 0 | H100: =H54+H63+H72+H77+H78+H79+H80+H81+H82+H83+H87+H93+H94+H95+H96+H99 -> 0 | I100: =I54+I63+I72+I77+I78+I79+I80+I81+I82+I83+I87+I93+I94+I95+I96+I99 -> 0 | J100: ROSS11_21(2,1) | K100: ROSS11_21(2,2) | L100: ROSS11_21(2,3)
B101: Excess of assets over liabilities | E101: mi294 - Metric: Monetary|BC/Excess of assets over liabilities | F101: R1000 | G101: =G52-G100 -> 0 | H101: =H52-H100 -> 0 | I101: =I52-I100 -> 0 | J101: ROSS11_21(49,1) | K101: ROSS11_21(49,2) | L101: ROSS11_21(49,3)

Sheet S.02.02.01.01
A1: Zpět na obsah | B1: S.02.02.01.01 - All currencies
F2: v datové oblasti se vyskytují identické údaje na jinou oblast | G2: Mapa identických údajů | I2: Mapování na ROSS16_12
D3: Solvency II
F6: Total value of all currencies | G6: Value of the solvency II reporting currency | H6: Value of remaining other currencies | I6: Total value of all currencies | J6: Value of the solvency II reporting currency | K6: Value of remaining other currencies
D7: *DECIMALS=-1 | H7: Not material | K7: Not material
G8: Reporting currency | H8: Other than reporting currency | J8: Reporting currency | K8: Other than reporting currency
F9: C0020 | G9: C0030 | H9: C0040 | I9: C0020 | J9: C0030 | K9: C0040
B10: Assets
B11: Investments (other than assets held for index-linked and unit-linked contracts) | C11: Other investments|IO/Investment | D11: Neither unit-linked nor index-linked | E11: R0020 | F11: =G11+H11+SUM('S.02.02.01.02 '!H11:BE11) -> 0 | I11: ROSS16_12(2,1) | J11: ROSS16_12(2,2) | K11: ROSS16_12(2,4)
B12: Loans & mortgages to individuals and Other loans & mortgages (other than index-linked and unit-linked contracts) | C12: Loans and mortgages|IO/Other than investment | D12: Neither unit-linked nor index-linked | E12: R0030 | F12: =G12+H12+SUM('S.02.02.01.02 '!H12:BE12) -> 0 | I12: ROSS16_12(3,1) | J12: ROSS16_12(3,2) | K12: ROSS16_12(3,4)
B13: Assets held for index-linked and unit-linked contracts | C13: Other investments|IO/Investment | D13: Unit-linked or index-linked | E13: R0040 | F13: =G13+H13+SUM('S.02.02.01.02 '!H13:BE13) -> 0 | I13: ROSS16_12(4,1) | J13: ROSS16_12(4,2) | K13: ROSS16_12(4,4)
B14: Reinsurance recoverables | D14: own instruments held directly and cash and cash equivalents|CC/Ceded | E14: R0050 | F14: =G14+H14+SUM('S.02.02.01.02 '!H14:BE14) -> 0 | I14: ROSS16_12(5,1) | J14: ROSS16_12(5,2) | K14: ROSS16_12(5,4)
B15: insurance and intermediaries receivables and reinsurance receivables | D15: own instruments held directly and cash and cash equivalents | E15: R0060 | F15: =G15+H15+SUM('S.02.02.01.02 '!H15:BE15) -> 0 | I15: ROSS16_12(6,1) | J15: ROSS16_12(6,2) | K15: ROSS16_12(6,4)
B16: Any other assets | D16: cash and cash equivalents and own use | E16: R0070 | F16: =G16+H16+SUM('S.02.02.01.02 '!H16:BE16) -> 0 | I16: ROSS16_12(7,1) | J16: ROSS16_12(7,2) | K16: ROSS16_12(7,4)
B17: Total assets | D17: Metric: Monetary|BC/Assets | E17: R0100 | F17: =G17+H17+SUM('S.02.02.01.02 '!H17:BE17) -> 0 | G17: =SUM(G11:G16) -> 0 | H17: =SUM(H11:H16) -> 0 | I17: ROSS16_12(1,1) | J17: ROSS16_12(1,2) | K17: ROSS16_12(1,4)
B18: Liabilities
B19: Technical provisions (excluding index-linked and unit-linked contracts) | C19: Metric: Monetary|BC/Liability|LB/Gross technical provisions [other than local GAAP specific] | D19: Neither unit-linked nor index-linked | E19: R0110 | F19: =G19+H19+SUM('S.02.02.01.02 '!H19:BE19) -> 0 | I19: ROSS16_22(2,1) | J19: ROSS16_22(2,2) | K19: ROSS16_22(2,4)
B20: Technical provisions - index-linked and unit-linked contracts | C20: Metric: Monetary|BC/Liability|LB/Gross technical provisions [other than local GAAP specific] | D20: Unit-linked or index-linked | E20: R0120 | F20: =G20+H20+SUM('S.02.02.01.02 '!H20:BE20) -> 0 | I20: ROSS16_22(3,1) | J20: ROSS16_22(3,2) | K20: ROSS16_22(3,4)
B21: intermediaries and reinsurance payables | D21: Metric: Monetary|BC/Liability|LB/Reinsurance deposits and receivables/payables [insurance/reinsurance related] | E21: R0130 | F21: =G21+H21+SUM('S.02.02.01.02 '!H21:BE21) -> 0 | I21: ROSS16_22(4,1) | J21: ROSS16_22(4,2) | K21: ROSS16_22(4,4)
B22: Derivatives | D22: Metric: Monetary|BC/Liability|LB/Derivatives | E22: R0140 | F22: =G22+H22+SUM('S.02.02.01.02 '!H22:BE22) -> 0 | I22: ROSS16_22(5,1) | J22: ROSS16_22(5,2) | K22: ROSS16_22(5,4)
B23: Financial liabilities | D23: Metric: Monetary|BC/Liability|LB/Debt instruments [not subordinated] | E23: R0150 | F23: =G23+H23+SUM('S.02.02.01.02 '!H23:BE23) -> 0 | I23: ROSS16_22(6,1) | J23: ROSS16_22(6,2) | K23: ROSS16_22(6,4)
B24: Contingent liabilities | D24: Metric: Monetary|BC/Liability|LB/Contingent | E24: R0160 | F24: =G24+H24+SUM('S.02.02.01.02 '!H24:BE24) -> 0 | I24: ROSS16_22(7,1) | J24: ROSS16_22(7,2) | K24: ROSS16_22(7,4)
B25: Any other liabilities | D25: reinsurance deposits and receivables/payables [insurance/reinsurance related] | E25: R0170 | F25: =G25+H25+SUM('S.02.02.01.02 '!H25:BE25) -> 0 | I25: ROSS16_22(8,1) | J25: ROSS16_22(8,2) | K25: ROSS16_22(8,4)
B26: Total liabilities | D26: Metric: Monetary|BC/Liability | E26: R0200 | F26: =G26+H26+SUM('S.02.02.01.02 '!H26:BE26) -> 0 | G26: =SUM(G19:G25) -> 0 | H26: =SUM(H19:H25) -> 0 | I26: ROSS16_22(1,1) | J26: ROSS16_22(1,2) | K26: ROSS16_22(1,4)

Sheet S.02.02.01.02 
A1: Zpět na obsah | B1: S.02.02.01.02 - Material currencies | BF1: Mapování na ROSS16_11 | BG1: Převodní můstek číselníky
F3: Solvency II
H5: *UNITREF=CZK, *DECIMALS=-1
H6: Value of material currencies | BF6: Value of material currencies
H7: CU5 | BF7: Dynamic
H8: C0050.1 | I8: C0050.2 | J8: C0050.3 | K8: C0050.4 | L8: C0050.5 | M8: C0050.6 | N8: C0050.7 | O8: C0050.8 | P8: C0050.9 | Q8: C0050.10 | R8: C0050.11 | S8: C0050.12 | T8: C0050.13 | U8: C0050.14 | V8: C0050.15 | W8: C0050.16 | X8: C0050.17 | Y8: C0050.18 | Z8: C0050.19 | AA8: C0050.20 | AB8: C0050.21 | AC8: C0050.22 | AD8: C0050.23 | AE8: C0050.24 | AF8: C0050.25 | AG8: C0050.26 | AH8: C0050.27 | AI8: C0050.28 | AJ8: C0050.29 | AK8: C0050.30 | AL8: C0050.31 | AM8: C0050.32 | AN8: C0050.33 | AO8: C0050.34 | AP8: C0050.35 | AQ8: C0050.36 | AR8: C0050.37 | AS8: C0050.38 | AT8: C0050.39 | AU8: C0050.40 | AV8: C0050.41 | AW8: C0050.42 | AX8: C0050.43 | AY8: C0050.44 | AZ8: C0050.45 | BA8: C0050.46 | BB8: C0050.47 | BC8: C0050.48 | BD8: C0050.49 | BE8: C0050.50 | BF8: C0050
B9: Material currency | F9: Original/exposure currency | G9: R0010 | H9: s2c_CU:EUR (EUR) | I9: s2c_CU:GBP (GBP) | J9: s2c_CU:USD (USD) | L9: CU5 | M9: CU5 | N9: CU5 | O9: CU5 | P9: CU5 | Q9: CU5 | R9: CU5 | S9: CU5 | T9: CU5 | U9: CU5 | V9: CU5 | W9: CU5 | X9: CU5 | Y9: CU5 | Z9: CU5 | AA9: CU5 | AB9: CU5 | AC9: CU5 | AD9: CU5 | AE9: CU5 | AF9: CU5 | AG9: CU5 | AH9: CU5 | AI9: CU5 | AJ9: CU5 | AK9: CU5 | AL9: CU5 | AM9: CU5 | AN9: CU5 | AO9: CU5 | AP9: CU5 | AQ9: CU5 | AR9: CU5 | AS9: CU5 | AT9: CU5 | AU9: CU5 | AV9: CU5 | AW9: CU5 | AX9: CU5 | AY9: CU5 | AZ9: CU5 | BA9: CU5 | BB9: CU5 | BC9: CU5 | BD9: CU5 | BE9: CU5 | BF9: ROSS16_11(*,1)
B10: Assets
B11: Investments (other than assets held for index-linked and unit-linked contracts) | C11: Metric: Monetary|BC/Assets|AS/Property, plant and equipment, Cash, Derivatives, Bonds, Equity instruments, Participations and related undertakings, Deposits other than reinsurance deposits, Collective investments undertakings, Other investments|IO/Investment | D11: Neither unit-linked nor index-linked | E11: Material | F11: Other than reporting currency | G11: R0020 | BF11: ROSS16_11(*,3)
B12: Other assets: Property, plant & equipment held for own use, Cash and cash equivalents, Loans on policies, Loans & mortgages to individuals and Other loans & mortgages (other than index-linked and unit-linked contracts) | C12: Metric: Monetary|BC/Assets|AS/Property, plant and equipment, Cash, Derivatives, Bonds, Equity instruments, Participations and related undertakings, Deposits other than reinsurance deposits, Collective investments undertakings, Other investments, Loans and mortgages|IO/Other than investment | D12: Neither unit-linked nor index-linked | E12: Material | F12: Other than reporting currency | G12: R0030 | BF12: ROSS16_11(*,4)
B13: Assets held for index-linked and unit-linked contracts | C13: Metric: Monetary|BC/Assets|AS/Property, plant and equipment, Cash, Derivatives, Bonds, Equity instruments, Participations and related undertakings, Deposits other than reinsurance deposits, Collective investments undertakings, Other investments|IO/Investment | D13: Unit-linked or index-linked | E13: Material | F13: Other than reporting currency | G13: R0040 | BF13: ROSS16_11(*,5)
B14: Reinsurance recoverables | D14: Metric: Monetary|BC/Assets|AS/Recoverables recognised for TP calculation|IO/Other than investment, own use, own instruments held directly and cash and cash equivalents|CC/Ceded | E14: Material | F14: Other than reporting currency | G14: R0050 | BF14: ROSS16_11(*,6)
B15: Deposits to cedants, insurance and intermediaries receivables and reinsurance receivables | D15: Metric: Monetary|BC/Assets|AS/Reinsurance deposits and receivables/payables [insurance/reinsurance related]|IO/Other than investment, own use, own instruments held directly and cash and cash equivalents | E15: Material | F15: Other than reporting currency | G15: R0060 | BF15: ROSS16_11(*,7)
B16: Any other assets | D16: Metric: Monetary|BC/Assets|AS/Other than property, plant and equipment, financial [other than receivables/payables insurance/reinsurance related, recoverables recognised for TP calculation and reinsurance deposits]|IO/Other than investment, cash and cash equivalents and own use | E16: Material | F16: Other than reporting currency | G16: R0070 | BF16: ROSS16_11(*,8)
B17: Total assets | D17: Metric: Monetary|BC/Assets | E17: Material | F17: Other than reporting currency | G17: R0100 | H17: =SUM(H11:H16) -> 0 | I17: =SUM(I11:I16) -> 0 | J17: =SUM(J11:J16) -> 0 | K17: =SUM(K11:K16) -> 0 | L17: =SUM(L11:L16) -> 0 | M17: =SUM(M11:M16) -> 0 | N17: =SUM(N11:N16) -> 0 | O17: =SUM(O11:O16) -> 0 | ... BE17: =SUM(BE11:BE16) -> 0 | BF17: ROSS16_11(*,2)
B18: Liabilities
B19: Technical provisions (excluding index-linked and unit-linked contracts) | C19: Metric: Monetary|BC/Liability|LB/Gross technical provisions [other than local GAAP specific] | D19: Neither unit-linked nor index-linked | E19: Material | F19: Other than reporting currency | G19: R0110 | BF19: ROSS16_21(*,3)
B20: Technical provisions - index-linked and unit-linked contracts | C20: Metric: Monetary|BC/Liability|LB/Gross technical provisions [other than local GAAP specific] | D20: Unit-linked or index-linked | E20: Material | F20: Other than reporting currency | G20: R0120 | BF20: ROSS16_21(*,4)
B21: Deposits from reinsurers and insurance, intermediaries and reinsurance payables | D21: Metric: Monetary|BC/Liability|LB/Reinsurance deposits and receivables/payables [insurance/reinsurance related] | E21: Material | F21: Other than reporting currency | G21: R0130 | BF21: ROSS16_21(*,5)
B22: Derivatives | D22: Metric: Monetary|BC/Liability|LB/Derivatives | E22: Material | F22: Other than reporting currency | G22: R0140 | BF22: ROSS16_21(*,6)
B23: Financial liabilities | D23: Metric: Monetary|BC/Liability|LB/Debt instruments [not subordinated] | E23: Material | F23: Other than reporting currency | G23: R0150 | BF23: ROSS16_21(*,7)
B24: Contingent liabilities | D24: Metric: Monetary|BC/Liability|LB/Contingent | E24: Material | F24: Other than reporting currency | G24: R0160 | BF24: ROSS16_21(*,8)
B25: Any other liabilities | D25: Metric: Monetary|BC/Liability|LB/Other than technical provisions, contingent, derivatives, debt instruments [not subordinated], reinsurance deposits and receivables/payables [insurance/reinsurance related] | E25: Material | F25: Other than reporting currency | G25: R0170 | BF25: ROSS16_21(*,9)
B26: Total liabilities | D26: Metric: Monetary|BC/Liability | E26: Material | F26: Other than reporting currency | G26: R0200 | H26: =SUM(H19:H24) -> 0 | I26: =SUM(I19:I24) -> 0 | J26: =SUM(J19:J24) -> 0 | K26: =SUM(K19:K24) -> 0 | L26: =SUM(L19:L24) -> 0 | M26: =SUM(M19:M24) -> 0 | N26: =SUM(N19:N24) -> 0 | O26: =SUM(O19:O24) -> 0 | ... BE26: =SUM(BE19:BE24) -> 0 | BF26: ROSS16_21(*,2)

Sheet S.03.01.01.01
A1: Zpět na obsah | B1: S.03.01.01.01 - Value of guarantee / collateral / contingent liabilities | H1: Mapování na DISS11_11 část I.
F4: *UNITREF=CZK, *DECIMALS=-1
F6: Maximum value | G6: Value of guarantee / collateral / contingent liabilities | H6: Maximum value | I6: Value of guarantee / collateral / contingent liabilities
F7: Maximum value | H7: Maximum value
F8: Solvency II | G8: Solvency II | H8: Solvency II | I8: Solvency II
F9: C0010 | G9: C0020 | H9: C0010 | I9: C0020
B10: Guarantees provided by the undertaking, including letters of credit | D10: Metric: Monetary|BC/Off-balance sheet|OB/Guarantees and letters of credit given | E10: R0010 | H10: DISS11_11(1,1) | I10: DISS11_11(1,2)
B11: Of which, guarantees, including letters of credit provided to other undertakings of the same group | D11: Metric: Monetary|BC/Off-balance sheet|RO/Belonging to the same group|OB/Guarantees and letters of credit given | E11: R0020 | H11: DISS11_11(2,1) | I11: DISS11_11(2,2)
B12: Guarantees received by the undertaking, including letters of credit | D12: Metric: Monetary|BC/Off-balance sheet|OB/Guarantees and letters of credit received | E12: R0030 | H12: DISS11_11(3,1) | I12: DISS11_11(3,2)
B13: Of which, guarantees, including letters of credit received from other undertakings of the same group | D13: Metric: Monetary|BC/Off-balance sheet|RO/Belonging to the same group|OB/Guarantees and letters of credit received | E13: R0040 | H13: DISS11_11(4,1) | I13: DISS11_11(4,2)
B14: Collateral held
B15: Collateral held for loans made or bonds purchased | D15: Metric: Monetary|BC/Off-balance sheet|AS/Loans and bonds|OB/Collateral held | E15: R0100 | I15: DISS11_11(6,2)
B16: Collateral held for derivatives | D16: Metric: Monetary|BC/Off-balance sheet|AS/Derivatives|OB/Collateral held | E16: R0110 | I16: DISS11_11(7,2)
B17: Assets pledged by reinsurers for ceded technical provisions | D17: Metric: Monetary|BC/Off-balance sheet|AS/Reinsurance deposits|OB/Collateral held|CC/Ceded | E17: R0120 | I17: DISS11_11(8,2)
B18: Other collateral held | D18: Metric: Monetary|BC/Off-balance sheet|AS/Other than loans, bonds, derivatives and reinsurance deposits|OB/Collateral held | E18: R0130 | I18: DISS11_11(9,2)
B19: Total collateral held | D19: Metric: Monetary|BC/Off-balance sheet|OB/Collateral held | E19: R0200 | G19: =G15+G16+G17+G18 -> 0 | I19: DISS11_11(5,2)
B20: Collateral pledged
B21: Collateral pledged for loans received or bonds issued | D21: Metric: Monetary|BC/Off-balance sheet|LB/Debt instruments [not subordinated]|OB/Collateral pledged | E21: R0210 | I21: DISS11_11(11,2)
B22: Collateral pledged for derivatives | D22: Metric: Monetary|BC/Off-balance sheet|LB/Derivatives|OB/Collateral pledged | E22: R0220 | I22: DISS11_11(12,2)
B23: Assets pledged to cedants for technical provisions (reinsurance accepted) | C23: Metric: Monetary|BC/Off-balance sheet|LB/Reinsurance deposits|OB/Collateral pledged | D23: Reinsurance accepted | E23: R0230 | I23: DISS11_11(13,2)
B24: Other collateral pledged | D24: Metric: Monetary|BC/Off-balance sheet|LB/Other than debt instruments [not subordinated], derivatives and reinsurance deposit|OB/Collateral pledged | E24: R0240 | I24: DISS11_11(14,2)
B25: Total collateral pledged | D25: Metric: Monetary|BC/Off-balance sheet|OB/Collateral pledged | E25: R0300 | G25: =G21+G22+G23+G24 -> 0 | I25: DISS11_11(10,2)
B26: Contingent liabilities
B27: Contingent liabilities not in Solvency II Balance Sheet | D27: Metric: Monetary|BC/Off-balance sheet|OB/Contingent liabilities | E27: R0310 | H27: DISS11_11(16,1) | I27: DISS11_11(16,2)
B28: Of which contingent liabilities toward entities of the same group | D28: Metric: Monetary|BC/Off-balance sheet|RO/Belonging to the same group|OB/Contingent liabilities | E28: R0320 | H28: DISS11_11(16,1)
B29: Contingent liabilities in Solvency II Balance Sheet | D29: Metric: Monetary|BC/Liability|LB/Contingent [for which maximum value is identified] | E29: R0330 | H29: DISS11_11(18,1) | I29: DISS11_11(18,2)
B30: Total Contingent liabilities | D30: Metric: Monetary|BC/Liability and Off-balance sheet liabilities|LB/Contingent|OB/Contingent liabilities | E30: R0400 | F30: =F27+F29 -> 0 | H30: DISS11_11(15,1)

Sheet S.03.01.01.02
A1: Zpět na obsah | B1: S.03.01.01.02 - Value of guaranteed assets and liabilities | H1: Mapování na DISS11_11 část II.
F4: *UNITREF=CZK, *DECIMALS=-1
F6: Value of assets for which collateral is held | G6: Value of liabilities for which collateral is pledged | H6: Value of assets for which collateral is held | I6: Value of liabilities for which collateral is pledged
F7: Collateralized assets value | G7: Collateralized liabilities value | H7: Collateralized assets value | I7: Collateralized liabilities value
F8: Solvency II | G8: Solvency II | H8: Solvency II | I8: Solvency II
F9: C0030 | G9: C0040 | H9: C0030 | I9: C0040
B10: Collateral held
B11: Collateral held for loans made or bonds purchased | D11: Metric: Monetary|BC/Assets|AS/Loans and bonds|OB/Collateral held | E11: R0100 | H11: DISS11_11(6,3)
B12: Collateral held for derivatives | D12: Metric: Monetary|BC/Assets|AS/Derivatives|OB/Collateral held | E12: R0110 | H12: DISS11_11(7,3)
B13: Assets pledged by reinsurers for ceded technical provisions | D13: Metric: Monetary|BC/Assets|AS/Reinsurance deposits|OB/Collateral held|CC/Ceded | E13: R0120 | H13: DISS11_11(8,3)
B14: Other collateral held | D14: Metric: Monetary|BC/Assets|AS/Other than loans, bonds, derivatives and reinsurance deposits|OB/Collateral held | E14: R0130 | H14: DISS11_11(9,3)
B15: Total collateral held | D15: Metric: Monetary|BC/Assets|OB/Collateral held | E15: R0200 | F15: =F11+F12+F13+F14 -> 0 | H15: DISS11_11(5,3)
B16: Collateral pledged
B17: Collateral pledged for loans received or bonds issued | D17: Metric: Monetary|BC/Liability|LB/Debt instruments [not subordinated]|OB/Collateral pledged | E17: R0210 | I17: DISS11_11(11,4)
B18: Collateral pledged for derivatives | D18: Metric: Monetary|BC/Liability|LB/Derivatives|OB/Collateral pledged | E18: R0220 | I18: DISS11_11(12,4)
B19: Assets pledged to cedants for technical provisions (reinsurance accepted) | C19: Metric: Monetary|BC/Liability|LB/Reinsurance deposits|OB/Collateral pledged | D19: Reinsurance accepted | E19: R0230 | I19: DISS11_11(13,4)
B20: Other collateral pledged | D20: Metric: Monetary|BC/Liability|LB/Other than debt instruments [not subordinated], derivatives and reinsurance deposit|OB/Collateral pledged | E20: R0240 | I20: DISS11_11(14,4)
B21: Total collateral pledged | D21: Metric: Monetary|BC/Liability|OB/Collateral pledged | E21: R0300 | G21: =G17+G18+G19+G20 -> 0 | I21: DISS11_11(10,4)

Sheet S.03.02.01.01
A1: Zpět na obsah | B1: S.03.02.01.01 - List of unlimited guarantees received by the undertaking | L1: Mapování na DISS16_11 | P1: Převodní můstek číselníky
F4: Pole C0030 musí být vyplněno ve formátu LEI/code. Pokud nastane situace, kdy LEI není k dispozici uvede se None
D6: Code of guarantee | E6: Name of provider of guarantee | F6: Code and type of code of provider of guarantee | G6: Provider of guarantee belonging to the same group | H6: Triggering event(s) of guarantee | I6: Specific triggering event(s) of guarantee | J6: Effective date of guarantee | K6: Ancillary Own Funds | L6: Code of guarantee | M6: Name of provider of guarantee | N6: Code and type of code of provider of guarantee | O6: Provider of guarantee belonging to the same group | P6: Triggering event(s) of guarantee | Q6: Specific triggering event(s) of guarantee | R6: Effective date of guarantee | S6: Ancillary Own Funds
D7: Code of guarantee | E7: Metric: String|OB/Unlimited guarantees and letters of credit received|TS/Name of collateral/guarantee provider | F7: Metric: String|OB/Unlimited guarantees and letters of credit received|TS/Code of provider of guarantee | G7: Metric: Provider of guarantee belonging to the same group | H7: Metric: Types of triggering events of guarantee (guarantees received) | I7: Metric: String|OB/Unlimited guarantees and letters of credit received|TS/Description of trigger event | J7: Metric: Date|OB/Unlimited guarantees and letters of credit received|TD/Application date of guarantee | K7: Metric: Ancillary Own Funds|OB/Unlimited guarantees and letters of credit received | L7: DISS16_11(*,2) | M7: DISS16_11(*,3) | N7: DISS16_11(*,4) | O7: DISS16_11(*,5) | P7: DISS16_11(*,6) | Q7: DISS16_11(*,7) | R7: DISS16_11(*,8) | S7: DISS16_11(*,9)
D8: C0010 | E8: C0020 | F8: C0030 | G8: C0050 | H8: C0060 | I8: C0070 | J8: C0080 | K8: C0090 | L8: C0010 | M8: C0020 | N8: C0030 | O8: C0050 | P8: C0060 | Q8: C0070 | R8: C0080 | S8: C0090
B9: Dynamic | C9: 1.1 | D9: ID | E9: xbrli_stringItemType | F9: xbrli_stringItemType | G9: CS11 | H9: LT1 | I9: xbrli_stringItemType | J9: xbrli_dateItemType | K9: EL7 | L9: an80 | M9: an80 | N9: R_LEI_EX | O9: D_S_AN1 | P9: Z_ZARUKA | Q9: an_250 | R9: d8 | S9: Z_KAPITAL
C10: 1.2 | F10: LEI/code
C11: 1.3 | F11: None
C12: 1.4
C13: 1.5
C14: 1.6
C15: 1.7
C16: 1.8
C17: 1.9
C18: 1.10
C19: 1.11
C20: 1.12
C21: 1.13
C22: 1.14
C23: 1.15
... C108: 1.100

Sheet S.03.03.01.01
A1: Zpět na obsah | B1: S.03.03.01.01 - List of unlimited guarantees provided by the undertaking | L1: Mapování DISS21_11 | P1: Převodní můstek číselníky
F4: Pole C0030 musí být vyplněno ve formátu LEI/code. Pokud nastane situace, kdy LEI není k dispozici uvede se None
D6: Code of guarantee | E6: Name of receiver of guarantee | F6: Code and type of code of receiver of guarantee | G6: Receiver of guarantee belonging to the same group | H6: Triggering event(s) of guarantee | I6: Estimation of the maximum value of guarantee | J6: Specific triggering event(s) of guarantee | K6: Effective date of guarantee | L6: Code of guarantee | M6: Name of receiver of guarantee | N6: Code and type of code of receiver of guarantee | O6: Receiver of guarantee belonging to the same group | P6: Triggering event(s) of guarantee | Q6: Estimation of the maximum value of guarantee | R6: Specific triggering event(s) of guarantee | S6: Effective date of guarantee
D7: Code of guarantee | E7: Metric: String|OB/Unlimited guarantees and letters of credit given|TS/Name of receiver of guarantee | F7: Metric: String|OB/Unlimited guarantees and letters of credit given|TS/Code of receiver of guarantee | G7: Metric: Receiver of guarantee belonging to the same group | H7: Metric: Types of triggering events of guarantee (guarantees given) | I7: Metric: Monetary|TA/Maximum value|VG/Solvency II|BC/Off-balance sheet|OB/Unlimited guarantees and letters of credit given | J7: Metric: String|OB/Unlimited guarantees and letters of credit given|TS/Description of trigger event | K7: Metric: Date|OB/Unlimited guarantees and letters of credit given|TD/Application date of guarantee | L7: DISS21_11(*,2) | M7: DISS21_11(*,3) | N7: DISS21_11(*,4) | O7: DISS21_11(*,5) | P7: DISS21_11(*,6) | Q7: DISS21_11(*,7) | R7: DISS21_11(*,8) | S7: DISS21_11(*,9)
D8: C0010 | E8: C0020 | F8: C0030 | G8: C0050 | H8: C0060 | I8: C0070 | J8: C0080 | K8: C0090 | L8: C0010 | M8: C0020 | N8: C0030 | O8: C0050 | P8: C0060 | Q8: C0070 | R8: C0080 | S8: C0090
B9: Dynamic | C9: 1.1 | D9: ID | E9: xbrli_stringItemType | F9: xbrli_stringItemType | G9: CS11 | H9: LT1 | I9: xbrli_monetaryItemType | J9: xbrli_stringItemType | K9: xbrli_dateItemType | L9: an80 | M9: an80 | N9: R_LEI_EX | O9: D_S_AN1 | P9: Z_ZARUKA | Q9: nS14_2 | R9: an_250 | S9: d8
C10: 1.2 | F10: LEI/code
C11: 1.3 | F11: None
C12: 1.4
C13: 1.5
C14: 1.6
C15: 1.7
C16: 1.8
C17: 1.9
C18: 1.10
C19: 1.11
C20: 1.12
C21: 1.13
C22: 1.14
C23: 1.15
... C108: 1.100

Sheet S.04.01.01.01.1
A1: Zpět na obsah | B1: S.04.01.01.01 - S.04.01.01.01 Undertaking and all branches | M1: Mapování na DISS26_11 | R1: Převodní můstek číselníky
D3: VG.x84 - Statutory accounts | F3: !Pro každý relevantní Lob (Z0010) samostatná karta - S.04.01.01.01.1 až X ( šablona automaticky generuje 5 karet) . | N3: Ve starém systému SDNS místo karty, byla datová oblast řešena prostřednictvím dynamického řádku, tj všechny relevantní proměnné byly v jedné tabulce.
B5: Line of business | D5: BL.LB52 - Line of business [general] | E5: Z0010 | F5: LB52 | M5: Z0010 | N5: DISS26_11(*,1) | O5: BA0812 | P5: D_S_NEZZIVZDR_2
F6: *UNITREF=CZK, *DECIMALS=-1
F7: Undertaking | I7: All EEA members | L7: Total business underwritten by all non-EEA branches | N7: Undertaking | Q7: All EEA members | T7: Total business underwritten by all non-EEA branches
F8: Business underwritten in the home country, by the undertaking | G8: Business underwritten through FPS, by the undertaking in the EEA countries different from the home country | H8: Business underwritten through FPS in the home country, by any EEA branch | I8: Total business underwritten by all EEA branches in the country where they are established | J8: Total business underwritten through FPS, by all EEA branches | K8: Total of the business underwritten through FPS by the undertaking and all EEA branches | N8: Business underwritten in the home country, by the undertaking | O8: Business underwritten through FPS, by the undertaking in the EEA countries different from the home country | P8: Business underwritten through FPS in the home country, by any EEA branch | Q8: Total business underwritten by all EEA branches in the country where they are established | R8: Total business underwritten through FPS, by all EEA branches | S8: Total of the business underwritten through FPS by the undertaking and all EEA branches
H9: LA.x24 - Home country | I9: LA.x75 - Local | J9: LA.x77 - Not local [EEA] | K9: LA.x76 - Not local | P9: LA.x24 - Home country | Q9: LA.x75 - Local | R9: LA.x77 - Not local [EEA] | S9: LA.x76 - Not local
F10: LA.x24 - Home country | G10: LA.x15 - EEA countries [other than home country] | H10: LR.x14 - EEA | I10: LR.x14 - EEA | J10: LR.x14 - EEA | K10: LR.x14 - EEA | L10: LR.x42 - Not EEA countries | N10: LA.x24 - Home country | O10: LA.x15 - EEA countries [other than home country] | P10: LR.x14 - EEA | Q10: LR.x14 - EEA | R10: LR.x14 - EEA | S10: LR.x14 - EEA | T10: LR.x42 - Not EEA countries
F11: TZ.x175 - Typical undertaking activity | G11: TZ.x32 - Freedom to provide services by undertaking | H11: TZ.x162 - Freedom to provide services by the branch | I11: TZ.x169 - Typical branch activity | J11: TZ.x162 - Freedom to provide services by the branch | K11: TZ.x163 - Freedom to provide services [FPS] and Freedom to provide services by the branches | L11: TZ.x13 - Branch | N11: TZ.x175 - Typical undertaking activity | O11: TZ.x32 - Freedom to provide services by undertaking | P11: TZ.x162 - Freedom to provide services by the branch | Q11: TZ.x169 - Typical branch activity | R11: TZ.x162 - Freedom to provide services by the branch | S11: TZ.x163 - Freedom to provide services [FPS] and Freedom to provide services by the branches | T11: TZ.x13 - Branch
F12: C0010 | G12: C0020 | H12: C0030 | I12: C0040 | J12: C0050 | K12: C0060 | L12: C0070 | N12: C0010 | O12: C0020 | P12: C0030 | Q12: C0040 | R12: C0050 | S12: C0060 | T12: C0070
B13: Premiums written | C13: mi503 - Metric: Monetary|BC/Premiums written | D13: IZ.x1 - Accepted during the period | E13: R0020 | G13: =K13-J13+-H13 -> 0 | I13: =+S.04.01.01.02.1!F13 -> 0 | J13: =+S.04.01.01.02.1!G13 -> 0 | K13: =SUM(S.04.01.01.03.1!H12:'S.04.01.01.03.1'!AA12) -> 0 | M13: R0020 /P0651=20 | N13: DISS26_11(*,3,P0651=20) | O13: DISS26_11(*,4,P0651=20) | P13: DISS26_11(*,5,P0651=20) | Q13: DISS26_11(*,6,P0651=20) | R13: DISS26_11(*,7,P0651=20) | S13: DISS26_11(*,8,P0651=20) | T13: DISS26_11(*,9,P0651=20)
B14: Claims incurred | D14: mi281 - Metric: Monetary|BC/Claims incurred | E14: R0030 | I14: =+S.04.01.01.02.1!F14 -> 0 | J14: =+S.04.01.01.02.1!G14 -> 0 | M14: R0030/P0651=30 | N14: DISS26_11(*,3,P0651=30) | O14: DISS26_11(*,4,P0651=30) | Q14: DISS26_11(*,6,P0651=30) | R14: DISS26_11(*,7,P0651=30) | T14: DISS26_11(*,9,P0651=30)
B15: Commissions | D15: mi325 - Metric: Monetary|BC/Expenses|TE/Commissions | E15: R0040 | I15: =+S.04.01.01.02.1!F15 -> 0 | J15: =+S.04.01.01.02.1!G15 -> 0 | M15: R0040/P0651=40 | N15: DISS26_11(*,3,P0651=40) | O15: DISS26_11(*,4,P0651=40) | Q15: DISS26_11(*,6,P0651=40) | R15: DISS26_11(*,7,P0651=40) | T15: DISS26_11(*,9,P0651=40)
F25: ;

Sheet S.04.01.01.02.1
A1: Zpět na obsah | B1: S.04.01.01.02 - S.04.01.01.02 By EEA member (location of the branch) | H1: Mapování na DISS26_12 ( část I.) | M1: Převodní můstek číselníky
F2: !Pro každou relevantní kombinaci Lob (Z0010) a EEA zemi (R0010) je samostatná karta - S.04.01.01.01.1 až X ( šablona z SDAT automaticky generuje 5 karet) | I2: Ve starém systému SDNS místo karty, byla datová oblast řešena prostřednictvím dynamického řádku, tj všechny relevantní proměnné byly v jedné tabulce.
D3: VG.x84 - Statutory accounts
B5: Line of business | D5: BL.LB52 - Line of business [general] | E5: Z0010 | F5: LB52 | H5: Z0010 | I5: DISS26_12(*,2) | J5: BA0812 | K5: D_S_NEZZIVZDR_2
B6: EEA member | D6: LR.GA13 - Location of the branch | E6: R0010 | F6: GA13 | H6: R0010 | I6: DISS26_12(*,1) | J6: BA0025 | K6: D_S_EHP_2
F7: *UNITREF=CZK, *DECIMALS=-1
F8: By EEA member | I8: By EEA member
F9: Business underwritten in the considered country, by the EEA branch established in this country | G9: Business underwritten through FPS, by the EEA branch established in the considered country | I9: Business underwritten in the considered country, by the EEA branch established in this country | J9: Business underwritten through FPS, by the EEA branch established in the considered country
F10: LA.x75 - Local | G10: LA.x77 - Not local [EEA] | I10: LA.x75 - Local | J10: LA.x77 - Not local [EEA]
F11: TZ.x169 - Typical branch activity | G11: TZ.x162 - Freedom to provide services by the branch | I11: TZ.x169 - Typical branch activity | J11: TZ.x162 - Freedom to provide services by the branch
F12: C0080 | G12: C0090 | I12: C0080 | J12: C0090
B13: Premiums written | C13: mi503 - Metric: Monetary|BC/Premiums written | D13: IZ.x1 - Accepted during the period | E13: R0020 | H13: R0020 /P0651=20 | I13: DISS26_12(*,4,P0651=20) | J13: DISS26_12(*,5,P0651=20)
B14: Claims incurred | D14: mi281 - Metric: Monetary|BC/Claims incurred | E14: R0030 | H14: R0030/P0651=30 | I14: DISS26_12(*,4,P0651=30) | J14: DISS26_12(*,5,P0651=30)
B15: Commissions | D15: mi325 - Metric: Monetary|BC/Expenses|TE/Commissions | E15: R0040 | H15: R0040/P0651=40 | I15: DISS26_12(*,4,P0651=40) | J15: DISS26_12(*,5,P0651=40)

Sheet S.04.01.01.03.1
A1: Zpět na obsah | B1: S.04.01.01.03 - By EEA member (localization of activity [based on place of underwriting]) | AB1: Mapování na DISS26_12 ( část II.) | AG1: Převodní můstek číselníky
H2: !Pro každou relevantní kombinaci Lob (Z0010) a EEA zemi (R0010) je samostatná karta - S.04.01.01.01.1 až X ( šablona z SDAT automaticky generuje 5 karet) | AC2: Ve starém systému SDNS místo karty, byla datová oblast řešena prostřednictvím dynamického řádku, tj všechny relevantní proměnné byly v jedné tabulce.
F3: VG.x84 - Statutory accounts
B5: Line of business | F5: BL.LB52 - Line of business [general] | G5: Z0010 | H5: LB52 | AB5: Z0010 | AC5: DISS26_12(*,2) | AD5: BA0812 | AE5: D_S_NEZZIVZDR_2
H7: By EEA member | AC7: By EEA member
H8: Business underwritten in the considered country through FPS, by the undertaking or any EEA branch | AC8: Business underwritten in the considered country through FPS, by the undertaking or any EEA branch
H9: Dynamic | AC9: Dynamic
H10: C0100.1 | I10: C0100.2 | J10: C0100.3 | K10: C0100.4 | L10: C0100.5 | M10: C0100.6 | N10: C0100.7 | O10: C0100.8 | P10: C0100.9 | Q10: C0100.10 | R10: C0100.11 | S10: C0100.12 | T10: C0100.13 | U10: C0100.14 | V10: C0100.15 | W10: C0100.16 | X10: C0100.17 | Y10: C0100.18 | Z10: C0100.19 | AA10: C0100.20 | AC10: C0100
B11: EEA member | F11: LA - Localization of activity [based on place of underwriting] | G11: R0010 | H11: s2c_GA:CZ (CZECHIA) | I11: GA13 | J11: GA13 | K11: GA13 | L11: GA13 | M11: GA13 | N11: GA13 | O11: GA13 | P11: GA13 | Q11: GA13 | R11: GA13 | S11: GA13 | T11: GA13 | U11: GA13 | V11: GA13 | W11: GA13 | X11: GA13 | Y11: GA13 | Z11: GA13 | AA11: GA13 | AB11: R0010 | AC11: DISS26_12(*,1) BA0025 D_S_EHP_2
B12: Premiums written | C12: mi503 - Metric: Monetary|BC/Premiums written | D12: IZ.x1 - Accepted during the period | E12: LR.x14 - EEA | F12: TZ.x163 - Freedom to provide services [FPS] and Freedom to provide services by the branches | G12: R0020 | AB12: R0020 /P0651=20 | AC12: DISS26_12(*,6,P0651=20)
B13: Claims incurred | G13: R0030 | AB13: R0030/P0651=30
B14: Commissions | G14: R0040 | AB14: R0040/P0651=40
H16: Relevanntí EEA země (bez CZ/domovská země)je v této datové oblasti řešena přes dynamický sloupec (C0110.1-X), systém SDAT pro šablonu generuje automaticky dvacet sloupců.

Sheet S.04.01.01.04.1
A1: Zpět na obsah | B1: S.04.01.01.04 - S.04.01.01.04 By material non-EEA member | AB1: Mapování na DISS26_13 | AG1: Převodní můstek číselníky
H2: !Pro každou relevantní kombinaci Lob (Z0010) a EEA zemi (R0010) je samostatná karta - S.04.01.01.01.1 až X ( šablona z SDAT automaticky generuje 5 karet) | AC2: Ve starém systému SDNS místo karty, byla datová oblast řešena prostřednictvím dynamického řádku, tj všechny relevantní proměnné byly v jedné tabulce.
F3: VG.x84 - Statutory accounts
B5: Line of business | F5: BL.LB52 - Line of business [general] | G5: Z0010 | H5: LB52 | AB5: Z0010 | AC5: DISS26_13(*,2) | AD5: BA0812 | AE5: D_S_NEZZIVZDR_2
H7: By EEA member | AC7: By EEA member
H8: Business underwritten in the considered country through FPS, by the undertaking or any EEA branch | AC8: Business underwritten in the considered country through FPS, by the undertaking or any EEA branch
H9: Dynamic | AC9: Dynamic
H10: C0110.1 | I10: C0110.2 | J10: C0110.3 | K10: C0110.4 | L10: C0110.5 | M10: C0110.6 | N10: C0110.7 | O10: C0110.8 | P10: C0110.9 | Q10: C0110.10 | R10: C0110.11 | S10: C0110.12 | T10: C0110.13 | U10: C0110.14 | V10: C0110.15 | W10: C0110.16 | X10: C0110.17 | Y10: C0110.18 | Z10: C0110.19 | AA10: C0110.20 | AC10: C0100
B11: Non-EEA member | F11: LA - Localization of activity [based on place of underwriting] | G11: R0010 | H11: GA14 | I11: GA14 | J11: GA14 | K11: GA14 | L11: GA14 | M11: GA14 | N11: GA14 | O11: GA14 | P11: GA14 | Q11: GA14 | R11: GA14 | S11: GA14 | T11: GA14 | U11: GA14 | V11: GA14 | W11: GA14 | X11: GA14 | Y11: GA14 | Z11: GA14 | AA11: GA14 | AB11: R0010 | AC11: DISS26_12(*,1) BA0025 D_S_EHP_2
B12: Premiums written | C12: mi503 - Metric: Monetary|BC/Premiums written | D12: IZ.x1 - Accepted during the period | E12: LR.x14 - EEA | F12: TZ.x163 - Freedom to provide services [FPS] and Freedom to provide services by the branches | G12: R0020 | AB12: R0020 /P0651=20 | AC12: DISS26_13(*,4,P0651=20)
B13: Claims incurred | G13: R0030 | AB13: R0030/P0651=30 | AC13: DISS26_13(*,4,P0651=30)
B14: Commissions | G14: R0040 | AB14: R0040/P0651=40 | AC14: DISS26_13(*,4,P0651=40)
H16: Relevanntí měna je v této datové oblasti řešena přes dynamický sloupec (C0110.1-X), systém SDAT pro šablonu generuje automaticky dvacet sloupců.

Sheet S.04.02.01.01
A1: Zpět na obsah | B1: S.04.02.01.01 - S.04.02.01.01 Information on class 10 in Part A of Annex I of Solvency II Directive, excluding carrier's liability. Part 1 | H1: Mapování na DISS31_11
G6: Undertaking | H6: Undertaking
G7: FPS | H7: FPS
G8: LA.x15 - EEA countries [other than home country] | H8: LA.x15 - EEA countries [other than home country]
G9: TZ.x32 - Freedom to provide services by undertaking | H9: TZ.x32 - Freedom to provide services by undertaking
G10: C0010 | H10: C0010
B11: Frequency of claims for Motor Vehicle Liability (except carrier's liability) | E11: ri2483 - Metric: Decimal|CB/Motor vehicle liability insurance [except carrier's liability]|NT/Frequency of claims | F11: R0020 | H11: DISS31_11(1,1)
B12: Average cost of claims for Motor Vehicle Liability (except carrier's liability) | C12: mi1820 - Metric: Monetary|BC/Cost of claims|CB/Motor vehicle liability insurance [except carrier's liability] | D12: TA.x10 - Average | E12: VG.x84 - Statutory accounts | F12: R0030 | H12: DISS31_11(2,1)

Sheet S.04.02.01.02.1
A1: Zpět na obsah | B1: S.04.02.01.02 - S.04.02.01.02 Information on class 10 in Part A of Annex I of Solvency II Directive, excluding carrier's liability. Part 2 | I1: Mapování na DISS31_21 | K1: Převodní můstek číselníky
G3: !Pro každou relevantní EEA (R010) samostatná karta - S.04.02.01.02.1 až X ( šablona automaticky generuje 5 karet) . Jednotlivé země jsou v rozpadu součástí comboboxu GA13. | J3: Ve starém systému SDNS místo karty, byla datová oblast řešena prostřednictvím dynamického řádku, tj všechny relevantní proměnné byly v jedné tabulce.
B5: EEA member | E5: LG.GA13 - Localization of activity | F5: R0010 | G5: GA13 | I5: R0010 | J5: DISS31_21(*,2) | K5: BA0025 | L5: D_S_EHP_2
G7: By EEA Member | J7: By EEA Member
G8: Branch | H8: FPS | J8: Branch | K8: FPS
G9: LA.x75 - Local | H9: LA.x77 - Not local [EEA] | J9: LA.x75 - Local | K9: LA.x77 - Not local [EEA]
G10: LR.x14 - EEA | H10: LR.x14 - EEA | J10: LR.x14 - EEA | K10: LR.x14 - EEA
G11: TZ.x169 - Typical branch activity | H11: TZ.x162 - Freedom to provide services by the branch | J11: TZ.x169 - Typical branch activity | K11: TZ.x162 - Freedom to provide services by the branch
G12: C0020 | H12: C0030 | J12: C0020 | K12: C0030
B13: Frequency of claims for Motor Vehicle Liability (except carrier's liability) | E13: ri2483 - Metric: Decimal|CB/Motor vehicle liability insurance [except carrier's liability]|NT/Frequency of claims | F13: R0020 | I13: R0020 | J13: DISS31_21(*,3) | K13: DISS31_21(*,5)
B14: Average cost of claims for Motor Vehicle Liability (except carrier's liability) | C14: mi1820 - Metric: Monetary|BC/Cost of claims|CB/Motor vehicle liability insurance [except carrier's liability] | D14: TA.x10 - Average | E14: VG.x84 - Statutory accounts | F14: R0030 | I14: R0030 | J14: DISS31_21(*,4) | K14: DISS31_21(*,6)

Sheet S.05.01.01.01
A1: Zpět na obsah | B1: S.05.01.01.01 - S.05.01.01.01 Non-Life (direct business/accepted proportional reinsurance and accepted non-proportional reinsurance) | X1: Mapování na DISS36_11
D3: DI.x5 - Year to Date | E3: VG.x84 - Statutory accounts
G5: *UNITREF=CZK, *DECIMALS=-1 | Y5: *UNITREF=CZK, *DECIMALS=-1
G6: Line of Business for: non-life insurance and reinsurance obligations (direct business and accepted proportional reinsurance) | S6: Line of Business for: accepted non-proportional reinsurance | W6: Total | Y6: Line of Business for: non-life insurance and reinsurance obligations (direct business and accepted proportional reinsurance) | AK6: Line of Business for: accepted non-proportional reinsurance | AO6: Total
G7: Medical expense insurance | H7: Income protection insurance | I7: Workers' compensation insurance | J7: Motor vehicle liability insurance | K7: Other motor insurance | L7: Marine, aviation and transport insurance | M7: Fire and other damage to property insurance | N7: General liability insurance | O7: Credit and suretyship insurance | P7: Legal expenses insurance | Q7: Assistance | R7: Miscellaneous financial loss | S7: Health | T7: Casualty | U7: Marine, aviation, transport | V7: Property | Y7: Medical expense insurance | Z7: Income protection insurance | AA7: Workers' compensation insurance | AB7: Motor vehicle liability insurance | AC7: Other motor insurance | AD7: Marine, aviation and transport insurance | AE7: Fire and other damage to property insurance | AF7: General liability insurance | AG7: Credit and suretyship insurance | AH7: Legal expenses insurance | AI7: Assistance | AJ7: Miscellaneous financial loss | AK7: Health | AL7: Casualty | AM7: Marine, aviation, transport | AN7: Property
G8: BL.x69 - Medical expense insurance [direct business and accepted proportional reinsurance] | H8: BL.x52 - Income protection insurance [direct business and accepted proportional reinsurance] | I8: BL.x132 - Workers' compensation insurance [direct business and accepted proportional reinsurance] | J8: BL.x73 - Motor vehicle liability insurance [direct business and accepted proportional reinsurance] | K8: BL.x101 - Other motor insurance [direct business and accepted proportional reinsurance] | L8: BL.x66 - Marine, aviation and transport insurance [direct business and accepted proportional reinsurance] | M8: BL.x31 - Fire and other damage to property insurance [direct business and accepted proportional reinsurance] | N8: BL.x34 - General liability insurance [direct business and accepted proportional reinsurance] | O8: BL.x27 - Credit and suretyship insurance [direct business and accepted proportional reinsurance] | P8: BL.x59 - Legal expenses insurance [direct business and accepted proportional reinsurance] | Q8: BL.x12 - Assistance [direct business and accepted proportional reinsurance] | R8: BL.x70 - Miscellaneous financial loss [direct business and accepted proportional reinsurance] | S8: BL.x42 - Health [accepted non-proportional reinsurance] | T8: BL.x14 - Casualty [accepted non-proportional reinsurance] | U8: BL.x67 - Marine, aviation, transport [accepted non-proportional reinsurance] | V8: BL.x106 - Property [accepted non-proportional reinsurance] | W8: BL.x79 - Non-life and Health non-SLT | Y8: BL.x69 - Medical expense insurance [direct business and accepted proportional reinsurance] | Z8: BL.x52 - Income protection insurance [direct business and accepted proportional reinsurance] | AA8: BL.x132 - Workers' compensation insurance [direct business and accepted proportional reinsurance] | AB8: BL.x73 - Motor vehicle liability insurance [direct business and accepted proportional reinsurance] | AC8: BL.x101 - Other motor insurance [direct business and accepted proportional reinsurance] | AD8: BL.x66 - Marine, aviation and transport insurance [direct business and accepted proportional reinsurance] | AE8: BL.x31 - Fire and other damage to property insurance [direct business and accepted proportional reinsurance] | AF8: BL.x34 - General liability insurance [direct business and accepted proportional reinsurance] | AG8: BL.x27 - Credit and suretyship insurance [direct business and accepted proportional reinsurance] | AH8: BL.x59 - Legal expenses insurance [direct business and accepted proportional reinsurance] | AI8: BL.x12 - Assistance [direct business and accepted proportional reinsurance] | AJ8: BL.x70 - Miscellaneous financial loss [direct business and accepted proportional reinsurance] | AK8: BL.x42 - Health [accepted non-proportional reinsurance] | AL8: BL.x14 - Casualty [accepted non-proportional reinsurance] | AM8: BL.x67 - Marine, aviation, transport [accepted non-proportional reinsurance] | AN8: BL.x106 - Property [accepted non-proportional reinsurance] | AO8: BL.x79 - Non-life and Health non-SLT
G9: C0010 | H9: C0020 | I9: C0030 | J9: C0040 | K9: C0050 | L9: C0060 | M9: C0070 | N9: C0080 | O9: C0090 | P9: C0100 | Q9: C0110 | R9: C0120 | S9: C0130 | T9: C0140 | U9: C0150 | V9: C0160 | W9: C0200 | Y9: C0010 | Z9: C0020 | AA9: C0030 | AB9: C0040 | AC9: C0050 | AD9: C0060 | AE9: C0070 | AF9: C0080 | AG9: C0090 | AH9: C0100 | AI9: C0110 | AJ9: C0120 | AK9: C0130 | AL9: C0140 | AM9: C0150 | AN9: C0160 | AO9: C0200
B10: Premiums written
B11: Gross - Direct Business | C11: mi503 - Metric: Monetary|BC/Premiums written | D11: IZ.x1 - Accepted during the period | E11: TB.x28 - Direct Business | F11: R0110 | W11: =SUM(G11:R11) -> 0 | X11: R0110 | Y11: DISS36_11(1,2) | Z11: DISS36_11(1,3) | AA11: DISS36_11(1,4) | AB11: DISS36_11(1,5) | AC11: DISS36_11(1,6) | AD11: DISS36_11(1,7) | AE11: DISS36_11(1,8) | AF11: DISS36_11(1,9) | AG11: DISS36_11(1,10) | AH11: DISS36_11(1,11) | AI11: DISS36_11(1,12) | AJ11: DISS36_11(1,13) | AO11: DISS36_11(1,1)
B12: Gross - Proportional reinsurance accepted | C12: mi503 - Metric: Monetary|BC/Premiums written | D12: IZ.x1 - Accepted during the period | E12: TB.x107 - Proportional reinsurance accepted | F12: R0120 | W12: =SUM(G12:R12) -> 0 | X12: R0120 | Y12: DISS36_11(2,2) | Z12: DISS36_11(2,3) | AA12: DISS36_11(2,4) | AB12: DISS36_11(2,5) | AC12: DISS36_11(2,6) | AD12: DISS36_11(2,7) | AE12: DISS36_11(2,8) | AF12: DISS36_11(2,9) | AG12: DISS36_11(2,10) | AH12: DISS36_11(2,11) | AI12: DISS36_11(2,12) | AJ12: DISS36_11(2,13) | AO12: DISS36_11(2,1)
B13: Gross - Non-proportional reinsurance accepted | C13: mi503 - Metric: Monetary|BC/Premiums written | D13: IZ.x1 - Accepted during the period | E13: TB.x88 - Non-proportional reinsurance accepted | F13: R0130 | W13: =SUM(S13:V13) -> 0 | X13: R0130 | AK13: DISS36_11(3,14) | AL13: DISS36_11(3,15) | AM13: DISS36_11(3,16) | AN13: DISS36_11(3,17) | AO13: DISS36_11(3,1)
B14: Reinsurers' share | D14: mi504 - Metric: Monetary|BC/Premiums written|CC/Ceded | E14: IZ.x1 - Accepted during the period | F14: R0140 | W14: =SUM(G14:V14) -> 0 | X14: R0140 | Y14: DISS36_11(4,2) | Z14: DISS36_11(4,3) | AA14: DISS36_11(4,4) | AB14: DISS36_11(4,5) | AC14: DISS36_11(4,6) | AD14: DISS36_11(4,7) | AE14: DISS36_11(4,8) | AF14: DISS36_11(4,9) | AG14: DISS36_11(4,10) | AH14: DISS36_11(4,11) | AI14: DISS36_11(4,12) | AJ14: DISS36_11(4,13) | AK14: DISS36_11(4,14) | AL14: DISS36_11(4,15) | AM14: DISS36_11(4,16) | AN14: DISS36_11(4,17) | AO14: DISS36_11(4,1)
B15: Net | D15: mi505 - Metric: Monetary|BC/Premiums written|CC/Not ceded | E15: IZ.x1 - Accepted during the period | F15: R0200 | G15: =G11+G12-G14 -> 0 | H15: =H11+H12-H14 -> 0 | I15: =I11+I12-I14 -> 0 | J15: =J11+J12-J14 -> 0 | K15: =K11+K12-K14 -> 0 | L15: =L11+L12-L14 -> 0 | M15: =M11+M12-M14 -> 0 | N15: =N11+N12-N14 -> 0 | ... W15: =W11+W12-W14 -> 0 | X15: R0200 | Y15: DISS36_11(5,2) | Z15: DISS36_11(5,3) | AA15: DISS36_11(5,4) | AB15: DISS36_11(5,5) | AC15: DISS36_11(5,6) | AD15: DISS36_11(5,7) | AE15: DISS36_11(5,8) | AF15: DISS36_11(5,9) | AG15: DISS36_11(5,10) | AH15: DISS36_11(5,11) | AI15: DISS36_11(5,12) | AJ15: DISS36_11(5,13) | AK15: DISS36_11(5,14) | AL15: DISS36_11(5,15) | AM15: DISS36_11(5,16) | AN15: DISS36_11(5,17) | AO15: DISS36_11(5,1)
B16: Premiums earned
B17: Gross - Direct Business | C17: mi503 - Metric: Monetary|BC/Premiums written | D17: IZ.x18 - Covered during the period | E17: TB.x28 - Direct Business | F17: R0210 | W17: =SUM(G17:R17) -> 0 | X17: R0210 | Y17: DISS36_11(6,2) | Z17: DISS36_11(6,3) | AA17: DISS36_11(6,4) | AB17: DISS36_11(6,5) | AC17: DISS36_11(6,6) | AD17: DISS36_11(6,7) | AE17: DISS36_11(6,8) | AF17: DISS36_11(6,9) | AG17: DISS36_11(6,10) | AH17: DISS36_11(6,11) | AI17: DISS36_11(6,12) | AJ17: DISS36_11(6,13) | AO17: DISS36_11(6,1)
B18: Gross - Proportional reinsurance accepted | C18: mi503 - Metric: Monetary|BC/Premiums written | D18: IZ.x18 - Covered during the period | E18: TB.x107 - Proportional reinsurance accepted | F18: R0220 | W18: =SUM(G18:R18) -> 0 | X18: R0220 | Y18: DISS36_11(7,2) | Z18: DISS36_11(7,3) | AA18: DISS36_11(7,4) | AB18: DISS36_11(7,5) | AC18: DISS36_11(7,6) | AD18: DISS36_11(7,7) | AE18: DISS36_11(7,8) | AF18: DISS36_11(7,9) | AG18: DISS36_11(7,10) | AH18: DISS36_11(7,11) | AI18: DISS36_11(7,12) | AJ18: DISS36_11(7,13) | AO18: DISS36_11(7,1)
B19: Gross - Non-proportional reinsurance accepted | C19: mi503 - Metric: Monetary|BC/Premiums written | D19: IZ.x18 - Covered during the period | E19: TB.x88 - Non-proportional reinsurance accepted | F19: R0230 | W19: =SUM(G19:R19) -> 0 | X19: R0230 | AK19: DISS36_11(8,14) | AL19: DISS36_11(8,15) | AM19: DISS36_11(8,16) | AN19: DISS36_11(8,17) | AO19: DISS36_11(8,1)
B20: Reinsurers' share | D20: mi504 - Metric: Monetary|BC/Premiums written|CC/Ceded | E20: IZ.x18 - Covered during the period | F20: R0240 | W20: =SUM(G20:R20) -> 0 | X20: R0240 | Y20: DISS36_11(9,2) | Z20: DISS36_11(9,3) | AA20: DISS36_11(9,4) | AB20: DISS36_11(9,5) | AC20: DISS36_11(9,6) | AD20: DISS36_11(9,7) | AE20: DISS36_11(9,8) | AF20: DISS36_11(9,9) | AG20: DISS36_11(9,10) | AH20: DISS36_11(9,11) | AI20: DISS36_11(9,12) | AJ20: DISS36_11(9,13) | AK20: DISS36_11(9,14) | AL20: DISS36_11(9,15) | AM20: DISS36_11(9,16) | AN20: DISS36_11(9,17) | AO20: DISS36_11(9,1)
B21: Net | D21: mi505 - Metric: Monetary|BC/Premiums written|CC/Not ceded | E21: IZ.x18 - Covered during the period | F21: R0300 | G21: =G17+G18-G20 -> 0 | H21: =H17+H18-H20 -> 0 | I21: =I17+I18-I20 -> 0 | J21: =J17+J18-J20 -> 0 | K21: =K17+K18-K20 -> 0 | L21: =L17+L18-L20 -> 0 | M21: =M17+M18-M20 -> 0 | N21: =N17+N18-N20 -> 0 | ... W21: =W17+W18-W20 -> 0 | X21: R0300 | Y21: DISS36_11(10,2) | Z21: DISS36_11(10,3) | AA21: DISS36_11(10,4) | AB21: DISS36_11(10,5) | AC21: DISS36_11(10,6) | AD21: DISS36_11(10,7) | AE21: DISS36_11(10,8) | AF21: DISS36_11(10,9) | AG21: DISS36_11(10,10) | AH21: DISS36_11(10,11) | AI21: DISS36_11(10,12) | AJ21: DISS36_11(10,13) | AK21: DISS36_11(10,14) | AL21: DISS36_11(10,15) | AM21: DISS36_11(10,16) | AN21: DISS36_11(10,17) | AO21: DISS36_11(10,1)
B22: Claims incurred
B23: Gross - Direct Business | D23: mi283 - Metric: Monetary|BC/Claims incurred|AI/Other than salvages and subrogations | E23: TB.x28 - Direct Business | F23: R0310 | W23: =SUM(G23:R23) -> 0 | X23: R0310 | Y23: DISS36_11(11,2) | Z23: DISS36_11(11,3) | AA23: DISS36_11(11,4) | AB23: DISS36_11(11,5) | AC23: DISS36_11(11,6) | AD23: DISS36_11(11,7) | AE23: DISS36_11(11,8) | AF23: DISS36_11(11,9) | AG23: DISS36_11(11,10) | AH23: DISS36_11(11,11) | AI23: DISS36_11(11,12) | AJ23: DISS36_11(11,13) | AO23: DISS36_11(11,1)
B24: Gross - Proportional reinsurance accepted | D24: mi283 - Metric: Monetary|BC/Claims incurred|AI/Other than salvages and subrogations | E24: TB.x107 - Proportional reinsurance accepted | F24: R0320 | W24: =SUM(G24:R24) -> 0 | X24: R0320 | Y24: DISS36_11(12,2) | Z24: DISS36_11(12,3) | AA24: DISS36_11(12,4) | AB24: DISS36_11(12,5) | AC24: DISS36_11(12,6) | AD24: DISS36_11(12,7) | AE24: DISS36_11(12,8) | AF24: DISS36_11(12,9) | AG24: DISS36_11(12,10) | AH24: DISS36_11(12,11) | AI24: DISS36_11(12,12) | AJ24: DISS36_11(12,13) | AO24: DISS36_11(12,1)
B25: Gross - Non-proportional reinsurance accepted | D25: mi283 - Metric: Monetary|BC/Claims incurred|AI/Other than salvages and subrogations | E25: TB.x88 - Non-proportional reinsurance accepted | F25: R0330 | W25: =SUM(G25:R25) -> 0 | X25: R0330 | AK25: DISS36_11(13,14) | AL25: DISS36_11(13,15) | AM25: DISS36_11(13,16) | AN25: DISS36_11(13,17) | AO25: DISS36_11(13,1)
B26: Reinsurers' share | E26: mi284 - Metric: Monetary|BC/Claims incurred|AI/Other than salvages and subrogations|CC/Ceded | F26: R0340 | W26: =SUM(G26:R26) -> 0 | X26: R0340 | Y26: DISS36_11(14,2) | Z26: DISS36_11(14,3) | AA26: DISS36_11(14,4) | AB26: DISS36_11(14,5) | AC26: DISS36_11(14,6) | AD26: DISS36_11(14,7) | AE26: DISS36_11(14,8) | AF26: DISS36_11(14,9) | AG26: DISS36_11(14,10) | AH26: DISS36_11(14,11) | AI26: DISS36_11(14,12) | AJ26: DISS36_11(14,13) | AK26: DISS36_11(14,14) | AL26: DISS36_11(14,15) | AM26: DISS36_11(14,16) | AN26: DISS36_11(14,17) | AO26: DISS36_11(14,1)
B27: Net | E27: mi285 - Metric: Monetary|BC/Claims incurred|AI/Other than salvages and subrogations|CC/Not ceded | F27: R0400 | G27: =G23+G24-G26 -> 0 | H27: =H23+H24-H26 -> 0 | I27: =I23+I24-I26 -> 0 | J27: =J23+J24-J26 -> 0 | K27: =K23+K24-K26 -> 0 | L27: =L23+L24-L26 -> 0 | M27: =M23+M24-M26 -> 0 | N27: =N23+N24-N26 -> 0 | ... W27: =W23+W24-W26 -> 0 | X27: R0400 | Y27: DISS36_11(15,2) | Z27: DISS36_11(15,3) | AA27: DISS36_11(15,4) | AB27: DISS36_11(15,5) | AC27: DISS36_11(15,6) | AD27: DISS36_11(15,7) | AE27: DISS36_11(15,8) | AF27: DISS36_11(15,9) | AG27: DISS36_11(15,10) | AH27: DISS36_11(15,11) | AI27: DISS36_11(15,12) | AJ27: DISS36_11(15,13) | AK27: DISS36_11(15,14) | AL27: DISS36_11(15,15) | AM27: DISS36_11(15,16) | AN27: DISS36_11(15,17) | AO27: DISS36_11(15,1)
B28: Changes in other technical provisions
B29: Gross - Direct Business | D29: mi362 - Metric: Monetary|BC/Liability|LB/Gross technical provisions [local GAAP specific] | E29: TB.x28 - Direct Business | F29: R0410 | W29: =SUM(G29:R29) -> 0 | X29: R0410 | Y29: DISS36_11(16,2) | Z29: DISS36_11(16,3) | AA29: DISS36_11(16,4) | AB29: DISS36_11(16,5) | AC29: DISS36_11(16,6) | AD29: DISS36_11(16,7) | AE29: DISS36_11(16,8) | AF29: DISS36_11(16,9) | AG29: DISS36_11(16,10) | AH29: DISS36_11(16,11) | AI29: DISS36_11(16,12) | AJ29: DISS36_11(16,13) | AO29: DISS36_11(16,1)
B30: Gross - Proportional reinsurance accepted | D30: mi362 - Metric: Monetary|BC/Liability|LB/Gross technical provisions [local GAAP specific] | E30: TB.x107 - Proportional reinsurance accepted | F30: R0420 | W30: =SUM(G30:R30) -> 0 | X30: R0420 | Y30: DISS36_11(17,2) | Z30: DISS36_11(17,3) | AA30: DISS36_11(17,4) | AB30: DISS36_11(17,5) | AC30: DISS36_11(17,6) | AD30: DISS36_11(17,7) | AE30: DISS36_11(17,8) | AF30: DISS36_11(17,9) | AG30: DISS36_11(17,10) | AH30: DISS36_11(17,11) | AI30: DISS36_11(17,12) | AJ30: DISS36_11(17,13) | AO30: DISS36_11(17,1)
B31: Gross - Non- proportional reinsurance accepted | D31: mi362 - Metric: Monetary|BC/Liability|LB/Gross technical provisions [local GAAP specific] | E31: TB.x88 - Non-proportional reinsurance accepted | F31: R0430 | W31: =SUM(G31:R31) -> 0 | X31: R0430 | AK31: DISS36_11(18,14) | AL31: DISS36_11(18,15) | AM31: DISS36_11(18,16) | AN31: DISS36_11(18,17) | AO31: DISS36_11(18,1)
B32: Reinsurers' share | E32: mi1808 - Metric: Monetary|BC/Liability|LB/Gross technical provisions [local GAAP specific]|CC/Ceded | F32: R0440 | W32: =SUM(G32:R32) -> 0 | X32: R0440 | Y32: DISS36_11(19,2) | Z32: DISS36_11(19,3) | AA32: DISS36_11(19,4) | AB32: DISS36_11(19,5) | AC32: DISS36_11(19,6) | AD32: DISS36_11(19,7) | AE32: DISS36_11(19,8) | AF32: DISS36_11(19,9) | AG32: DISS36_11(19,10) | AH32: DISS36_11(19,11) | AI32: DISS36_11(19,12) | AJ32: DISS36_11(19,13) | AK32: DISS36_11(19,14) | AL32: DISS36_11(19,15) | AM32: DISS36_11(19,16) | AN32: DISS36_11(19,17) | AO32: DISS36_11(19,1)
B33: Net | E33: mi1809 - Metric: Monetary|BC/Liability|LB/Gross technical provisions [local GAAP specific]|CC/Not ceded | F33: R0500 | G33: =G29+G30-G32 -> 0 | H33: =H29+H30-H32 -> 0 | I33: =I29+I30-I32 -> 0 | J33: =J29+J30-J32 -> 0 | K33: =K29+K30-K32 -> 0 | L33: =L29+L30-L32 -> 0 | M33: =M29+M30-M32 -> 0 | N33: =N29+N30-N32 -> 0 | ... W33: =W29+W30-W32 -> 0 | X33: R0500 | Y33: DISS36_11(20,2) | Z33: DISS36_11(20,3) | AA33: DISS36_11(20,4) | AB33: DISS36_11(20,5) | AC33: DISS36_11(20,6) | AD33: DISS36_11(20,7) | AE33: DISS36_11(20,8) | AF33: DISS36_11(20,9) | AG33: DISS36_11(20,10) | AH33: DISS36_11(20,11) | AI33: DISS36_11(20,12) | AJ33: DISS36_11(20,13) | AK33: DISS36_11(20,14) | AL33: DISS36_11(20,15) | AM33: DISS36_11(20,16) | AN33: DISS36_11(20,17) | AO33: DISS36_11(20,1)
B34: Expenses incurred | E34: mi319 - Metric: Monetary|BC/Expenses|TE/Administration, investments management, claims management, acquisition and overhead|CC/Not ceded | F34: R0550 | G34: =G40+G46+G52+G58+G64 -> 0 | H34: =H40+H46+H52+H58+H64 -> 0 | I34: =I40+I46+I52+I58+I64 -> 0 | J34: =J40+J46+J52+J58+J64 -> 0 | K34: =K40+K46+K52+K58+K64 -> 0 | L34: =L40+L46+L52+L58+L64 -> 0 | M34: =M40+M46+M52+M58+M64 -> 0 | N34: =N40+N46+N52+N58+N64 -> 0 | ... W34: =W40+W46+W52+W58+W64 -> 0 | X34: R0550 | Y34: DISS36_11(21,2) | Z34: DISS36_11(21,3) | AA34: DISS36_11(21,4) | AB34: DISS36_11(21,5) | AC34: DISS36_11(21,6) | AD34: DISS36_11(21,7) | AE34: DISS36_11(21,8) | AF34: DISS36_11(21,9) | AG34: DISS36_11(21,10) | AH34: DISS36_11(21,11) | AI34: DISS36_11(21,12) | AJ34: DISS36_11(21,13) | AK34: DISS36_11(21,14) | AL34: DISS36_11(21,15) | AM34: DISS36_11(21,16) | AN34: DISS36_11(21,17) | AO34: DISS36_11(21,1)
B35: Administrative expenses
B36: Gross - Direct Business | D36: mi313 - Metric: Monetary|BC/Expenses|TE/Administration | E36: TB.x28 - Direct Business | F36: R0610 | W36: =SUM(G36:R36) -> 0 | X36: R0610 | Y36: DISS36_11(22,2) | Z36: DISS36_11(22,3) | AA36: DISS36_11(22,4) | AB36: DISS36_11(22,5) | AC36: DISS36_11(22,6) | AD36: DISS36_11(22,7) | AE36: DISS36_11(22,8) | AF36: DISS36_11(22,9) | AG36: DISS36_11(22,10) | AH36: DISS36_11(22,11) | AI36: DISS36_11(22,12) | AJ36: DISS36_11(22,13) | AO36: DISS36_11(22,1)
B37: Gross - Proportional reinsurance accepted | D37: mi313 - Metric: Monetary|BC/Expenses|TE/Administration | E37: TB.x107 - Proportional reinsurance accepted | F37: R0620 | W37: =SUM(G37:R37) -> 0 | X37: R0620 | Y37: DISS36_11(23,2) | Z37: DISS36_11(23,3) | AA37: DISS36_11(23,4) | AB37: DISS36_11(23,5) | AC37: DISS36_11(23,6) | AD37: DISS36_11(23,7) | AE37: DISS36_11(23,8) | AF37: DISS36_11(23,9) | AG37: DISS36_11(23,10) | AH37: DISS36_11(23,11) | AI37: DISS36_11(23,12) | AJ37: DISS36_11(23,13) | AO37: DISS36_11(23,1)
B38: Gross - Non-proportional reinsurance accepted | D38: mi313 - Metric: Monetary|BC/Expenses|TE/Administration | E38: TB.x88 - Non-proportional reinsurance accepted | F38: R0630 | W38: =SUM(G38:R38) -> 0 | X38: R0630 | AK38: DISS36_11(24,14) | AL38: DISS36_11(24,15) | AM38: DISS36_11(24,16) | AN38: DISS36_11(24,17) | AO38: DISS36_11(24,1)
B39: Reinsurers' share | E39: mi320 - Metric: Monetary|BC/Expenses|TE/Administration|CC/Ceded | F39: R0640 | W39: =SUM(G39:R39) -> 0 | X39: R0640 | Y39: DISS36_11(25,2) | Z39: DISS36_11(25,3) | AA39: DISS36_11(25,4) | AB39: DISS36_11(25,5) | AC39: DISS36_11(25,6) | AD39: DISS36_11(25,7) | AE39: DISS36_11(25,8) | AF39: DISS36_11(25,9) | AG39: DISS36_11(25,10) | AH39: DISS36_11(25,11) | AI39: DISS36_11(25,12) | AJ39: DISS36_11(25,13) | AK39: DISS36_11(25,14) | AL39: DISS36_11(25,15) | AM39: DISS36_11(25,16) | AN39: DISS36_11(25,17) | AO39: DISS36_11(25,1)
B40: Net | E40: mi321 - Metric: Monetary|BC/Expenses|TE/Administration|CC/Not ceded | F40: R0700 | G40: =G36+G37-G39 -> 0 | H40: =H36+H37-H39 -> 0 | I40: =I36+I37-I39 -> 0 | J40: =J36+J37-J39 -> 0 | K40: =K36+K37-K39 -> 0 | L40: =L36+L37-L39 -> 0 | M40: =M36+M37-M39 -> 0 | N40: =N36+N37-N39 -> 0 | ... W40: =W36+W37-W39 -> 0 | X40: R0700 | Y40: DISS36_11(26,2) | Z40: DISS36_11(26,3) | AA40: DISS36_11(26,4) | AB40: DISS36_11(26,5) | AC40: DISS36_11(26,6) | AD40: DISS36_11(26,7) | AE40: DISS36_11(26,8) | AF40: DISS36_11(26,9) | AG40: DISS36_11(26,10) | AH40: DISS36_11(26,11) | AI40: DISS36_11(26,12) | AJ40: DISS36_11(26,13) | AK40: DISS36_11(26,14) | AL40: DISS36_11(26,15) | AM40: DISS36_11(26,16) | AN40: DISS36_11(26,17) | AO40: DISS36_11(26,1)
B41: Investment management expenses
B42: Gross - Direct Business | D42: mi327 - Metric: Monetary|BC/Expenses|TE/Investment management | E42: TB.x28 - Direct Business | F42: R0710 | W42: =SUM(G42:R42) -> 0 | X42: R0710 | Y42: DISS36_11(27,2) | Z42: DISS36_11(27,3) | AA42: DISS36_11(27,4) | AB42: DISS36_11(27,5) | AC42: DISS36_11(27,6) | AD42: DISS36_11(27,7) | AE42: DISS36_11(27,8) | AF42: DISS36_11(27,9) | AG42: DISS36_11(27,10) | AH42: DISS36_11(27,11) | AI42: DISS36_11(27,12) | AJ42: DISS36_11(27,13) | AO42: DISS36_11(27,1)
B43: Gross - Proportional reinsurance accepted | D43: mi327 - Metric: Monetary|BC/Expenses|TE/Investment management | E43: TB.x107 - Proportional reinsurance accepted | F43: R0720 | W43: =SUM(G43:R43) -> 0 | X43: R0720 | Y43: DISS36_11(28,2) | Z43: DISS36_11(28,3) | AA43: DISS36_11(28,4) | AB43: DISS36_11(28,5) | AC43: DISS36_11(28,6) | AD43: DISS36_11(28,7) | AE43: DISS36_11(28,8) | AF43: DISS36_11(28,9) | AG43: DISS36_11(28,10) | AH43: DISS36_11(28,11) | AI43: DISS36_11(28,12) | AJ43: DISS36_11(28,13) | AO43: DISS36_11(28,1)
B44: Gross - Non-proportional reinsurance accepted | D44: mi327 - Metric: Monetary|BC/Expenses|TE/Investment management | E44: TB.x88 - Non-proportional reinsurance accepted | F44: R0730 | W44: =SUM(G44:R44) -> 0 | X44: R0730 | AK44: DISS36_11(29,14) | AL44: DISS36_11(29,15) | AM44: DISS36_11(29,16) | AN44: DISS36_11(29,17) | AO44: DISS36_11(29,1)
B45: Reinsurers' share | E45: mi328 - Metric: Monetary|BC/Expenses|TE/Investment management|CC/Ceded | F45: R0740 | W45: =SUM(G45:R45) -> 0 | X45: R0740 | Y45: DISS36_11(30,2) | Z45: DISS36_11(30,3) | AA45: DISS36_11(30,4) | AB45: DISS36_11(30,5) | AC45: DISS36_11(30,6) | AD45: DISS36_11(30,7) | AE45: DISS36_11(30,8) | AF45: DISS36_11(30,9) | AG45: DISS36_11(30,10) | AH45: DISS36_11(30,11) | AI45: DISS36_11(30,12) | AJ45: DISS36_11(30,13) | AK45: DISS36_11(30,14) | AL45: DISS36_11(30,15) | AM45: DISS36_11(30,16) | AN45: DISS36_11(30,17) | AO45: DISS36_11(30,1)
B46: Net | E46: mi329 - Metric: Monetary|BC/Expenses|TE/Investment management|CC/Not ceded | F46: R0800 | G46: =G42+G43-G45 -> 0 | H46: =H42+H43-H45 -> 0 | I46: =I42+I43-I45 -> 0 | J46: =J42+J43-J45 -> 0 | K46: =K42+K43-K45 -> 0 | L46: =L42+L43-L45 -> 0 | M46: =M42+M43-M45 -> 0 | N46: =N42+N43-N45 -> 0 | ... W46: =W42+W43-W45 -> 0 | X46: R0800 | Y46: DISS36_11(31,2) | Z46: DISS36_11(31,3) | AA46: DISS36_11(31,4) | AB46: DISS36_11(31,5) | AC46: DISS36_11(31,6) | AD46: DISS36_11(31,7) | AE46: DISS36_11(31,8) | AF46: DISS36_11(31,9) | AG46: DISS36_11(31,10) | AH46: DISS36_11(31,11) | AI46: DISS36_11(31,12) | AJ46: DISS36_11(31,13) | AK46: DISS36_11(31,14) | AL46: DISS36_11(31,15) | AM46: DISS36_11(31,16) | AN46: DISS36_11(31,17) | AO46: DISS36_11(31,1)
B47: Claims management expenses
B48: Gross - Direct Business | D48: mi322 - Metric: Monetary|BC/Expenses|TE/Claims management | E48: TB.x28 - Direct Business | F48: R0810 | W48: =SUM(G48:R48) -> 0 | X48: R0810 | Y48: DISS36_11(32,2) | Z48: DISS36_11(32,3) | AA48: DISS36_11(32,4) | AB48: DISS36_11(32,5) | AC48: DISS36_11(32,6) | AD48: DISS36_11(32,7) | AE48: DISS36_11(32,8) | AF48: DISS36_11(32,9) | AG48: DISS36_11(32,10) | AH48: DISS36_11(32,11) | AI48: DISS36_11(32,12) | AJ48: DISS36_11(32,13) | AO48: DISS36_11(32,1)
B49: Gross - Proportional reinsurance accepted | D49: mi322 - Metric: Monetary|BC/Expenses|TE/Claims management | E49: TB.x107 - Proportional reinsurance accepted | F49: R0820 | W49: =SUM(G49:R49) -> 0 | X49: R0820 | Y49: DISS36_11(33,2) | Z49: DISS36_11(33,3) | AA49: DISS36_11(33,4) | AB49: DISS36_11(33,5) | AC49: DISS36_11(33,6) | AD49: DISS36_11(33,7) | AE49: DISS36_11(33,8) | AF49: DISS36_11(33,9) | AG49: DISS36_11(33,10) | AH49: DISS36_11(33,11) | AI49: DISS36_11(33,12) | AJ49: DISS36_11(33,13) | AO49: DISS36_11(33,1)
B50: Gross - Non-proportional reinsurance accepted | D50: mi322 - Metric: Monetary|BC/Expenses|TE/Claims management | E50: TB.x88 - Non-proportional reinsurance accepted | F50: R0830 | W50: =SUM(G50:R50) -> 0 | X50: R0830 | AK50: DISS36_11(34,14) | AL50: DISS36_11(34,15) | AM50: DISS36_11(34,16) | AN50: DISS36_11(34,17) | AO50: DISS36_11(34,1)
B51: Reinsurers' share | E51: mi323 - Metric: Monetary|BC/Expenses|TE/Claims management|CC/Ceded | F51: R0840 | W51: =SUM(G51:R51) -> 0 | X51: R0840 | Y51: DISS36_11(35,2) | Z51: DISS36_11(35,3) | AA51: DISS36_11(35,4) | AB51: DISS36_11(35,5) | AC51: DISS36_11(35,6) | AD51: DISS36_11(35,7) | AE51: DISS36_11(35,8) | AF51: DISS36_11(35,9) | AG51: DISS36_11(35,10) | AH51: DISS36_11(35,11) | AI51: DISS36_11(35,12) | AJ51: DISS36_11(35,13) | AK51: DISS36_11(35,14) | AL51: DISS36_11(35,15) | AM51: DISS36_11(35,16) | AN51: DISS36_11(35,17) | AO51: DISS36_11(35,1)
B52: Net | E52: mi324 - Metric: Monetary|BC/Expenses|TE/Claims management|CC/Not ceded | F52: R0900 | G52: =G48+G49-G51 -> 0 | H52: =H48+H49-H51 -> 0 | I52: =I48+I49-I51 -> 0 | J52: =J48+J49-J51 -> 0 | K52: =K48+K49-K51 -> 0 | L52: =L48+L49-L51 -> 0 | M52: =M48+M49-M51 -> 0 | N52: =N48+N49-N51 -> 0 | ... W52: =W48+W49-W51 -> 0 | X52: R0900 | Y52: DISS36_11(36,2) | Z52: DISS36_11(36,3) | AA52: DISS36_11(36,4) | AB52: DISS36_11(36,5) | AC52: DISS36_11(36,6) | AD52: DISS36_11(36,7) | AE52: DISS36_11(36,8) | AF52: DISS36_11(36,9) | AG52: DISS36_11(36,10) | AH52: DISS36_11(36,11) | AI52: DISS36_11(36,12) | AJ52: DISS36_11(36,13) | AK52: DISS36_11(36,14) | AL52: DISS36_11(36,15) | AM52: DISS36_11(36,16) | AN52: DISS36_11(36,17) | AO52: DISS36_11(36,1)
B53: Acquisition expenses
B54: Gross - Direct Business | D54: mi310 - Metric: Monetary|BC/Expenses|TE/Acquisition | E54: TB.x28 - Direct Business | F54: R0910 | W54: =SUM(G54:R54) -> 0 | X54: R0910 | Y54: DISS36_11(37,2) | Z54: DISS36_11(37,3) | AA54: DISS36_11(37,4) | AB54: DISS36_11(37,5) | AC54: DISS36_11(37,6) | AD54: DISS36_11(37,7) | AE54: DISS36_11(37,8) | AF54: DISS36_11(37,9) | AG54: DISS36_11(37,10) | AH54: DISS36_11(37,11) | AI54: DISS36_11(37,12) | AJ54: DISS36_11(37,13) | AO54: DISS36_11(37,1)
B55: Gross - Proportional reinsurance accepted | D55: mi310 - Metric: Monetary|BC/Expenses|TE/Acquisition | E55: TB.x107 - Proportional reinsurance accepted | F55: R0920 | W55: =SUM(G55:R55) -> 0 | X55: R0920 | Y55: DISS36_11(38,2) | Z55: DISS36_11(38,3) | AA55: DISS36_11(38,4) | AB55: DISS36_11(38,5) | AC55: DISS36_11(38,6) | AD55: DISS36_11(38,7) | AE55: DISS36_11(38,8) | AF55: DISS36_11(38,9) | AG55: DISS36_11(38,10) | AH55: DISS36_11(38,11) | AI55: DISS36_11(38,12) | AJ55: DISS36_11(38,13) | AO55: DISS36_11(38,1)
B56: Gross - Non-proportional reinsurance accepted | D56: mi310 - Metric: Monetary|BC/Expenses|TE/Acquisition | E56: TB.x88 - Non-proportional reinsurance accepted | F56: R0930 | W56: =SUM(G56:R56) -> 0 | X56: R0930 | AK56: DISS36_11(39,14) | AL56: DISS36_11(39,15) | AM56: DISS36_11(39,16) | AN56: DISS36_11(39,17) | AO56: DISS36_11(39,1)
B57: Reinsurers' share | E57: mi311 - Metric: Monetary|BC/Expenses|TE/Acquisition|CC/Ceded | F57: R0940 | W57: =SUM(G57:R57) -> 0 | X57: R0940 | Y57: DISS36_11(40,2) | Z57: DISS36_11(40,3) | AA57: DISS36_11(40,4) | AB57: DISS36_11(40,5) | AC57: DISS36_11(40,6) | AD57: DISS36_11(40,7) | AE57: DISS36_11(40,8) | AF57: DISS36_11(40,9) | AG57: DISS36_11(40,10) | AH57: DISS36_11(40,11) | AI57: DISS36_11(40,12) | AJ57: DISS36_11(40,13) | AK57: DISS36_11(40,14) | AL57: DISS36_11(40,15) | AM57: DISS36_11(40,16) | AN57: DISS36_11(40,17) | AO57: DISS36_11(40,1)
B58: Net | E58: mi312 - Metric: Monetary|BC/Expenses|TE/Acquisition|CC/Not ceded | F58: R1000 | G58: =G54+G55-G57 -> 0 | H58: =H54+H55-H57 -> 0 | I58: =I54+I55-I57 -> 0 | J58: =J54+J55-J57 -> 0 | K58: =K54+K55-K57 -> 0 | L58: =L54+L55-L57 -> 0 | M58: =M54+M55-M57 -> 0 | N58: =N54+N55-N57 -> 0 | ... W58: =W54+W55-W57 -> 0 | X58: R1000 | Y58: DISS36_11(41,2) | Z58: DISS36_11(41,3) | AA58: DISS36_11(41,4) | AB58: DISS36_11(41,5) | AC58: DISS36_11(41,6) | AD58: DISS36_11(41,7) | AE58: DISS36_11(41,8) | AF58: DISS36_11(41,9) | AG58: DISS36_11(41,10) | AH58: DISS36_11(41,11) | AI58: DISS36_11(41,12) | AJ58: DISS36_11(41,13) | AK58: DISS36_11(41,14) | AL58: DISS36_11(41,15) | AM58: DISS36_11(41,16) | AN58: DISS36_11(41,17) | AO58: DISS36_11(41,1)
B59: Overhead expenses
B60: Gross - Direct Business | D60: mi333 - Metric: Monetary|BC/Expenses|TE/Overhead | E60: TB.x28 - Direct Business | F60: R1010 | W60: =SUM(G60:R60) -> 0 | X60: R1010 | Y60: DISS36_11(42,2) | Z60: DISS36_11(42,3) | AA60: DISS36_11(42,4) | AB60: DISS36_11(42,5) | AC60: DISS36_11(42,6) | AD60: DISS36_11(42,7) | AE60: DISS36_11(42,8) | AF60: DISS36_11(42,9) | AG60: DISS36_11(42,10) | AH60: DISS36_11(42,11) | AI60: DISS36_11(42,12) | AJ60: DISS36_11(42,13) | AO60: DISS36_11(42,1)
B61: Gross - Proportional reinsurance accepted | D61: mi333 - Metric: Monetary|BC/Expenses|TE/Overhead | E61: TB.x107 - Proportional reinsurance accepted | F61: R1020 | W61: =SUM(G61:R61) -> 0 | X61: R1020 | Y61: DISS36_11(43,2) | Z61: DISS36_11(43,3) | AA61: DISS36_11(43,4) | AB61: DISS36_11(43,5) | AC61: DISS36_11(43,6) | AD61: DISS36_11(43,7) | AE61: DISS36_11(43,8) | AF61: DISS36_11(43,9) | AG61: DISS36_11(43,10) | AH61: DISS36_11(43,11) | AI61: DISS36_11(43,12) | AJ61: DISS36_11(43,13) | AO61: DISS36_11(43,1)
B62: Gross - Non-proportional reinsurance accepted | D62: mi333 - Metric: Monetary|BC/Expenses|TE/Overhead | E62: TB.x88 - Non-proportional reinsurance accepted | F62: R1030 | W62: =SUM(G62:R62) -> 0 | X62: R1030 | AK62: DISS36_11(44,14) | AL62: DISS36_11(44,15) | AM62: DISS36_11(44,16) | AN62: DISS36_11(44,17) | AO62: DISS36_11(44,1)
B63: Reinsurers' share | E63: mi334 - Metric: Monetary|BC/Expenses|TE/Overhead|CC/Ceded | F63: R1040 | W63: =SUM(G63:R63) -> 0 | X63: R1040 | Y63: DISS36_11(45,2) | Z63: DISS36_11(45,3) | AA63: DISS36_11(45,4) | AB63: DISS36_11(45,5) | AC63: DISS36_11(45,6) | AD63: DISS36_11(45,7) | AE63: DISS36_11(45,8) | AF63: DISS36_11(45,9) | AG63: DISS36_11(45,10) | AH63: DISS36_11(45,11) | AI63: DISS36_11(45,12) | AJ63: DISS36_11(45,13) | AK63: DISS36_11(45,14) | AL63: DISS36_11(45,15) | AM63: DISS36_11(45,16) | AN63: DISS36_11(45,17) | AO63: DISS36_11(45,1)
B64: Net | E64: mi335 - Metric: Monetary|BC/Expenses|TE/Overhead|CC/Not ceded | F64: R1100 | G64: =G60+G61-G63 -> 0 | H64: =H60+H61-H63 -> 0 | I64: =I60+I61-I63 -> 0 | J64: =J60+J61-J63 -> 0 | K64: =K60+K61-K63 -> 0 | L64: =L60+L61-L63 -> 0 | M64: =M60+M61-M63 -> 0 | N64: =N60+N61-N63 -> 0 | ... W64: =W60+W61-W63 -> 0 | X64: R1100 | Y64: DISS36_11(46,2) | Z64: DISS36_11(46,3) | AA64: DISS36_11(46,4) | AB64: DISS36_11(46,5) | AC64: DISS36_11(46,6) | AD64: DISS36_11(46,7) | AE64: DISS36_11(46,8) | AF64: DISS36_11(46,9) | AG64: DISS36_11(46,10) | AH64: DISS36_11(46,11) | AI64: DISS36_11(46,12) | AJ64: DISS36_11(46,13) | AK64: DISS36_11(46,14) | AL64: DISS36_11(46,15) | AM64: DISS36_11(46,16) | AN64: DISS36_11(46,17) | AO64: DISS36_11(46,1)
B65: Other expenses | E65: mi331 - Metric: Monetary|BC/Expenses|TE/Other than administration, investments management, claims management, acquisition and overhead|CC/Not ceded | F65: R1200 | X65: R1200 | AO65: DISS36_11(47,1)
B66: Total expenses | E66: mi336 - Metric: Monetary|BC/Expenses|CC/Not ceded | F66: R1300 | W66: =W34+W65 -> 0 | X66: R1300 | AO66: DISS36_11(48,1)

Sheet S.05.01.01.02
A1: Zpět na obsah | B1: S.05.01.01.02 - S.05.01.01.02 Life | O1: Mapování na DISS36_21
C3: DI.x5 - Year to Date | D3: VG.x84 - Statutory accounts
F5: *UNITREF=CZK, *DECIMALS=-1
F6: Line of Business for: life insurance obligations | L6: Life reinsurance obligations | N6: Total | P6: Line of Business for: life insurance obligations | V6: Life reinsurance obligations | X6: Total
F7: Health insurance | G7: Insurance with profit participation | H7: Index-linked and unit-linked insurance | I7: Other life insurance | J7: Annuities stemming from non-life insurance contracts and relating to health insurance obligations | K7: Annuities stemming from non-life insurance contracts and relating to insurance obligations other than health insurance obligations | L7: Health reinsurance | M7: Life reinsurance | P7: Health insurance | Q7: Insurance with profit participation | R7: Index-linked and unit-linked insurance | S7: Other life insurance | T7: Annuities stemming from non-life insurance contracts and relating to health insurance obligations | U7: Annuities stemming from non-life insurance contracts and relating to insurance obligations other than health insurance obligations | V7: Health reinsurance | W7: Life reinsurance
F8: BL.x45 - Health SLT | G8: BL.x53 - Insurance with profit participation | H8: BL.x119 - Unit-linked or index-linked | I8: BL.x93 - Other life | J8: BL.x10 - Annuities stemming from non-life insurance contracts and relating to health insurance obligations | K8: BL.x11 - Annuities stemming from non-life insurance contracts and relating to insurance obligations other than health insurance obligations | L8: BL.x46 - Health SLT and annuities stemming from non-life insurance contracts and relating to health insurance obligations | M8: BL.x172 - Life and annuities stemming from non-life insurance contracts and relating to insurance obligations other than health insurance obligations | P8: BL.x45 - Health SLT | Q8: BL.x53 - Insurance with profit participation | R8: BL.x119 - Unit-linked or index-linked | S8: BL.x93 - Other life | T8: BL.x10 - Annuities stemming from non-life insurance contracts and relating to health insurance obligations | U8: BL.x11 - Annuities stemming from non-life insurance contracts and relating to insurance obligations other than health insurance obligations | V8: BL.x46 - Health SLT and annuities stemming from non-life insurance contracts and relating to health insurance obligations | W8: BL.x172 - Life and annuities stemming from non-life insurance contracts and relating to insurance obligations other than health insurance obligations
F9: TB.x28 - Direct Business | G9: TB.x28 - Direct Business | H9: TB.x28 - Direct Business | I9: TB.x28 - Direct Business | J9: TB.x28 - Direct Business | K9: TB.x28 - Direct Business | L9: TB.x109 - Reinsurance accepted | M9: TB.x109 - Reinsurance accepted | N9: BL.x65 - Life and Health SLT | P9: TB.x28 - Direct Business | Q9: TB.x28 - Direct Business | R9: TB.x28 - Direct Business | S9: TB.x28 - Direct Business | T9: TB.x28 - Direct Business | U9: TB.x28 - Direct Business | V9: TB.x109 - Reinsurance accepted | W9: TB.x109 - Reinsurance accepted | X9: BL.x65 - Life and Health SLT
F10: C0210 | G10: C0220 | H10: C0230 | I10: C0240 | J10: C0250 | K10: C0260 | L10: C0270 | M10: C0280 | N10: C0300 | P10: C0210 | Q10: C0220 | R10: C0230 | S10: C0240 | T10: C0250 | U10: C0260 | V10: C0270 | W10: C0280 | X10: C0300
B11: Premiums written
B12: Gross | C12: mi503 - Metric: Monetary|BC/Premiums written | D12: IZ.x1 - Accepted during the period | E12: R1410 | N12: =SUM(F12:M12) -> 0 | O12: R1410 | P12: DISS36_21(1,2) | Q12: DISS36_21(1,3) | R12: DISS36_21(1,4) | S12: DISS36_21(1,5) | T12: DISS36_21(1,6) | U12: DISS36_21(1,7) | V12: DISS36_21(1,8) | W12: DISS36_21(1,9) | X12: DISS36_21(1,1)
B13: Reinsurers' share | C13: mi504 - Metric: Monetary|BC/Premiums written|CC/Ceded | D13: IZ.x1 - Accepted during the period | E13: R1420 | N13: =SUM(F13:M13) -> 0 | O13: R1420 | P13: DISS36_21(2,2) | Q13: DISS36_21(2,3) | R13: DISS36_21(2,4) | S13: DISS36_21(2,5) | T13: DISS36_21(2,6) | U13: DISS36_21(2,7) | V13: DISS36_21(2,8) | W13: DISS36_21(2,9) | X13: DISS36_21(2,1)
B14: Net | C14: mi505 - Metric: Monetary|BC/Premiums written|CC/Not ceded | D14: IZ.x1 - Accepted during the period | E14: R1500 | F14: =F12-F13 -> 0 | G14: =G12-G13 -> 0 | H14: =H12-H13 -> 0 | I14: =I12-I13 -> 0 | J14: =J12-J13 -> 0 | K14: =K12-K13 -> 0 | L14: =L12-L13 -> 0 | M14: =M12-M13 -> 0 | N14: =N12-N13 -> 0 | O14: R1500 | P14: DISS36_21(3,2) | Q14: DISS36_21(3,3) | R14: DISS36_21(3,4) | S14: DISS36_21(3,5) | T14: DISS36_21(3,6) | U14: DISS36_21(3,7) | V14: DISS36_21(3,8) | W14: DISS36_21(3,9) | X14: DISS36_21(3,1)
B15: Premiums earned
B16: Gross | C16: mi503 - Metric: Monetary|BC/Premiums written | D16: IZ.x18 - Covered during the period | E16: R1510 | N16: =SUM(F16:M16) -> 0 | O16: R1510 | P16: DISS36_21(4,2) | Q16: DISS36_21(4,3) | R16: DISS36_21(4,4) | S16: DISS36_21(4,5) | T16: DISS36_21(4,6) | U16: DISS36_21(4,7) | V16: DISS36_21(4,8) | W16: DISS36_21(4,9) | X16: DISS36_21(4,1)
B17: Reinsurers' share | C17: mi504 - Metric: Monetary|BC/Premiums written|CC/Ceded | D17: IZ.x18 - Covered during the period | E17: R1520 | N17: =SUM(F17:M17) -> 0 | O17: R1520 | P17: DISS36_21(5,2) | Q17: DISS36_21(5,3) | R17: DISS36_21(5,4) | S17: DISS36_21(5,5) | T17: DISS36_21(5,6) | U17: DISS36_21(5,7) | V17: DISS36_21(5,8) | W17: DISS36_21(5,9) | X17: DISS36_21(5,1)
B18: Net | C18: mi505 - Metric: Monetary|BC/Premiums written|CC/Not ceded | D18: IZ.x18 - Covered during the period | E18: R1600 | F18: =F16-F17 -> 0 | G18: =G16-G17 -> 0 | H18: =H16-H17 -> 0 | I18: =I16-I17 -> 0 | J18: =J16-J17 -> 0 | K18: =K16-K17 -> 0 | L18: =L16-L17 -> 0 | M18: =M16-M17 -> 0 | N18: =N16-N17 -> 0 | O18: R1600 | P18: DISS36_21(6,2) | Q18: DISS36_21(6,3) | R18: DISS36_21(6,4) | S18: DISS36_21(6,5) | T18: DISS36_21(6,6) | U18: DISS36_21(6,7) | V18: DISS36_21(6,8) | W18: DISS36_21(6,9) | X18: DISS36_21(6,1)
B19: Claims incurred
B20: Gross | D20: mi281 - Metric: Monetary|BC/Claims incurred | E20: R1610 | N20: =SUM(F20:M20) -> 0 | O20: R1610 | P20: DISS36_21(7,2) | Q20: DISS36_21(7,3) | R20: DISS36_21(7,4) | S20: DISS36_21(7,5) | T20: DISS36_21(7,6) | U20: DISS36_21(7,7) | V20: DISS36_21(7,8) | W20: DISS36_21(7,9) | X20: DISS36_21(7,1)
B21: Reinsurers' share | D21: mi287 - Metric: Monetary|BC/Claims incurred|CC/Ceded | E21: R1620 | N21: =SUM(F21:M21) -> 0 | O21: R1620 | P21: DISS36_21(8,2) | Q21: DISS36_21(8,3) | R21: DISS36_21(8,4) | S21: DISS36_21(8,5) | T21: DISS36_21(8,6) | U21: DISS36_21(8,7) | V21: DISS36_21(8,8) | W21: DISS36_21(8,9) | X21: DISS36_21(8,1)
B22: Net | D22: mi288 - Metric: Monetary|BC/Claims incurred|CC/Not ceded | E22: R1700 | F22: =F20-F21 -> 0 | G22: =G20-G21 -> 0 | H22: =H20-H21 -> 0 | I22: =I20-I21 -> 0 | J22: =J20-J21 -> 0 | K22: =K20-K21 -> 0 | L22: =L20-L21 -> 0 | M22: =M20-M21 -> 0 | N22: =N20-N21 -> 0 | O22: R1700 | P22: DISS36_21(9,2) | Q22: DISS36_21(9,3) | R22: DISS36_21(9,4) | S22: DISS36_21(9,5) | T22: DISS36_21(9,6) | U22: DISS36_21(9,7) | V22: DISS36_21(9,8) | W22: DISS36_21(9,9) | X22: DISS36_21(9,1)
B23: Changes in other technical provisions
B24: Gross | D24: mi362 - Metric: Monetary|BC/Liability|LB/Gross technical provisions [local GAAP specific] | E24: R1710 | N24: =SUM(F24:M24) -> 0 | O24: R1710 | P24: DISS36_21(10,2) | Q24: DISS36_21(10,3) | R24: DISS36_21(10,4) | S24: DISS36_21(10,5) | T24: DISS36_21(10,6) | U24: DISS36_21(10,7) | V24: DISS36_21(10,8) | W24: DISS36_21(10,9) | X24: DISS36_21(10,1)
B25: Reinsurers' share | D25: mi1808 - Metric: Monetary|BC/Liability|LB/Gross technical provisions [local GAAP specific]|CC/Ceded | E25: R1720 | N25: =SUM(F25:M25) -> 0 | O25: R1720 | P25: DISS36_21(11,2) | Q25: DISS36_21(11,3) | R25: DISS36_21(11,4) | S25: DISS36_21(11,5) | T25: DISS36_21(11,6) | U25: DISS36_21(11,7) | V25: DISS36_21(11,8) | W25: DISS36_21(11,9) | X25: DISS36_21(11,1)
B26: Net | D26: mi1809 - Metric: Monetary|BC/Liability|LB/Gross technical provisions [local GAAP specific]|CC/Not ceded | E26: R1800 | F26: =F24-F25 -> 0 | G26: =G24-G25 -> 0 | H26: =H24-H25 -> 0 | I26: =I24-I25 -> 0 | J26: =J24-J25 -> 0 | K26: =K24-K25 -> 0 | L26: =L24-L25 -> 0 | M26: =M24-M25 -> 0 | N26: =N24-N25 -> 0 | O26: R1800 | P26: DISS36_21(12,2) | Q26: DISS36_21(12,3) | R26: DISS36_21(12,4) | S26: DISS36_21(12,5) | T26: DISS36_21(12,6) | U26: DISS36_21(12,7) | V26: DISS36_21(12,8) | W26: DISS36_21(12,9) | X26: DISS36_21(12,1)
B27: Expenses incurred | D27: mi319 - Metric: Monetary|BC/Expenses|TE/Administration, investments management, claims management, acquisition and overhead|CC/Not ceded | E27: R1900 | F27: =F31+F35+F39+F43+F47 -> 0 | G27: =G31+G35+G39+G43+G47 -> 0 | H27: =H31+H35+H39+H43+H47 -> 0 | I27: =I31+I35+I39+I43+I47 -> 0 | J27: =J31+J35+J39+J43+J47 -> 0 | K27: =K31+K35+K39+K43+K47 -> 0 | L27: =L31+L35+L39+L43+L47 -> 0 | M27: =M31+M35+M39+M43+M47 -> 0 | N27: =N31+N35+N39+N43+N47 -> 0 | O27: R1900 | P27: DISS36_21(13,2) | Q27: DISS36_21(13,3) | R27: DISS36_21(13,4) | S27: DISS36_21(13,5) | T27: DISS36_21(13,6) | U27: DISS36_21(13,7) | V27: DISS36_21(13,8) | W27: DISS36_21(13,9) | X27: DISS36_21(13,1)
B28: Administrative expenses
B29: Gross | D29: mi313 - Metric: Monetary|BC/Expenses|TE/Administration | E29: R1910 | N29: =SUM(F29:M29) -> 0 | O29: R1910 | P29: DISS36_21(14,2) | Q29: DISS36_21(14,3) | R29: DISS36_21(14,4) | S29: DISS36_21(14,5) | T29: DISS36_21(14,6) | U29: DISS36_21(14,7) | V29: DISS36_21(14,8) | W29: DISS36_21(14,9) | X29: DISS36_21(14,1)
B30: Reinsurers' share | D30: mi320 - Metric: Monetary|BC/Expenses|TE/Administration|CC/Ceded | E30: R1920 | N30: =SUM(F30:M30) -> 0 | O30: R1920 | P30: DISS36_21(15,2) | Q30: DISS36_21(15,3) | R30: DISS36_21(15,4) | S30: DISS36_21(15,5) | T30: DISS36_21(15,6) | U30: DISS36_21(15,7) | V30: DISS36_21(15,8) | W30: DISS36_21(15,9) | X30: DISS36_21(15,1)
B31: Net | D31: mi321 - Metric: Monetary|BC/Expenses|TE/Administration|CC/Not ceded | E31: R2000 | F31: =F29-F30 -> 0 | G31: =G29-G30 -> 0 | H31: =H29-H30 -> 0 | I31: =I29-I30 -> 0 | J31: =J29-J30 -> 0 | K31: =K29-K30 -> 0 | L31: =L29-L30 -> 0 | M31: =M29-M30 -> 0 | N31: =N29-N30 -> 0 | O31: R2000 | P31: DISS36_21(16,2) | Q31: DISS36_21(16,3) | R31: DISS36_21(16,4) | S31: DISS36_21(16,5) | T31: DISS36_21(16,6) | U31: DISS36_21(16,7) | V31: DISS36_21(16,8) | W31: DISS36_21(16,9) | X31: DISS36_21(16,1)
B32: Investment management expenses
B33: Gross | D33: mi327 - Metric: Monetary|BC/Expenses|TE/Investment management | E33: R2010 | N33: =SUM(F33:M33) -> 0 | O33: R2010 | P33: DISS36_21(17,2) | Q33: DISS36_21(17,3) | R33: DISS36_21(17,4) | S33: DISS36_21(17,5) | T33: DISS36_21(17,6) | U33: DISS36_21(17,7) | V33: DISS36_21(17,8) | W33: DISS36_21(17,9) | X33: DISS36_21(17,1)
B34: Reinsurers' share | D34: mi328 - Metric: Monetary|BC/Expenses|TE/Investment management|CC/Ceded | E34: R2020 | N34: =SUM(F34:M34) -> 0 | O34: R2020 | P34: DISS36_21(18,2) | Q34: DISS36_21(18,3) | R34: DISS36_21(18,4) | S34: DISS36_21(18,5) | T34: DISS36_21(18,6) | U34: DISS36_21(18,7) | V34: DISS36_21(18,8) | W34: DISS36_21(18,9) | X34: DISS36_21(18,1)
B35: Net | D35: mi329 - Metric: Monetary|BC/Expenses|TE/Investment management|CC/Not ceded | E35: R2100 | F35: =F33-F34 -> 0 | G35: =G33-G34 -> 0 | H35: =H33-H34 -> 0 | I35: =I33-I34 -> 0 | J35: =J33-J34 -> 0 | K35: =K33-K34 -> 0 | L35: =L33-L34 -> 0 | M35: =M33-M34 -> 0 | N35: =N33-N34 -> 0 | O35: R2100 | P35: DISS36_21(19,2) | Q35: DISS36_21(19,3) | R35: DISS36_21(19,4) | S35: DISS36_21(19,5) | T35: DISS36_21(19,6) | U35: DISS36_21(19,7) | V35: DISS36_21(19,8) | W35: DISS36_21(19,9) | X35: DISS36_21(19,1)
B36: Claims management expenses
B37: Gross | D37: mi322 - Metric: Monetary|BC/Expenses|TE/Claims management | E37: R2110 | N37: =SUM(F37:M37) -> 0 | O37: R2110 | P37: DISS36_21(20,2) | Q37: DISS36_21(20,3) | R37: DISS36_21(20,4) | S37: DISS36_21(20,5) | T37: DISS36_21(20,6) | U37: DISS36_21(20,7) | V37: DISS36_21(20,8) | W37: DISS36_21(20,9) | X37: DISS36_21(20,1)
B38: Reinsurers' share | D38: mi323 - Metric: Monetary|BC/Expenses|TE/Claims management|CC/Ceded | E38: R2120 | N38: =SUM(F38:M38) -> 0 | O38: R2120 | P38: DISS36_21(21,2) | Q38: DISS36_21(21,3) | R38: DISS36_21(21,4) | S38: DISS36_21(21,5) | T38: DISS36_21(21,6) | U38: DISS36_21(21,7) | V38: DISS36_21(21,8) | W38: DISS36_21(21,9) | X38: DISS36_21(21,1)
B39: Net | D39: mi324 - Metric: Monetary|BC/Expenses|TE/Claims management|CC/Not ceded | E39: R2200 | F39: =F37-F38 -> 0 | G39: =G37-G38 -> 0 | H39: =H37-H38 -> 0 | I39: =I37-I38 -> 0 | J39: =J37-J38 -> 0 | K39: =K37-K38 -> 0 | L39: =L37-L38 -> 0 | M39: =M37-M38 -> 0 | N39: =N37-N38 -> 0 | O39: R2200 | P39: DISS36_21(22,2) | Q39: DISS36_21(22,3) | R39: DISS36_21(22,4) | S39: DISS36_21(22,5) | T39: DISS36_21(22,6) | U39: DISS36_21(22,7) | V39: DISS36_21(22,8) | W39: DISS36_21(22,9) | X39: DISS36_21(22,1)
B40: Acquisition expenses
B41: Gross | D41: mi310 - Metric: Monetary|BC/Expenses|TE/Acquisition | E41: R2210 | N41: =SUM(F41:M41) -> 0 | O41: R2210 | P41: DISS36_21(23,2) | Q41: DISS36_21(23,3) | R41: DISS36_21(23,4) | S41: DISS36_21(23,5) | T41: DISS36_21(23,6) | U41: DISS36_21(23,7) | V41: DISS36_21(23,8) | W41: DISS36_21(23,9) | X41: DISS36_21(23,1)
B42: Reinsurers' share | D42: mi311 - Metric: Monetary|BC/Expenses|TE/Acquisition|CC/Ceded | E42: R2220 | N42: =SUM(F42:M42) -> 0 | O42: R2220 | P42: DISS36_21(24,2) | Q42: DISS36_21(24,3) | R42: DISS36_21(24,4) | S42: DISS36_21(24,5) | T42: DISS36_21(24,6) | U42: DISS36_21(24,7) | V42: DISS36_21(24,8) | W42: DISS36_21(24,9) | X42: DISS36_21(24,1)
B43: Net | D43: mi312 - Metric: Monetary|BC/Expenses|TE/Acquisition|CC/Not ceded | E43: R2300 | F43: =F41-F42 -> 0 | G43: =G41-G42 -> 0 | H43: =H41-H42 -> 0 | I43: =I41-I42 -> 0 | J43: =J41-J42 -> 0 | K43: =K41-K42 -> 0 | L43: =L41-L42 -> 0 | M43: =M41-M42 -> 0 | N43: =N41-N42 -> 0 | O43: R2300 | P43: DISS36_21(25,2) | Q43: DISS36_21(25,3) | R43: DISS36_21(25,4) | S43: DISS36_21(25,5) | T43: DISS36_21(25,6) | U43: DISS36_21(25,7) | V43: DISS36_21(25,8) | W43: DISS36_21(25,9) | X43: DISS36_21(25,1)
B44: Overhead expenses
B45: Gross | D45: mi333 - Metric: Monetary|BC/Expenses|TE/Overhead | E45: R2310 | N45: =SUM(F45:M45) -> 0 | O45: R2310 | P45: DISS36_21(26,2) | Q45: DISS36_21(26,3) | R45: DISS36_21(26,4) | S45: DISS36_21(26,5) | T45: DISS36_21(26,6) | U45: DISS36_21(26,7) | V45: DISS36_21(26,8) | W45: DISS36_21(26,9) | X45: DISS36_21(26,1)
B46: Reinsurers' share | D46: mi334 - Metric: Monetary|BC/Expenses|TE/Overhead|CC/Ceded | E46: R2320 | N46: =SUM(F46:M46) -> 0 | O46: R2320 | P46: DISS36_21(27,2) | Q46: DISS36_21(27,3) | R46: DISS36_21(27,4) | S46: DISS36_21(27,5) | T46: DISS36_21(27,6) | U46: DISS36_21(27,7) | V46: DISS36_21(27,8) | W46: DISS36_21(27,9) | X46: DISS36_21(27,1)
B47: Net | D47: mi335 - Metric: Monetary|BC/Expenses|TE/Overhead|CC/Not ceded | E47: R2400 | F47: =F45-F46 -> 0 | G47: =G45-G46 -> 0 | H47: =H45-H46 -> 0 | I47: =I45-I46 -> 0 | J47: =J45-J46 -> 0 | K47: =K45-K46 -> 0 | L47: =L45-L46 -> 0 | M47: =M45-M46 -> 0 | N47: =N45-N46 -> 0 | O47: R2400 | P47: DISS36_21(28,2) | Q47: DISS36_21(28,3) | R47: DISS36_21(28,4) | S47: DISS36_21(28,5) | T47: DISS36_21(28,6) | U47: DISS36_21(28,7) | V47: DISS36_21(28,8) | W47: DISS36_21(28,9) | X47: DISS36_21(28,1)
B48: Other expenses | D48: mi331 - Metric: Monetary|BC/Expenses|TE/Other than administration, investments management, claims management, acquisition and overhead|CC/Not ceded | E48: R2500 | O48: R2500 | X48: DISS36_21(29,1)
B49: Total expenses | D49: mi336 - Metric: Monetary|BC/Expenses|CC/Not ceded | E49: R2600 | N49: =N27+N48 -> 0 | O49: R2600 | X49: DISS36_21(30,1)
B50: Total amount of surrenders | D50: mi290 - Metric: Monetary|BC/Claims paid or due to be paid regarding surrender [full or partial] by policyholders | E50: R2700 | N50: =N48-N49 -> 0 | O50: R2700 | P50: DISS36_21(31,2) | Q50: DISS36_21(31,3) | R50: DISS36_21(31,4) | S50: DISS36_21(31,5) | T50: DISS36_21(31,6) | U50: DISS36_21(31,7) | V50: DISS36_21(31,8) | W50: DISS36_21(31,9) | X50: DISS36_21(31,1)

Sheet S.05.02.01.01
A1: Zpět na obsah | B1: S.05.02.01.01 - S.05.02.01.01 Home Country - non-life obligations | H1: Mapování na DISS41_12 část I.
D3: DI.x5 - Year to Date | E3: VG.x84 - Statutory accounts
G6: Home country | I6: Home country
G7: BL.x79 - Non-life and Health non-SLT | I7: BL.x79 - Non-life and Health non-SLT
D8: *UNITREF=CZK, *DECIMALS=-1 | G8: EE.x24 - Home country | I8: EE.x24 - Home country
G9: C0080 | I9: C0080
B10: Premiums written
B11: Gross - Direct Business | C11: mi503 - Metric: Monetary|BC/Premiums written | D11: IZ.x1 - Accepted during the period | E11: TB.x28 - Direct Business | F11: R0110 | H11: R0110 | I11: DISS41_12(1,2)
B12: Gross - Proportional reinsurance accepted | C12: mi503 - Metric: Monetary|BC/Premiums written | D12: IZ.x1 - Accepted during the period | E12: TB.x107 - Proportional reinsurance accepted | F12: R0120 | H12: R0120 | I12: DISS41_12(2,2)
B13: Gross - Non-proportional reinsurance accepted | C13: mi503 - Metric: Monetary|BC/Premiums written | D13: IZ.x1 - Accepted during the period | E13: TB.x88 - Non-proportional reinsurance accepted | F13: R0130 | H13: R0130 | I13: DISS41_12(3,2)
B14: Reinsurers' share | D14: mi504 - Metric: Monetary|BC/Premiums written|CC/Ceded | E14: IZ.x1 - Accepted during the period | F14: R0140 | H14: R0140 | I14: DISS41_12(4,2)
B15: Net | D15: mi505 - Metric: Monetary|BC/Premiums written|CC/Not ceded | E15: IZ.x1 - Accepted during the period | F15: R0200 | G15: =G11+G12+G13-G14 -> 0 | H15: R0200 | I15: DISS41_12(5,2)
B16: Premiums earned
B17: Gross - Direct Business | C17: mi503 - Metric: Monetary|BC/Premiums written | D17: IZ.x18 - Covered during the period | E17: TB.x28 - Direct Business | F17: R0210 | H17: R0210 | I17: DISS41_12(6,2)
B18: Gross - Proportional reinsurance accepted | C18: mi503 - Metric: Monetary|BC/Premiums written | D18: IZ.x18 - Covered during the period | E18: TB.x107 - Proportional reinsurance accepted | F18: R0220 | H18: R0220 | I18: DISS41_12(7,2)
B19: Gross - Non-proportional reinsurance accepted | C19: mi503 - Metric: Monetary|BC/Premiums written | D19: IZ.x18 - Covered during the period | E19: TB.x88 - Non-proportional reinsurance accepted | F19: R0230 | H19: R0230 | I19: DISS41_12(8,2)
B20: Reinsurers' share | D20: mi504 - Metric: Monetary|BC/Premiums written|CC/Ceded | E20: IZ.x18 - Covered during the period | F20: R0240 | H20: R0240 | I20: DISS41_12(9,2)
B21: Net | D21: mi505 - Metric: Monetary|BC/Premiums written|CC/Not ceded | E21: IZ.x18 - Covered during the period | F21: R0300 | G21: =G17+G18+G19-G20 -> 0 | H21: R0300 | I21: DISS41_12(10,2)
B22: Claims incurred
B23: Gross - Direct Business | D23: mi283 - Metric: Monetary|BC/Claims incurred|AI/Other than salvages and subrogations | E23: TB.x28 - Direct Business | F23: R0310 | H23: R0310 | I23: DISS41_12(11,2)
B24: Gross - Proportional reinsurance accepted | D24: mi283 - Metric: Monetary|BC/Claims incurred|AI/Other than salvages and subrogations | E24: TB.x107 - Proportional reinsurance accepted | F24: R0320 | H24: R0320 | I24: DISS41_12(12,2)
B25: Gross - Non-proportional reinsurance accepted | D25: mi283 - Metric: Monetary|BC/Claims incurred|AI/Other than salvages and subrogations | E25: TB.x88 - Non-proportional reinsurance accepted | F25: R0330 | H25: R0330 | I25: DISS41_12(13,2)
B26: Reinsurers' share | E26: mi284 - Metric: Monetary|BC/Claims incurred|AI/Other than salvages and subrogations|CC/Ceded | F26: R0340 | H26: R0340 | I26: DISS41_12(14,2)
B27: Net | E27: mi285 - Metric: Monetary|BC/Claims incurred|AI/Other than salvages and subrogations|CC/Not ceded | F27: R0400 | G27: =G23+G24+G25-G26 -> 0 | H27: R0400 | I27: DISS41_12(15,2)
B28: Changes in other technical provisions
B29: Gross - Direct Business | D29: mi362 - Metric: Monetary|BC/Liability|LB/Gross technical provisions [local GAAP specific] | E29: TB.x28 - Direct Business | F29: R0410 | H29: R0410 | I29: DISS41_12(16,2)
B30: Gross - Proportional reinsurance accepted | D30: mi362 - Metric: Monetary|BC/Liability|LB/Gross technical provisions [local GAAP specific] | E30: TB.x107 - Proportional reinsurance accepted | F30: R0420 | H30: R0420 | I30: DISS41_12(17,2)
B31: Gross - Non-proportional reinsurance accepted | D31: mi362 - Metric: Monetary|BC/Liability|LB/Gross technical provisions [local GAAP specific] | E31: TB.x88 - Non-proportional reinsurance accepted | F31: R0430 | H31: R0430 | I31: DISS41_12(18,2)
B32: Reinsurers' share | E32: mi1808 - Metric: Monetary|BC/Liability|LB/Gross technical provisions [local GAAP specific]|CC/Ceded | F32: R0440 | H32: R0440 | I32: DISS41_12(19,2)
B33: Net | E33: mi1809 - Metric: Monetary|BC/Liability|LB/Gross technical provisions [local GAAP specific]|CC/Not ceded | F33: R0500 | G33: =G29+G30+G31-G32 -> 0 | H33: R0500 | I33: DISS41_12(20,2)
B34: Expenses incurred | E34: mi319 - Metric: Monetary|BC/Expenses|TE/Administration, investments management, claims management, acquisition and overhead|CC/Not ceded | F34: R0550 | H34: R0550 | I34: DISS41_12(21,2)
B35: Other expenses | F35: R1200 | H35: R1200
B36: Total expenses | F36: R1300 | H36: R1300

Sheet S.05.02.01.02
A1: Zpět na obsah | B1: S.05.02.01.02 - S.05.02.01.02 Top 5 countries (by amount of gross premiums written) - non-life obligations | O1: Mapování na DISS41_11 | S1: Převodní můstek číselníky
G3: DI.x5 - Year to Date | H3: VG.x84 - Statutory accounts
J4: Relevanntí země (bez CZ/Domovská země)je v této datové oblasti řešena přes dynamický sloupec (C0090.1-X), systém SDAT pro šablonu nelogicky generuje automaticky padesát sloupců, relevantních je však pouze pět. | P4: Ve starém systému SDNS byla datová oblast řešena prostřednictvím dynamického řádku, oproti dynamickému sloupci v SDAT
G6: *UNITREF=CZK, *DECIMALS=-1 | J6: Country (by amount of gross premiums written) - non-life obligations | P6: Country (by amount of gross premiums written) - non-life obligations
J7: Dynamic | P7: Dynamic
J8: C0090.1 | K8: C0090.2 | L8: C0090.3 | M8: C0090.4 | N8: C0090.5 | P8: C0090
B9: Country | H9: LG - Localization of activity | I9: R0010 | J9: s2c_GA:CZ (CZECHIA) | K9: GA18 | L9: GA18 | M9: GA18 | N9: GA18 | O9: R0010 | P9: DISS41_11(*,1) B0025 DS_CIZEM
B10: Premiums written
B11: Gross - Direct Business | C11: mi503 - Metric: Monetary|BC/Premiums written | D11: BI.x6 - 5 biggest | E11: BL.x79 - Non-life and Health non-SLT | F11: EE.x74 - Other than home country | G11: IZ.x1 - Accepted during the period | H11: TB.x28 - Direct Business | I11: R0110 | O11: R0110 | P11: DISS41_11(*,2)
B12: Gross - Proportional reinsurance accepted | C12: mi503 - Metric: Monetary|BC/Premiums written | D12: BI.x6 - 5 biggest | E12: BL.x79 - Non-life and Health non-SLT | F12: EE.x74 - Other than home country | G12: IZ.x1 - Accepted during the period | H12: TB.x107 - Proportional reinsurance accepted | I12: R0120 | O12: R0120 | P12: DISS41_11(*,3)
B13: Gross - Non-proportional reinsurance accepted | C13: mi503 - Metric: Monetary|BC/Premiums written | D13: BI.x6 - 5 biggest | E13: BL.x79 - Non-life and Health non-SLT | F13: EE.x74 - Other than home country | G13: IZ.x1 - Accepted during the period | H13: TB.x88 - Non-proportional reinsurance accepted | I13: R0130 | O13: R0130 | P13: DISS41_11(*,4)
B14: Reinsurers' share | D14: mi504 - Metric: Monetary|BC/Premiums written|CC/Ceded | E14: BI.x6 - 5 biggest | F14: BL.x79 - Non-life and Health non-SLT | G14: EE.x74 - Other than home country | H14: IZ.x1 - Accepted during the period | I14: R0140 | O14: R0140 | P14: DISS41_11(*,5)
B15: Net | D15: mi505 - Metric: Monetary|BC/Premiums written|CC/Not ceded | E15: BI.x6 - 5 biggest | F15: BL.x79 - Non-life and Health non-SLT | G15: EE.x74 - Other than home country | H15: IZ.x1 - Accepted during the period | I15: R0200 | J15: =J11+J12+J13-J14 -> 0 | K15: =K11+K12+K13-K14 -> 0 | L15: =L11+L12+L13-L14 -> 0 | M15: =M11+M12+M13-M14 -> 0 | N15: =N11+N12+N13-N14 -> 0 | O15: R0200 | P15: DISS41_11(*,6)
B16: Premiums earned
B17: Gross - Direct Business | C17: mi503 - Metric: Monetary|BC/Premiums written | D17: BI.x6 - 5 biggest | E17: BL.x79 - Non-life and Health non-SLT | F17: EE.x74 - Other than home country | G17: IZ.x18 - Covered during the period | H17: TB.x28 - Direct Business | I17: R0210 | O17: R0210 | P17: DISS41_11(*,7)
B18: Gross - Proportional reinsurance accepted | C18: mi503 - Metric: Monetary|BC/Premiums written | D18: BI.x6 - 5 biggest | E18: BL.x79 - Non-life and Health non-SLT | F18: EE.x74 - Other than home country | G18: IZ.x18 - Covered during the period | H18: TB.x107 - Proportional reinsurance accepted | I18: R0220 | O18: R0220 | P18: DISS41_11(*,8)
B19: Gross - Non-proportional reinsurance accepted | C19: mi503 - Metric: Monetary|BC/Premiums written | D19: BI.x6 - 5 biggest | E19: BL.x79 - Non-life and Health non-SLT | F19: EE.x74 - Other than home country | G19: IZ.x18 - Covered during the period | H19: TB.x88 - Non-proportional reinsurance accepted | I19: R0230 | O19: R0230 | P19: DISS41_11(*,9)
B20: Reinsurers' share | D20: mi504 - Metric: Monetary|BC/Premiums written|CC/Ceded | E20: BI.x6 - 5 biggest | F20: BL.x79 - Non-life and Health non-SLT | G20: EE.x74 - Other than home country | H20: IZ.x18 - Covered during the period | I20: R0240 | O20: R0240 | P20: DISS41_11(*,10)
B21: Net | D21: mi505 - Metric: Monetary|BC/Premiums written|CC/Not ceded | E21: BI.x6 - 5 biggest | F21: BL.x79 - Non-life and Health non-SLT | G21: EE.x74 - Other than home country | H21: IZ.x18 - Covered during the period | I21: R0300 | J21: =J17+J18+J19-J20 -> 0 | K21: =K17+K18+K19-K20 -> 0 | L21: =L17+L18+L19-L20 -> 0 | M21: =M17+M18+M19-M20 -> 0 | N21: =N17+N18+N19-N20 -> 0 | O21: R0300 | P21: DISS41_11(*,11)
B22: Claims incurred
B23: Gross - Direct Business | D23: mi283 - Metric: Monetary|BC/Claims incurred|AI/Other than salvages and subrogations | E23: BI.x6 - 5 biggest | F23: BL.x79 - Non-life and Health non-SLT | G23: EE.x74 - Other than home country | H23: TB.x28 - Direct Business | I23: R0310 | O23: R0310 | P23: DISS41_11(*,12)
B24: Gross - Proportional reinsurance accepted | D24: mi283 - Metric: Monetary|BC/Claims incurred|AI/Other than salvages and subrogations | E24: BI.x6 - 5 biggest | F24: BL.x79 - Non-life and Health non-SLT | G24: EE.x74 - Other than home country | H24: TB.x107 - Proportional reinsurance accepted | I24: R0320 | O24: R0320 | P24: DISS41_11(*,13)
B25: Gross - Non-proportional reinsurance accepted | D25: mi283 - Metric: Monetary|BC/Claims incurred|AI/Other than salvages and subrogations | E25: BI.x6 - 5 biggest | F25: BL.x79 - Non-life and Health non-SLT | G25: EE.x74 - Other than home country | H25: TB.x88 - Non-proportional reinsurance accepted | I25: R0330 | O25: R0330 | P25: DISS41_11(*,14)
B26: Reinsurers' share | E26: mi284 - Metric: Monetary|BC/Claims incurred|AI/Other than salvages and subrogations|CC/Ceded | F26: BI.x6 - 5 biggest | G26: BL.x79 - Non-life and Health non-SLT | H26: EE.x74 - Other than home country | I26: R0340 | O26: R0340 | P26: DISS41_11(*,15)
B27: Net | E27: mi285 - Metric: Monetary|BC/Claims incurred|AI/Other than salvages and subrogations|CC/Not ceded | F27: BI.x6 - 5 biggest | G27: BL.x79 - Non-life and Health non-SLT | H27: EE.x74 - Other than home country | I27: R0400 | J27: =J23+J24+J25-J26 -> 0 | K27: =K23+K24+K25-K26 -> 0 | L27: =L23+L24+L25-L26 -> 0 | M27: =M23+M24+M25-M26 -> 0 | N27: =N23+N24+N25-N26 -> 0 | O27: R0400 | P27: DISS41_11(*,16)
B28: Changes in other technical provisions
B29: Gross - Direct Business | D29: mi362 - Metric: Monetary|BC/Liability|LB/Gross technical provisions [local GAAP specific] | E29: BI.x6 - 5 biggest | F29: BL.x79 - Non-life and Health non-SLT | G29: EE.x74 - Other than home country | H29: TB.x28 - Direct Business | I29: R0410 | O29: R0410 | P29: DISS41_11(*,17)
B30: Gross - Proportional reinsurance accepted | D30: mi362 - Metric: Monetary|BC/Liability|LB/Gross technical provisions [local GAAP specific] | E30: BI.x6 - 5 biggest | F30: BL.x79 - Non-life and Health non-SLT | G30: EE.x74 - Other than home country | H30: TB.x107 - Proportional reinsurance accepted | I30: R0420 | O30: R0420 | P30: DISS41_11(*,18)
B31: Gross - Non-proportional reinsurance accepted | D31: mi362 - Metric: Monetary|BC/Liability|LB/Gross technical provisions [local GAAP specific] | E31: BI.x6 - 5 biggest | F31: BL.x79 - Non-life and Health non-SLT | G31: EE.x74 - Other than home country | H31: TB.x88 - Non-proportional reinsurance accepted | I31: R0430 | O31: R0430 | P31: DISS41_11(*,19)
B32: Reinsurers' share | E32: mi1808 - Metric: Monetary|BC/Liability|LB/Gross technical provisions [local GAAP specific]|CC/Ceded | F32: BI.x6 - 5 biggest | G32: BL.x79 - Non-life and Health non-SLT | H32: EE.x74 - Other than home country | I32: R0440 | O32: R0440 | P32: DISS41_11(*,20)
B33: Net | E33: mi1809 - Metric: Monetary|BC/Liability|LB/Gross technical provisions [local GAAP specific]|CC/Not ceded | F33: BI.x6 - 5 biggest | G33: BL.x79 - Non-life and Health non-SLT | H33: EE.x74 - Other than home country | I33: R0500 | J33: =J29+J30+J31-J32 -> 0 | K33: =K29+K30+K31-K32 -> 0 | L33: =L29+L30+L31-L32 -> 0 | M33: =M29+M30+M31-M32 -> 0 | N33: =N29+N30+N31-N32 -> 0 | O33: R0500 | P33: DISS41_11(*,21)
B34: Expenses incurred | E34: mi319 - Metric: Monetary|BC/Expenses|TE/Administration, investments management, claims management, acquisition and overhead|CC/Not ceded | F34: BI.x6 - 5 biggest | G34: BL.x79 - Non-life and Health non-SLT | H34: EE.x74 - Other than home country | I34: R0550 | O34: R0550 | P34: DISS41_11(*,22)
B35: Other expenses | I35: R1200 | O35: R1200
B36: Total expenses | I36: R1300 | O36: R1300

Sheet S.05.02.01.03
A1: Zpět na obsah | B1: S.05.02.01.03 - S.05.02.01.03 Total Top 5 and home country - non-life obligations | H1: Mapování na DISS41_12 část II.
D3: DI.x5 - Year to Date | E3: VG.x84 - Statutory accounts
G6: Total Top 5 and home country | I6: Total Top 5 and home country
G7: BI.x72 - 5 biggest and home country | I7: BI.x72 - 5 biggest and home country
G8: BL.x79 - Non-life and Health non-SLT | I8: BL.x79 - Non-life and Health non-SLT
C9: *UNITREF=CZK, *DECIMALS=-1 | G9: C0140 | I9: C0140
B10: Premiums written
B11: Gross - Direct Business | C11: mi503 - Metric: Monetary|BC/Premiums written | D11: IZ.x1 - Accepted during the period | E11: TB.x28 - Direct Business | F11: R0110 | G11: =S.05.02.01.01!G11+S.05.02.01.02!J11+S.05.02.01.02!K11+S.05.02.01.02!L11+S.05.02.01.02!M11+S.05.02.01.02!N11 -> 0 | H11: R0110 | I11: DISS41_12(1,1)
B12: Gross - Proportional reinsurance accepted | C12: mi503 - Metric: Monetary|BC/Premiums written | D12: IZ.x1 - Accepted during the period | E12: TB.x107 - Proportional reinsurance accepted | F12: R0120 | G12: =S.05.02.01.01!G12+S.05.02.01.02!J12+S.05.02.01.02!K12+S.05.02.01.02!L12+S.05.02.01.02!M12+S.05.02.01.02!N12 -> 0 | H12: R0120 | I12: DISS41_12(2,1)
B13: Gross - Non-proportional reinsurance accepted | C13: mi503 - Metric: Monetary|BC/Premiums written | D13: IZ.x1 - Accepted during the period | E13: TB.x88 - Non-proportional reinsurance accepted | F13: R0130 | G13: =S.05.02.01.01!G13+S.05.02.01.02!J13+S.05.02.01.02!K13+S.05.02.01.02!L13+S.05.02.01.02!M13+S.05.02.01.02!N13 -> 0 | H13: R0130 | I13: DISS41_12(3,1)
B14: Reinsurers' share | D14: mi504 - Metric: Monetary|BC/Premiums written|CC/Ceded | E14: IZ.x1 - Accepted during the period | F14: R0140 | G14: =S.05.02.01.01!G14+S.05.02.01.02!J14+S.05.02.01.02!K14+S.05.02.01.02!L14+S.05.02.01.02!M14+S.05.02.01.02!N14 -> 0 | H14: R0140 | I14: DISS41_12(4,1)
B15: Net | D15: mi505 - Metric: Monetary|BC/Premiums written|CC/Not ceded | E15: IZ.x1 - Accepted during the period | F15: R0200 | G15: =G11+G12+G13-G14 -> 0 | H15: R0200 | I15: DISS41_12(5,1)
B16: Premiums earned
B17: Gross - Direct Business | C17: mi503 - Metric: Monetary|BC/Premiums written | D17: IZ.x18 - Covered during the period | E17: TB.x28 - Direct Business | F17: R0210 | G17: =S.05.02.01.01!G17+S.05.02.01.02!J17+S.05.02.01.02!K17+S.05.02.01.02!L17+S.05.02.01.02!M17+S.05.02.01.02!N17 -> 0 | H17: R0210 | I17: DISS41_12(6,1)
B18: Gross - Proportional reinsurance accepted | C18: mi503 - Metric: Monetary|BC/Premiums written | D18: IZ.x18 - Covered during the period | E18: TB.x107 - Proportional reinsurance accepted | F18: R0220 | G18: =S.05.02.01.01!G18+S.05.02.01.02!J18+S.05.02.01.02!K18+S.05.02.01.02!L18+S.05.02.01.02!M18+S.05.02.01.02!N18 -> 0 | H18: R0220 | I18: DISS41_12(7,1)
B19: Gross - Non-proportional reinsurance accepted | C19: mi503 - Metric: Monetary|BC/Premiums written | D19: IZ.x18 - Covered during the period | E19: TB.x88 - Non-proportional reinsurance accepted | F19: R0230 | G19: =S.05.02.01.01!G19+S.05.02.01.02!J19+S.05.02.01.02!K19+S.05.02.01.02!L19+S.05.02.01.02!M19+S.05.02.01.02!N19 -> 0 | H19: R0230 | I19: DISS41_12(8,1)
B20: Reinsurers' share | D20: mi504 - Metric: Monetary|BC/Premiums written|CC/Ceded | E20: IZ.x18 - Covered during the period | F20: R0240 | G20: =S.05.02.01.01!G20+S.05.02.01.02!J20+S.05.02.01.02!K20+S.05.02.01.02!L20+S.05.02.01.02!M20+S.05.02.01.02!N20 -> 0 | H20: R0240 | I20: DISS41_12(9,1)
B21: Net | D21: mi505 - Metric: Monetary|BC/Premiums written|CC/Not ceded | E21: IZ.x18 - Covered during the period | F21: R0300 | G21: =G17+G18+G19-G20 -> 0 | H21: R0300 | I21: DISS41_12(10,1)
B22: Claims incurred
B23: Gross - Direct Business | D23: mi283 - Metric: Monetary|BC/Claims incurred|AI/Other than salvages and subrogations | E23: TB.x28 - Direct Business | F23: R0310 | G23: =S.05.02.01.01!G23+S.05.02.01.02!J23+S.05.02.01.02!K23+S.05.02.01.02!L23+S.05.02.01.02!M23+S.05.02.01.02!N23 -> 0 | H23: R0310 | I23: DISS41_12(11,1)
B24: Gross - Proportional reinsurance accepted | D24: mi283 - Metric: Monetary|BC/Claims incurred|AI/Other than salvages and subrogations | E24: TB.x107 - Proportional reinsurance accepted | F24: R0320 | G24: =S.05.02.01.01!G24+S.05.02.01.02!J24+S.05.02.01.02!K24+S.05.02.01.02!L24+S.05.02.01.02!M24+S.05.02.01.02!N24 -> 0 | H24: R0320 | I24: DISS41_12(12,1)
B25: Gross - Non-proportional reinsurance accepted | D25: mi283 - Metric: Monetary|BC/Claims incurred|AI/Other than salvages and subrogations | E25: TB.x88 - Non-proportional reinsurance accepted | F25: R0330 | G25: =S.05.02.01.01!G25+S.05.02.01.02!J25+S.05.02.01.02!K25+S.05.02.01.02!L25+S.05.02.01.02!M25+S.05.02.01.02!N25 -> 0 | H25: R0330 | I25: DISS41_12(13,1)
B26: Reinsurers' share | E26: mi284 - Metric: Monetary|BC/Claims incurred|AI/Other than salvages and subrogations|CC/Ceded | F26: R0340 | G26: =S.05.02.01.01!G26+S.05.02.01.02!J26+S.05.02.01.02!K26+S.05.02.01.02!L26+S.05.02.01.02!M26+S.05.02.01.02!N26 -> 0 | H26: R0340 | I26: DISS41_12(14,1)
B27: Net | E27: mi285 - Metric: Monetary|BC/Claims incurred|AI/Other than salvages and subrogations|CC/Not ceded | F27: R0400 | G27: =G23+G24+G25-G26 -> 0 | H27: R0400 | I27: DISS41_12(15,1)
B28: Changes in other technical provisions
B29: Gross - Direct Business | D29: mi362 - Metric: Monetary|BC/Liability|LB/Gross technical provisions [local GAAP specific] | E29: TB.x28 - Direct Business | F29: R0410 | G29: =S.05.02.01.01!G29+S.05.02.01.02!J29+S.05.02.01.02!K29+S.05.02.01.02!L29+S.05.02.01.02!M29+S.05.02.01.02!N29 -> 0 | H29: R0410 | I29: DISS41_12(16,1)
B30: Gross - Proportional reinsurance accepted | D30: mi362 - Metric: Monetary|BC/Liability|LB/Gross technical provisions [local GAAP specific] | E30: TB.x107 - Proportional reinsurance accepted | F30: R0420 | G30: =S.05.02.01.01!G30+S.05.02.01.02!J30+S.05.02.01.02!K30+S.05.02.01.02!L30+S.05.02.01.02!M30+S.05.02.01.02!N30 -> 0 | H30: R0420 | I30: DISS41_12(17,1)
B31: Gross - Non-proportional reinsurance accepted | D31: mi362 - Metric: Monetary|BC/Liability|LB/Gross technical provisions [local GAAP specific] | E31: TB.x88 - Non-proportional reinsurance accepted | F31: R0430 | G31: =S.05.02.01.01!G31+S.05.02.01.02!J31+S.05.02.01.02!K31+S.05.02.01.02!L31+S.05.02.01.02!M31+S.05.02.01.02!N31 -> 0 | H31: R0430 | I31: DISS41_12(18,1)
B32: Reinsurers' share | E32: mi1808 - Metric: Monetary|BC/Liability|LB/Gross technical provisions [local GAAP specific]|CC/Ceded | F32: R0440 | G32: =S.05.02.01.01!G32+S.05.02.01.02!J32+S.05.02.01.02!K32+S.05.02.01.02!L32+S.05.02.01.02!M32+S.05.02.01.02!N32 -> 0 | H32: R0440 | I32: DISS41_12(19,1)
B33: Net | E33: mi1809 - Metric: Monetary|BC/Liability|LB/Gross technical provisions [local GAAP specific]|CC/Not ceded | F33: R0500 | G33: =G29+G30+G31-G32 -> 0 | H33: R0500 | I33: DISS41_12(20,1)
B34: Expenses incurred | E34: mi319 - Metric: Monetary|BC/Expenses|TE/Administration, investments management, claims management, acquisition and overhead|CC/Not ceded | F34: R0550 | G34: =S.05.02.01.01!G34+S.05.02.01.02!J34+S.05.02.01.02!K34+S.05.02.01.02!L34+S.05.02.01.02!M34+S.05.02.01.02!N34 -> 0 | H34: R0550 | I34: DISS41_12(21,1)
B35: Other expenses | E35: mi331 - Metric: Monetary|BC/Expenses|TE/Other than administration, investments management, claims management, acquisition and overhead|CC/Not ceded | F35: R1200 | H35: R1200 | I35: DISS41_12(22,1)
B36: Total expenses | E36: mi336 - Metric: Monetary|BC/Expenses|CC/Not ceded | F36: R1300 | G36: =G34+G35 -> 0 | H36: R1300 | I36: DISS41_12(23,1)

Sheet S.05.02.01.04
A1: Zpět na obsah | B1: S.05.02.01.04 - S.05.02.01.04 Home Country - life obligations | G1: Mapování na DISS41_22
C3: DI.x5 - Year to Date | D3: VG.x84 - Statutory accounts
D6: *UNITREF=CZK, *DECIMALS=-1 | F6: Home country | H6: Home country
F7: BL.x65 - Life and Health SLT | H7: BL.x65 - Life and Health SLT
F8: EE.x24 - Home country | H8: EE.x24 - Home country
F9: C0220 | H9: C0220
B10: Premiums written
B11: Gross | C11: mi503 - Metric: Monetary|BC/Premiums written | D11: IZ.x1 - Accepted during the period | E11: R1410 | G11: R1410 | H11: DISS41_22(1,2)
B12: Reinsurers' share | C12: mi504 - Metric: Monetary|BC/Premiums written|CC/Ceded | D12: IZ.x1 - Accepted during the period | E12: R1420 | G12: R1420 | H12: DISS41_22(2,2)
B13: Net | C13: mi505 - Metric: Monetary|BC/Premiums written|CC/Not ceded | D13: IZ.x1 - Accepted during the period | E13: R1500 | F13: =F11-F12 -> 0 | G13: R1500 | H13: DISS41_22(3,2)
B14: Premiums earned
B15: Gross | C15: mi503 - Metric: Monetary|BC/Premiums written | D15: IZ.x18 - Covered during the period | E15: R1510 | G15: R1510 | H15: DISS41_22(4,2)
B16: Reinsurers' share | C16: mi504 - Metric: Monetary|BC/Premiums written|CC/Ceded | D16: IZ.x18 - Covered during the period | E16: R1520 | G16: R1520 | H16: DISS41_22(5,2)
B17: Net | C17: mi505 - Metric: Monetary|BC/Premiums written|CC/Not ceded | D17: IZ.x18 - Covered during the period | E17: R1600 | F17: =F15-F16 -> 0 | G17: R1600 | H17: DISS41_22(6,2)
B18: Claims incurred
B19: Gross | D19: mi281 - Metric: Monetary|BC/Claims incurred | E19: R1610 | G19: R1610 | H19: DISS41_22(7,2)
B20: Reinsurers' share | D20: mi287 - Metric: Monetary|BC/Claims incurred|CC/Ceded | E20: R1620 | G20: R1620 | H20: DISS41_22(8,2)
B21: Net | D21: mi288 - Metric: Monetary|BC/Claims incurred|CC/Not ceded | E21: R1700 | F21: =F19-F20 -> 0 | G21: R1700 | H21: DISS41_22(9,2)
B22: Changes in other technical provisions
B23: Gross | D23: mi362 - Metric: Monetary|BC/Liability|LB/Gross technical provisions [local GAAP specific] | E23: R1710 | G23: R1710 | H23: DISS41_22(10,2)
B24: Reinsurers' share | D24: mi1808 - Metric: Monetary|BC/Liability|LB/Gross technical provisions [local GAAP specific]|CC/Ceded | E24: R1720 | G24: R1720 | H24: DISS41_22(11,2)
B25: Net | D25: mi1809 - Metric: Monetary|BC/Liability|LB/Gross technical provisions [local GAAP specific]|CC/Not ceded | E25: R1800 | F25: =F23-F24 -> 0 | G25: R1800 | H25: DISS41_22(12,2)
B26: Expenses incurred | D26: mi319 - Metric: Monetary|BC/Expenses|TE/Administration, investments management, claims management, acquisition and overhead|CC/Not ceded | E26: R1900 | G26: R1900 | H26: DISS41_22(13,2)
B27: Other expenses | E27: R2500 | G27: R2500
B28: Total expenses | E28: R2600 | G28: R2600

Sheet S.05.02.01.05
A1: Zpět na obsah | B1: S.05.02.01.05 - S.05.02.01.05 Top 5 countries (by amount of gross premiums written) - life obligations | N1: Mapování na DISS41_21
R2: Převodní můstek číselníky
F3: DI.x5 - Year to Date | G3: VG.x84 - Statutory accounts
I4: Relevanntí země (bez CZ/Domovská země)je v této datové oblasti řešena přes dynamický sloupec (C0230.1-X), systém SDAT pro šablonu nelogicky generuje automaticky padesát sloupců, relevantních je však pouze pět. | O4: Ve starém systému SDNS byla datová oblast řešena prostřednictvím dynamického řádku, oproti dynamickému sloupci v SDAT
I6: Country (by amount of gross premiums written) - life obligations | O6: Country (by amount of gross premiums written) - non-life obligations
D7: *UNITREF=CZK, *DECIMALS=-1 | I7: Dynamic | O7: Dynamic
I8: C0230.1 | J8: C0230.2 | K8: C0230.3 | L8: C0230.4 | M8: C0230.5 | O8: C0230
B9: Country | G9: LG - Localization of activity | H9: R0010 | I9: s2c_GA:CZ (CZECHIA) | J9: GA18 | K9: GA18 | L9: GA18 | M9: GA18 | N9: R0010 | O9: DISS41_21(*,1) B0025 DS_CIZEM
B10: Premiums written
B11: Gross | C11: mi503 - Metric: Monetary|BC/Premiums written | D11: BI.x6 - 5 biggest | E11: BL.x65 - Life and Health SLT | F11: EE.x74 - Other than home country | G11: IZ.x1 - Accepted during the period | H11: R1410 | N11: R1410 | O11: DISS41_21(*,2)
B12: Reinsurers' share | C12: mi504 - Metric: Monetary|BC/Premiums written|CC/Ceded | D12: BI.x6 - 5 biggest | E12: BL.x65 - Life and Health SLT | F12: EE.x74 - Other than home country | G12: IZ.x1 - Accepted during the period | H12: R1420 | N12: R1420 | O12: DISS41_21(*,3)
B13: Net | C13: mi505 - Metric: Monetary|BC/Premiums written|CC/Not ceded | D13: BI.x6 - 5 biggest | E13: BL.x65 - Life and Health SLT | F13: EE.x74 - Other than home country | G13: IZ.x1 - Accepted during the period | H13: R1500 | I13: =I11-I12 -> 0 | J13: =J11-J12 -> 0 | K13: =K11-K12 -> 0 | L13: =L11-L12 -> 0 | M13: =M11-M12 -> 0 | N13: R1500 | O13: DISS41_21(*,4)
B14: Premiums earned
B15: Gross | C15: mi503 - Metric: Monetary|BC/Premiums written | D15: BI.x6 - 5 biggest | E15: BL.x65 - Life and Health SLT | F15: EE.x74 - Other than home country | G15: IZ.x18 - Covered during the period | H15: R1510 | N15: R1510 | O15: DISS41_21(*,5)
B16: Reinsurers' share | C16: mi504 - Metric: Monetary|BC/Premiums written|CC/Ceded | D16: BI.x6 - 5 biggest | E16: BL.x65 - Life and Health SLT | F16: EE.x74 - Other than home country | G16: IZ.x18 - Covered during the period | H16: R1520 | N16: R1520 | O16: DISS41_21(*,6)
B17: Net | C17: mi505 - Metric: Monetary|BC/Premiums written|CC/Not ceded | D17: BI.x6 - 5 biggest | E17: BL.x65 - Life and Health SLT | F17: EE.x74 - Other than home country | G17: IZ.x18 - Covered during the period | H17: R1600 | I17: =I15-I16 -> 0 | J17: =J15-J16 -> 0 | K17: =K15-K16 -> 0 | L17: =L15-L16 -> 0 | M17: =M15-M16 -> 0 | N17: R1600 | O17: DISS41_21(*,7)
B18: Claims incurred
B19: Gross | D19: mi281 - Metric: Monetary|BC/Claims incurred | E19: BI.x6 - 5 biggest | F19: BL.x65 - Life and Health SLT | G19: EE.x74 - Other than home country | H19: R1610 | N19: R1610 | O19: DISS41_21(*,8)
B20: Reinsurers' share | D20: mi287 - Metric: Monetary|BC/Claims incurred|CC/Ceded | E20: BI.x6 - 5 biggest | F20: BL.x65 - Life and Health SLT | G20: EE.x74 - Other than home country | H20: R1620 | N20: R1620 | O20: DISS41_21(*,9)
B21: Net | D21: mi288 - Metric: Monetary|BC/Claims incurred|CC/Not ceded | E21: BI.x6 - 5 biggest | F21: BL.x65 - Life and Health SLT | G21: EE.x74 - Other than home country | H21: R1700 | I21: =I19-I20 -> 0 | J21: =J19-J20 -> 0 | K21: =K19-K20 -> 0 | L21: =L19-L20 -> 0 | M21: =M19-M20 -> 0 | N21: R1700 | O21: DISS41_21(*,10)
B22: Changes in other technical provisions
B23: Gross | D23: mi362 - Metric: Monetary|BC/Liability|LB/Gross technical provisions [local GAAP specific] | E23: BI.x6 - 5 biggest | F23: BL.x65 - Life and Health SLT | G23: EE.x74 - Other than home country | H23: R1710 | N23: R1710 | O23: DISS41_21(*,11)
B24: Reinsurers' share | D24: mi1808 - Metric: Monetary|BC/Liability|LB/Gross technical provisions [local GAAP specific]|CC/Ceded | E24: BI.x6 - 5 biggest | F24: BL.x65 - Life and Health SLT | G24: EE.x74 - Other than home country | H24: R1720 | N24: R1720 | O24: DISS41_21(*,12)
B25: Net | D25: mi1809 - Metric: Monetary|BC/Liability|LB/Gross technical provisions [local GAAP specific]|CC/Not ceded | E25: BI.x6 - 5 biggest | F25: BL.x65 - Life and Health SLT | G25: EE.x74 - Other than home country | H25: R1800 | I25: =I23-I24 -> 0 | J25: =J23-J24 -> 0 | K25: =K23-K24 -> 0 | L25: =L23-L24 -> 0 | M25: =M23-M24 -> 0 | N25: R1800 | O25: DISS41_21(*,13)
B26: Expenses incurred | D26: mi319 - Metric: Monetary|BC/Expenses|TE/Administration, investments management, claims management, acquisition and overhead|CC/Not ceded | E26: BI.x6 - 5 biggest | F26: BL.x65 - Life and Health SLT | G26: EE.x74 - Other than home country | H26: R1900 | N26: R1900 | O26: DISS41_21(*,14)
B27: Other expenses | H27: R2500 | N27: R2500
B28: Total expenses | H28: R2600 | N28: R2600

Sheet S.05.02.01.06
A1: Zpět na obsah | B1: S.05.02.01.06 - S.05.02.01.06 Total Top 5 and home country - life obligations | G1: Mapování na DISS41_22
C3: DI.x5 - Year to Date | D3: VG.x84 - Statutory accounts
F6: Total Top 5 and home country | H6: Total Top 5 and home country
F7: BI.x72 - 5 biggest and home country | H7: BI.x72 - 5 biggest and home country
F8: BL.x65 - Life and Health SLT | H8: BL.x65 - Life and Health SLT
C9: *UNITREF=CZK, *DECIMALS=-1 | F9: C0280 | H9: C0280
B10: Premiums written
B11: Gross | C11: mi503 - Metric: Monetary|BC/Premiums written | D11: IZ.x1 - Accepted during the period | E11: R1410 | F11: =S.05.02.01.04!F11+S.05.02.01.05!I11+S.05.02.01.05!J11+S.05.02.01.05!K11+S.05.02.01.05!L11+S.05.02.01.05!M11 -> 0 | G11: R1410 | H11: DISS41_22(1,1)
B12: Reinsurers' share | C12: mi504 - Metric: Monetary|BC/Premiums written|CC/Ceded | D12: IZ.x1 - Accepted during the period | E12: R1420 | F12: =S.05.02.01.04!F12+S.05.02.01.05!I12+S.05.02.01.05!J12+S.05.02.01.05!K12+S.05.02.01.05!L12+S.05.02.01.05!M12 -> 0 | G12: R1420 | H12: DISS41_22(2,1)
B13: Net | C13: mi505 - Metric: Monetary|BC/Premiums written|CC/Not ceded | D13: IZ.x1 - Accepted during the period | E13: R1500 | F13: =F11-F12 -> 0 | G13: R1500 | H13: DISS41_22(3,1)
B14: Premiums earned
B15: Gross | C15: mi503 - Metric: Monetary|BC/Premiums written | D15: IZ.x18 - Covered during the period | E15: R1510 | F15: =S.05.02.01.04!F15+S.05.02.01.05!I15+S.05.02.01.05!J15+S.05.02.01.05!K15+S.05.02.01.05!L15+S.05.02.01.05!M15 -> 0 | G15: R1510 | H15: DISS41_22(4,1)
B16: Reinsurers' share | C16: mi504 - Metric: Monetary|BC/Premiums written|CC/Ceded | D16: IZ.x18 - Covered during the period | E16: R1520 | F16: =S.05.02.01.04!F16+S.05.02.01.05!I16+S.05.02.01.05!J16+S.05.02.01.05!K16+S.05.02.01.05!L16+S.05.02.01.05!M16 -> 0 | G16: R1520 | H16: DISS41_22(5,1)
B17: Net | C17: mi505 - Metric: Monetary|BC/Premiums written|CC/Not ceded | D17: IZ.x18 - Covered during the period | E17: R1600 | F17: =F15-F16 -> 0 | G17: R1600 | H17: DISS41_22(6,1)
B18: Claims incurred
B19: Gross | D19: mi281 - Metric: Monetary|BC/Claims incurred | E19: R1610 | F19: =S.05.02.01.04!F19+S.05.02.01.05!I19+S.05.02.01.05!J19+S.05.02.01.05!K19+S.05.02.01.05!L19+S.05.02.01.05!M19 -> 0 | G19: R1610 | H19: DISS41_22(7,1)
B20: Reinsurers' share | D20: mi287 - Metric: Monetary|BC/Claims incurred|CC/Ceded | E20: R1620 | F20: =S.05.02.01.04!F20+S.05.02.01.05!I20+S.05.02.01.05!J20+S.05.02.01.05!K20+S.05.02.01.05!L20+S.05.02.01.05!M20 -> 0 | G20: R1620 | H20: DISS41_22(8,1)
B21: Net | D21: mi288 - Metric: Monetary|BC/Claims incurred|CC/Not ceded | E21: R1700 | F21: =F19-F20 -> 0 | G21: R1700 | H21: DISS41_22(9,1)
B22: Changes in other technical provisions
B23: Gross | D23: mi362 - Metric: Monetary|BC/Liability|LB/Gross technical provisions [local GAAP specific] | E23: R1710 | F23: =S.05.02.01.04!F23+S.05.02.01.05!I23+S.05.02.01.05!J23+S.05.02.01.05!K23+S.05.02.01.05!L23+S.05.02.01.05!M23 -> 0 | G23: R1710 | H23: DISS41_22(10,1)
B24: Reinsurers' share | D24: mi1808 - Metric: Monetary|BC/Liability|LB/Gross technical provisions [local GAAP specific]|CC/Ceded | E24: R1720 | F24: =S.05.02.01.04!F24+S.05.02.01.05!I24+S.05.02.01.05!J24+S.05.02.01.05!K24+S.05.02.01.05!L24+S.05.02.01.05!M24 -> 0 | G24: R1720 | H24: DISS41_22(11,1)
B25: Net | D25: mi1809 - Metric: Monetary|BC/Liability|LB/Gross technical provisions [local GAAP specific]|CC/Not ceded | E25: R1800 | F25: =F23-F24 -> 0 | G25: R1800 | H25: DISS41_22(12,1)
B26: Expenses incurred | D26: mi319 - Metric: Monetary|BC/Expenses|TE/Administration, investments management, claims management, acquisition and overhead|CC/Not ceded | E26: R1900 | F26: =S.05.02.01.04!F26+S.05.02.01.05!I26+S.05.02.01.05!J26+S.05.02.01.05!K26+S.05.02.01.05!L26+S.05.02.01.05!M26 -> 0 | G26: R1900 | H26: DISS41_22(13,1)
B27: Other expenses | D27: mi331 - Metric: Monetary|BC/Expenses|TE/Other than administration, investments management, claims management, acquisition and overhead|CC/Not ceded | E27: R2500 | G27: R2500 | H27: DISS41_22(14,1)
B28: Total expenses | D28: mi336 - Metric: Monetary|BC/Expenses|CC/Not ceded | E28: R2600 | G28: R2600 | H28: DISS41_22(15,1)

Sheet SE.06.02.16.01
A1: Zpět na obsah | B1: SE.06.02.16.01 - List of assets. Information on positions held | V1: Mapování na ROSS25_11 | X1: Převodní můstek číselníky
B3: SU.x168 - Assets other than derivatives and Assets held as collateral
D6: Line identification | E6: Asset ID Code and Type of code | F6: Fund number | G6: Matching portfolio number | H6: Portfolio | I6: Asset held in unit linked and index linked contracts | J6: Asset pledged as collateral | K6: Country of custody | L6: Custodian | M6: Quantity | N6: Par amount | O6: Write-offs/write-downs | P6: Valuation method | Q6: Acquisition value | R6: Total Solvency II amount | S6: Accrued interest | T6: Nastavení atributu Decimals | U6: Line identification | V6: Asset ID Code and Type of code | X6: Fund number | Y6: Matching portfolio number | Z6: Portfolio | AA6: Asset held in unit linked and index linked contracts | AB6: Asset pledged as collateral | AC6: Country of custody | AD6: Custodian | AE6: Quantity | AF6: Par amount | AG6: Write-offs/write-downs | AH6: Valuation method | AI6: Acquisition value | AJ6: Total Solvency II amount | AK6: Accrued interest
D7: XA - S.06.02.zz.01 line identification | E7: UI - URI | F7: NF - Number of fund | G7: MP - Matching portfolio number | H7: ei2426 - Metric: Portfolio (investment, securities lending and repo)[210] | I7: ei1070 - Metric: Held in unit linked and index linked funds | J7: ei1007 - Metric: Asset pledged as collateral | K7: ei1061 - Metric: Country of custody (including not applicable) | L7: si1780 - Metric: String|TS/Custodian | M7: ri2265 - Metric: Decimal|DC/Quantity | N7: mi1110 - Metric: Monetary|TA/Notional amount|VG/Solvency II|BC/Assets | O7: mi2235 - Metric: Monetary|TA/Write-offs/write-downs|VG/Solvency II|BC/Assets | P7: ei2218 - Metric: Valuation method (Full scope) | Q7: mi1987 - Metric: Monetary|TA/Acquisition value|VG/Solvency II|BC/Assets | R7: mi1131 - Metric: Monetary|VG/Solvency II|BC/Assets | S7: mi1128 - Metric: Monetary|VG/Accrued interests|BC/Assets | U7: ROSS25_11(*,1) | V7: ROSS25_11(*,9) | W7: ROSS25_11(*,8) | X7: ROSS25_11(*,12) | Y7: ROSS25_11(*,13) | Z7: ROSS25_11(*,2) | AA7: ROSS25_11(*,3) | AB7: ROSS25_11(*,10) | AC7: ROSS25_11(*,22) | AD7: ROSS25_11(*,23) | AE7: ROSS25_11(*,32) | AF7: ROSS25_11(*,33) | AG7: ROSS25_11(*,34) | AH7: ROSS25_11(*,37) | AI7: ROSS25_11(*,38) | AJ7: ROSS25_11(*,39) | AK7: ROSS25_11(*,42)
D8: C0001 | E8: C0040 | F8: C0070 | G8: C0080 | H8: C0060 | I8: C0090 | J8: C0100 | K8: C0110 | L8: C0120 | M8: C0130 | N8: C0140 | O8: EC0141 | P8: C0150 | Q8: C0160 | R8: C0170 | S8: C0180 | U8: C0001 | V8: C0040 | X8: C0070 | Y8: C0080 | Z8: C0060 | AA8: C0090 | AB8: C0100 | AC8: C0110 | AD8: C0120 | AE8: C0130 | AF8: C0140 | AG8: EC0141 | AH8: C0150 | AI8: C0160 | AJ8: C0170 | AK8: C0180
B9: Dynamic | C9: 1 | D9: string | E9: string | F9: string | G9: string | H9: PU33 | I9: LB4 | J9: CG2 | K9: GA1 | L9: xbrli_stringItemType | M9: *DECIMALS=0 | N9: *UNITREF=CZK, *DECIMALS=2 | O9: *UNITREF=CZK, *DECIMALS=2 | P9: VM23 | Q9: *UNITREF=CZK, *DECIMALS=2 | R9: *UNITREF=CZK, *DECIMALS=2 | S9: *UNITREF=CZK, *DECIMALS=2 | U9: 1 - 99999 | V9: Z_DRUHID | W9: an80_I1 | X9: an80_I1 | Y9: an80_I1 | Z9: D_S_PORTFOLIO_1 | AA9: D_S_AN1 | AB9: Z_KOL | AC9: D_S_VSEZEME2 | AD9: an80_I1 | AE9: n14_4 | AF9: nS14_2 | AG9: nS14_2 | AH9: Z_OMA | AI9: n14_2 | AJ9: nS14_2 | AK9: nS14_2
C10: 1.1 | D10: 1 | E10: ISIN/XY1234567890 | F10: xsi:nil | G10: xsi:nil | H10: x10 | I10: x119 | J10: x4 | K10: x0 | P10: x86
C11: 1.2 | D11: 2 | E11: ISIN/XY1234567890 | F11: xsi:nil | G11: xsi:nil | H11: x10 | I11: x91 | J11: x4 | K11: AF | P11: x86
C12: 1.3 | D12: 3 | E12: CAU/XY12345 | F12: xsi:nil | G12: xsi:nil | H12: X10 | I12: x119 | J12: x2 | K12: YE | P12: x87
C13: 1.4 | D13: 4 | E13: CAU/XY12345 | F13: xsi:nil | G13: xsi:nil | H13: X10 | I13: x91 | J13: x2 | K13: x115 | P13: x87
C14: 1.5
C15: 1.6
C16: 1.7
C17: 1.8
C18: 1.9
C19: 1.10
C20: 1.11
C21: 1.12
C22: 1.13
C23: 1.14
C24: 1.15
C25: 1.16
... C109: 1.100

Sheet SE.06.02.16.02
A1: Zpět na obsah | B1: SE.06.02.16.02 - List of assets. Information on assets | AD1: Mapování na výkaz ROSSOL25 | AF1: Převodní můstek číselníky
B3: SU.x168 - Assets other than derivatives and Assets held as collateral
D6: Asset ID Code and Type of code | E6: Item Title | F6: Issuer Name | G6: Issuer Code and Type of code | H6: Issuer Sector | I6: Issuer Sector according to ESA 2010 | J6: Issuer Group | K6: Issuer Group Code and Type of code | L6: Issuer Country | M6: Country of residence for collective investment undertakings | N6: Currency | O6: CIC | P6: Instrument classification according to ESA 2010 | Q6: SCR calculation approach for CIU | R6: Infrastructure investment | S6: Holdings in related undertakings, including participations | T6: External rating | U6: Nominated ECAI | V6: Credit quality step | W6: Internal rating | X6: Duration | Y6: Unit Solvency II price | Z6: Unit percentage of par amount Solvency II price | AA6: Issue date | AB6: Maturity date | AC6: Asset ID Code and Type of code | AE6: Item Title | AF6: Issuer Name | AG6: Issuer Code and Type of code | AH6: Issuer Sector | AI6: Issuer Sector according to ESA 2010 | AJ6: Issuer Group | AK6: Issuer Group Code and Type of code | AL6: Issuer Country | AM6: Country of residence for collective investment undertakings | AN6: Currency | AO6: CIC | AQ6: Instrument classification according to ESA 2010 | AR6: SCR calculation approach for CIU | AS6: Infrastructure investment | AT6: Holdings in related undertakings, including participations | AU6: External rating | AV6: Nominated ECAI | AW6: Credit quality step | AX6: Internal rating | AY6: Duration | AZ6: Unit Solvency II price | BA6: Unit percentage of par amount Solvency II price | BB6: Issue date | BC6: Maturity date
D7: UI - URI | E7: si1338 - Metric: String|TS/Item title | F7: si1381 - Metric: String|TS/Name of issuer/seller/transferor/receiver/reinsurer/provider | G7: si1552 - Metric: String|TS/Issuer code | H7: ei1658 - Metric: Issuer sector - NACE | I7: ei2157 - Metric: Issuer Sector according to ESA 2010 | J7: si1337 - Metric: String|TS/Issuer group | K7: si1553 - Metric: String|TS/Issuer group code | L7: ei1062 - Metric: Issuer Country (including not applicable) | M7: ei2158 - Metric: Country of residence for collective investment undertakings | N7: ei1024 - Metric: Original currency of exposure/transaction/instrument | O7: si1554 - Metric: String|TS/CIC code | P7: ei2219 - Metric: Instrument classification according to ESA 2010 (ECB add-on) | Q7: ei2519 - Metric: SCR calculation approach for CIU | R7: ei2422 - Metric: Infrastructure investment [210] | S7: ei2520 - Metric: Participation (Full scope Individual) [240] | T7: si1555 - Metric: String|TS/External rating | U7: ei2523 - Metric: Nominated ECAI (SCR simplification included) [240] | V7: ei2522 - Metric: Credit quality step [240] (Full scope) | W7: si1782 - Metric: String|TS/Internal rating | X7: ri2266 - Metric: Decimal|DC/Residual modified duration | Y7: mi1126 - Metric: Monetary|TA/Unit price|VG/Solvency II without accrued interests|BC/Assets | Z7: pi1286 - Metric: Pure|VG/Solvency II without accrued interests|PP/Percentage of par value | AA7: di1048 - Metric: Date|TD/Transaction/issue date | AB7: di1041 - Metric: Date|TD/Maturity date | AC7: ROSS25_11(*,9) | AD7: ROSS25_11(*,8) | AE7: ROSS25_11(*,11) | AF7: ROSS25_11(*,14) | AG7: ROSS25_11(*,15) | AH7: ROSS25_11(*,16) | AI7: ROSS25_11(*,17) | AJ7: ROSS25_11(*,18) | AK7: LEI/ROSS25_11(*,19) | AL7: ROSS25_11(*,20) | AM7: ROSS25_11(*,21) | AN7: ROSS25_11(*,24) | AO7: ROSS25_11(*,6 or 7) | AP7: ROSS25_11(*,5) | AQ7: ROSS25_11(*,25) | AR7: nová položka | AS7: ROSS25_11(*,26) | AT7: ROSS25_11(*,4) | AU7: ROSS25_11(*,27) | AV7: ROSS25_11(*,28) | AW7: ROSS25_11(*,29) | AX7: ROSS25_11(*,30) | AY7: ROSS25_11(*,31) | AZ7: ROSS25_11(*,35) | BA7: ROSS25_11(*,36) | BB7: ROSS25_11(*,40) | BC7: ROSS25_11(*,41)
D8: C0040 | E8: C0190 | F8: C0200 | G8: C0210 | H8: C0230 | I8: EC0231 | J8: C0240 | K8: C0250 | L8: C0270 | M8: EC0271 | N8: C0280 | O8: C0290 | P8: EC0291 | Q8: C0292 | R8: C0300 | S8: C0310 | T8: C0320 | U8: C0330 | V8: C0340 | W8: C0350 | X8: C0360 | Y8: C0370 | Z8: C0380 | AA8: EC0381 | AB8: C0390 | AC8: C0040 | AE8: C0190 | AF8: C0200 | AG8: C0210 | AH8: C0230 | AI8: EC0231 | AJ8: C0240 | AK8: C0250 | AL8: C0270 | AM8: EC0271 | AN8: C0280 | AO8: C0290 | AQ8: EC0291 | AR8: C0292 | AS8: C0300 | AT8: C0310 | AU8: C0320 | AV8: C0330 | AW8: C0340 | AX8: C0350 | AY8: C0360 | AZ8: C0370 | BA8: C0380 | BB8: EC0381 | BC8: C0390
B9: Dynamic | C9: 1 | D9: string | E9: xbrli_stringItemType | F9: xbrli_stringItemType | G9: xbrli_stringItemType | H9: NC1 | I9: SE18 | J9: xbrli_stringItemType | K9: xbrli_stringItemType | L9: GA4 | M9: GA18 | N9: CU1 | O9: xbrli_stringItemType | P9: MC48 | Q9: AP23 | R9: MC50 | S9: PU39 | T9: xbrli_stringItemType | U9: SE26 | V9: BR4 | W9: xbrli_stringItemType | X9: xbrli_decimalItemType | Y9: xbrli_monetaryItemType | Z9: num_percentItemType | AA9: xbrli_dateItemType | AB9: xbrli_dateItemType | AC9: Z_DRUHID | AD9: an80_I1 | AE9: an80_I1 | AF9: an80_I1 | AG9: R_LEI_EX | AH9: Z_NACE | AI9: Z_ESA2010 | AJ9: an80_I1 | AK9: R_LEI_EX | AL9: Z_EMITENT | AM9: D_S_VSEZEME2 | AN9: D_S_ISOMENY_1 | AO9: D_S_VSEZEME2 or D_S_ZPTRAN_1 | AP9: D_S_AKTIVA_2 | AQ9: Z_TYPESA | AR9: nová položka | AS9: Z_INFRS | AT9: D_S_VYBUC_1 | AU9: an80_I1 | AV9: Z_ECAI | AW9: Z_STUPNE | AX9: an80_I1 | AY9: n6_4 | AZ9: n14_4 | BA9: pS5_4 | BB9: d8/YYYY-MM-DD | BC9: d8/YYYY-MM-DD
C10: 1.1 | D10: ISIN/XY1234567890 | H10: A | I10: x112 | L10: BD | M10: CZ | O10: XT73 | Q10: x48 | R10: x200 | S10: x16 | U10: x131 | V10: x22 | AB10: 2021-04-01
C11: 1.2 | D11: CAU/XY12345 | G11: LEI/315700VG7PTE9EJJRX98 | H11: K6630 | I11: x112 | K11: LEI/315700VG7PTE9EJJRX98 | L11: AF | M11: CZ | O11: CZ42 | Q11: x48 | R11: x200 | S11: x16 | U11: x131 | V11: x22 | AB11: 2020-09-12
C12: 1.3 | O12: XV25
C13: 1.4
C14: 1.5
C15: 1.6
C16: 1.7
C17: 1.8
C18: 1.9
C19: 1.10
C20: 1.11
C21: 1.12
C22: 1.13
C23: 1.14
C24: 1.15
... C109: 1.100

Sheet S.06.03.01.01
A1: Zpět na obsah | B1: S.06.03.01.01 - Collective investment undertakings - look-through approach | K1: Mapování na ROSS31_11 | M1: Převodní můstek číselníky
B3: SU.x168 - Assets other than derivatives and Assets held as collateral
D6: Line identification | E6: Collective Investments Undertaking ID Code and Type of code | F6: Underlying asset category | G6: Country of issue | H6: Currency | I6: Total amount | J6: Line identification | K6: Collective Investments Undertaking ID Code and Type of code | M6: Underlying asset category | N6: Country of issue | O6: Currency | P6: Total amount
D7: XE - S.06.03.zz.01 line identification | E7: UI - URI | F7: ei1786 - Metric: Underlying asset category | G7: ei2344 - Metric: Issuer country (Full scope) | H7: ei1787 - Metric: Currency of underlying | I7: mi228 - Metric: Monetary|VG/Solvency II|BC/Assets|AS/Collective investments undertakings|IO/Investment | J7: ROSS30_11(*,1) | K7: ROSS31_11(*,5) | L7: ROSS31_11(*,4) | M7: ROSS31_11(*,2) | N7: ROSS31_11(*,6) | O7: ROSS31_11(*,7) | P7: ROSS31_11(*,8)
D8: C0100 | E8: C0010 | F8: C0030 | G8: C0040 | H8: C0050 | I8: C0060 | J8: C0100 | K8: C0010 | M8: C0030 | N8: C0040 | O8: C0050 | P8: C0060
B9: Dynamic | D9: string | E9: string | F9: MC26 | G9: GA26 | H9: CU4 | I9: *UNITREF=CZK, *DECIMALS=-1 | J9: n_5_I1 | K9: ROSS31_11(*,4)&ROSS31_11(*,5) | M9: D_S_AKTIVADER_2 | N9: Z_EMITENT | O9: Z_THRES | P9: nS14_2
C10: 1.1
C11: 1.2
C12: 1.3
C13: 1.4
C14: 1.5
C15: 1.6
C16: 1.7
C17: 1.8
C18: 1.9
C19: 1.10
C20: 1.11
C21: 1.12
... C109: 1.100

Sheet S.07.01.01.01
A1: Zpět na obsah | B1: S.07.01.01.01 - S.07.01.01.01 Structured products | V1: Mapování na ROSS41_11 | Y1: Převodní můstek číselníky
B3: Structured notes and collateralised securities
F4: Rozdílně oproti MTs, v případě, že není koleterál, tak pole nezůstává prázdné, ale vyplní se kód x240 v C0060
D6: Line identification | E6: Asset ID Code and Type of code | F6: Collateral type | G6: Type of structured product | H6: Capital protection | I6: Underlying security/index/portfolio | J6: Callable or Putable | K6: Synthetic structured product | L6: Prepayment structured product | M6: Collateral value | N6: Collateral portfolio | O6: Fixed Annual Return | P6: Variable Annual Return | Q6: Loss given default | R6: Attachment point | S6: Detachment point | V6: Line identification | W6: Asset ID Code and Type of code | Y6: Collateral type | Z6: Type of structured product | AA6: Capital protection | AB6: Underlying security/index/portfolio | AC6: Callable or Putable | AD6: Synthetic structured product | AE6: Prepayment structured product | AF6: Collateral value | AG6: Collateral portfolio | AH6: Fixed Annual Return | AI6: Variable Annual Return | AJ6: Loss given default | AK6: Attachment point | AL6: Detachment point
D7: S.07.01.zz.01 line identification | E7: URI | F7: Metric: Collateral type | G7: Metric: Type of structured product (Full scope)[210] | H7: Metric: Capital protection | I7: Metric: Underlying security | J7: Metric: Callable or Putable | K7: Metric: Synthetic structured product (Full scope) | L7: Metric: Prepayments for structured products | M7: Metric: Monetary|VG/Solvency II|BC/Off-balance sheet|OB/Collateral held | N7: Metric: Collateral portfolio (Full scope) | O7: Metric: Pure|PP/Fixed annual return | P7: Metric: String|TS/Variable annual return | Q7: Metric: Pure|PP/Loss given default | R7: Metric: Pure|PP/Attachment point | S7: Metric: Pure|PP/Detachment point | V7: ROSS41_11(*,1) | W7: ROSS41_11(*,3) | X7: ROSS41_11(*,2) | Y7: ROSS41_11(*,4) | Z7: ROSS41_11(*,5) | AA7: ROSS41_11(*,6) | AB7: ROSS41_11(*,7) | AC7: ROSS41_11(*,8) | AD7: ROSS41_11(*,9) | AE7: ROSS41_11(*,10) | AF7: ROSS41_11(*,11) | AG7: ROSS41_11(*,12) | AH7: ROSS41_11(*,13) | AI7: ROSS41_11(*,14) | AJ7: ROSS41_11(*,15) | AK7: ROSS41_11(*,16) | AL7: ROSS41_11(*,17)
D8: C0200 | E8: C0040 | F8: C0060 | G8: C0070 | H8: C0080 | I8: C0090 | J8: C0100 | K8: C0110 | L8: C0120 | M8: C0130 | N8: C0140 | O8: C0150 | P8: C0160 | Q8: C0170 | R8: C0180 | S8: C0190 | V8: C0200 | W8: C0040 | Y8: C0060 | Z8: C0070 | AA8: C0080 | AB8: C0090 | AC8: C0100 | AD8: C0110 | AE8: C0120 | AF8: C0130 | AG8: C0140 | AH8: C0150 | AI8: C0160 | AJ8: C0170 | AK8: C0180 | AL8: C0190
B9: Dynamic | C9: 1 | D9: NB | E9: ID | F9: MC29 | G9: LB51 | H9: CG5 | I9: PC2 | J9: PC1 | K9: MC30 | L9: PC3 | M9: xbrli_monetaryItemType | N9: CG11 | O9: num_percentItemType | P9: xbrli_stringItemType | Q9: num_percentItemType | R9: num_percentItemType | S9: num_percentItemType | V9: n3_I1 | W9: Z_TYPKODUAKT | X9: an80 | Y9: Z_TYPZAJ | Z9: Z_TYPPRODUKTU | AA9: Z_TYPKRYTI | AB9: Z_POKLADN | AC9: Z_PRODUKT | AD9: D_S_AN1 | AE9: D_S_AN1 | AF9: n14_2 | AG9: Z_ZAJI | AH9: p4_2 | AI9: an80 | AJ9: p4_2 | AK9: p4_2 | AL9: p4_2
C10: 1.1
C11: 1.2
C12: 1.3
C13: 1.4
C14: 1.5
C15: 1.6
C16: 1.7
C17: 1.8
C18: 1.9
C19: 1.10
C20: 1.11
C21: 1.12
... C109: 1.100

Sheet S.08.01.01.01
A1: Zpět na obsah | B1: S.08.01.01.01 - Information on positions held | Z1: Mapování na ROSS50_11 - část I. | AC1: Převodní můstek číselníky
B3: SU.x169 - Derivatives - Open
D5: Line identification | E5: Derivative ID Code and Type of code | F5: Fund number | G5: Instrument underlying the derivative (code and type of code) | H5: Portfolio | I5: Derivatives held in index-linked and unit-linked contracts | J5: Use of derivative | K5: Delta | L5: Notional amount of the derivative | M5: Buyer / Seller | N5: Premium paid to date | O5: Premium received to date | P5: Number of contracts | Q5: Contract size | R5: Maximum loss under unwinding event | S5: Swap outflow amount | T5: Swap inflow amount | U5: Initial date | V5: Duration | W5: Solvency II value | X5: Valuation method | Y5: Line identification | Z5: Derivative ID Code and Type of code | AB5: Fund number | AC5: Instrument underlying the derivative (code and type of code) | AE5: Portfolio | AF5: Derivatives held in index-linked and unit-linked contracts | AG5: Use of derivative | AH5: Delta | AI5: Notional amount of the derivative | AJ5: Buyer / Seller | AK5: Premium paid to date | AL5: Premium received to date | AM5: Number of contracts | AN5: Contract size | AO5: Maximum loss under unwinding event | AP5: Swap outflow amount | AQ5: Swap inflow amount | AR5: Initial date | AS5: Duration | AT5: Solvency II value | AU5: Valuation method
D6: XB - S.08.01.zz.01 line identification | E6: UI - URI | F6: NF - Number of fund | G6: IW - Code of underlying derivative | H6: ei2426 - Metric: Portfolio (investment, securities lending and repo)[210] | I6: ei1070 - Metric: Held in unit linked and index linked funds | J6: ei1811 - Metric: Use of derivative (Full scope) | K6: ri2267 - Metric: Decimal|DC/Delta | L6: mi1112 - Metric: Monetary|TA/Notional amount|VG/Solvency II|BC/Assets and/or liabilities|AL/Derivatives | M6: ei1851 - Metric: Long or short position [open] | N6: mi1812 - Metric: Monetary|VG/Solvency II|BC/Premium paid|DI/Year to Date|AL/Derivatives | O6: mi1813 - Metric: Monetary|VG/Solvency II|BC/Premium received|DI/Year to Date|AL/Derivatives | P6: ii1067 - Metric: Integer|NT/Number of contracts | Q6: ii1069 - Metric: Integer|NT/Number of underlying assets | R6: mi1101 - Metric: Monetary|TA/Maximum loss under unwinding event|VG/Solvency II|BC/Assets and/or liabilities|AL/Derivatives | S6: mi1115 - Metric: Monetary|TA/Outflow amount|VG/Solvency II|BC/Assets and/or liabilities|DI/Year to Date|AL/Derivatives | T6: mi1096 - Metric: Monetary|TA/Inflow amount|VG/Solvency II|BC/Assets and/or liabilities|DI/Year to Date|AL/Derivatives | U6: di1047 - Metric: Date|TD/Trade date | V6: ri2266 - Metric: Decimal|DC/Residual modified duration | W6: mi1127 - Metric: Monetary|VG/Solvency II|BC/Assets and/or liabilities|AL/Derivatives | X6: ei2294 - Metric: Valuation method (derivatives) (Full scope) | Y6: ROSS50_11(*,1) | Z6: ROSS50_11(*,8) | AA6: ROSS50_11(*,7) | AB6: ROSS50_11(*,9) | AC6: ROSS50_11(*,20) | AD6: ROSS50_11(*,19) | AE6: ROSS50_11(*,2) | AF6: ROSS50_11(*,3) | AG6: ROSS50_11(*,22) | AH6: ROSS50_11(*,23) | AI6: ROSS50_11(*,24) | AJ6: ROSS50_11(*,25) | AK6: ROSS50_11(*,26) | AL6: ROSS50_11(*,27) | AM6: ROSS50_11(*,28) | AN6: ROSS50_11(*,29) | AO6: ROSS50_11(*,32) | AP6: ROSS50_11(*,33) | AQ6: ROSS50_11(*,34) | AR6: ROSS50_11(*,37) | AS6: ROSS50_11(*,39) | AT6: ROSS50_11(*,40) | AU6: ROSS50_11(*,41)
D7: C0440 | E7: C0040 | F7: C0070 | G7: C0090 | H7: C0060 | I7: C0080 | J7: C0110 | K7: C0120 | L7: C0130 | M7: C0140 | N7: C0150 | O7: C0160 | P7: C0170 | Q7: C0180 | R7: C0190 | S7: C0200 | T7: C0210 | U7: C0220 | V7: C0230 | W7: C0240 | X7: C0250 | Y7: C0440 | Z7: C0040 | AB7: C0070 | AC7: C0090 | AE7: C0060 | AF7: C0080 | AG7: C0110 | AH7: C0120 | AI7: C0130 | AJ7: C0140 | AK7: C0150 | AL7: C0160 | AM7: C0170 | AN7: C0180 | AO7: C0190 | AP7: C0200 | AQ7: C0210 | AR7: C0220 | AS7: C0230 | AT7: C0240 | AU7: C0250
B8: Dynamic | D8: string | E8: string | F8: string | G8: string | H8: PU33 | I8: LB4 | J8: PU19 | K8: *DECIMALS=0 | L8: *UNITREF=CZK, *DECIMALS=2 | M8: MC32 | N8: *UNITREF=CZK, *DECIMALS=2 | O8: *UNITREF=CZK, *DECIMALS=2 | P8: *DECIMALS=0 | Q8: *DECIMALS=0 | R8: *UNITREF=CZK, *DECIMALS=2 | S8: *UNITREF=CZK, *DECIMALS=2 | T8: *UNITREF=CZK, *DECIMALS=2 | U8: xbrli_dateItemType | V8: *DECIMALS=0 | W8: *UNITREF=CZK, *DECIMALS=2 | X8: VM24 | Y8: n_5_I1 | Z8: Z_DRUHID | AA8: an80 | AB8: an80 | AC8: Z_DRUHID | AD8: an80 | AE8: D_S_PORTFOLIO_1 | AF8: D_S_AN1 | AG8: Z_UOD | AH8: n6_4 | AI8: n14_2 | AJ8: Z_POZICE | AK8: n14_2 | AL8: n14_2 | AM8: n14 | AN8: n14_2 | AO8: n14_2 | AP8: n14_2 | AQ8: n14_2 | AR8: d8/YYYY-MM-DD | AS8: nS14_2 | AT8: nS14_2 | AU8: Z_OMD
C9: 1.1
C10: 1.2
C11: 1.3
C12: 1.4
C13: 1.5
C14: 1.6
C15: 1.7
C16: 1.8
C17: 1.9
C18: 1.10
C19: 1.11
C20: 1.12
... C108: 1.100

Sheet S.08.01.01.02
A1: Zpět na obsah | B1: S.08.01.01.02 - Information on derivatives | V1: Mapování na ROSS50_11 - část II. | X1: Převodní můstek číselníky
B3: SU.x169 - Derivatives - Open
D6: Derivative ID Code and Type of code | E6: Counterparty Name | F6: Counterparty Code and Type of code | G6: External rating | H6: Nominated ECAI | I6: Credit quality step | J6: Internal rating | K6: Counterparty Group | L6: Counterparty group code and type of code | M6: Contract name | N6: Currency | O6: CIC | P6: Trigger value | Q6: Unwind trigger of contract | R6: Swap delivered currency | S6: Swap received currency | T6: Maturity date | U6: Derivative ID Code and Type of code | W6: Counterparty Name | X6: Counterparty Code and Type of code | Y6: External rating | Z6: Nominated ECAI | AA6: Credit quality step | AB6: Internal rating | AC6: Counterparty Group | AD6: Counterparty group code and type of code | AE6: Contract name | AF6: Currency | AG6: CIC | AI6: Trigger value | AJ6: Unwind trigger of contract | AK6: Swap delivered currency | AL6: Swap received currency | AM6: Maturity date
D7: UI - URI | E7: si1378 - Metric: String|TS/Name of counterparty | F7: si1558 - Metric: String|TS/Counterparty code | G7: si1555 - Metric: String|TS/External rating | H7: ei2521 - Metric: Nominated ECAI [240] | I7: ei1866 - Metric: Credit quality step (Full scope) | J7: si1782 - Metric: String|TS/Internal rating | K7: si1336 - Metric: String|TS/Counterparty group | L7: si1559 - Metric: String|TS/Counterparty group code | M7: si1341 - Metric: String|TS/Contract name | N7: ei1024 - Metric: Original currency of exposure/transaction/instrument | O7: si1554 - Metric: String|TS/CIC code | P7: si1340 - Metric: String|TS/Trigger value | Q7: ei1814 - Metric: Unwind trigger of contract (Full scope) | R7: ei1022 - Metric: Swap delivered currency | S7: ei1023 - Metric: Swap received currency | T7: di1041 - Metric: Date|TD/Maturity date | U7: ROSS50_11(*,8) | V7: ROSS50_11(*,7) | W7: ROSS50_11(*,10) | X7: (ROSS50_11(*,11) | Y7: ROSS50_11(*,12) | Z7: ROSS50_11(*,13) | AA7: ROSS50_11(*,14) | AB7: ROSS50_11(*,15) | AC7: ROSS50_11(*,16) | AD7: ROSS50_11(*,17) | AE7: ROSS50_11(*,18) | AF7: ROSS50_11(*,21) | AG7: ROSS50_11(*,5 or 6) | AH7: ROSS50_11(*,4) | AI7: ROSS50_11(*,30) | AJ7: ROSS50_11(*,31) | AK7: ROSS50_11(*,35) | AL7: ROSS50_11(*,36) | AM7: ROSS50_11(*,38)
D8: C0040 | E8: C0260 | F8: C0270 | G8: C0290 | H8: C0300 | I8: C0310 | J8: C0320 | K8: C0330 | L8: C0340 | M8: C0360 | N8: C0370 | O8: C0380 | P8: C0390 | Q8: C0400 | R8: C0410 | S8: C0420 | T8: C0430 | U8: C0040 | W8: C0260 | X8: C0270 | Y8: C0290 | Z8: C0300 | AA8: C0310 | AB8: C0320 | AC8: C0330 | AD8: C0340 | AE8: C0360 | AF8: C0370 | AG8: C0380 | AI8: C0390 | AJ8: C0400 | AK8: C0410 | AL8: C0420 | AM8: C0430
B9: Dynamic | D9: string | E9: xbrli_stringItemType | F9: xbrli_stringItemType | G9: xbrli_stringItemType | H9: SE27 | I9: BR3 | J9: xbrli_stringItemType | K9: xbrli_stringItemType | L9: xbrli_stringItemType | M9: xbrli_stringItemType | N9: CU1 | O9: xbrli_stringItemType | P9: xbrli_stringItemType | Q9: LT5 | R9: CU1 | S9: CU1 | T9: xbrli_dateItemType | U9: Z_DRUHID | V9: an80 | W9: an80 | X9: R_LEI_EX | Y9: an80 | Z9: Z_ECAI | AA9: Z_STUPNE | AB9: an80 | AC9: an80 | AD9: R_LEI_EX | AE9: an80 | AF9: D_S_ISOMENY_1 | AG9: D_S_VSEZEME2 or D_S_ZPTRAN_1 | AH9: D_S_DERIV_2 | AI9: n14_2 | AJ9: Z_UNWINDT | AK9: D_S_ISOMENY_1 | AL9: D_S_ISOMENY_1 | AM9: d8/YYYY-MM-DD
C10: 1.1
C11: 1.2
C12: 1.3
C13: 1.4
C14: 1.5
C15: 1.6
C16: 1.7
C17: 1.8
C18: 1.9
C19: 1.10
C20: 1.11
C21: 1.12
... C109: 1.100

Sheet S.08.02.01.01
A1: Zpět na obsah | B1: S.08.02.01.01 - Information on positions held | X1: Mapování na ROSS50_21 část I. | AA1: Převodní můstek číselníky
B3: SU.x170 - Derivatives - Transactions
D5: Line identification | E5: Derivative ID Code and Type of code | F5: Fund number | G5: Instrument underlying the derivative (code and type of code) | H5: Portfolio | I5: Derivatives held in index-linked and unit-linked contracts | J5: Use of derivative | K5: Notional amount of the derivative | L5: Buyer / Seller | M5: Premium paid to date | N5: Premium received to date | O5: Profit and loss to date | P5: Number of contracts | Q5: Contract size | R5: Maximum loss under unwinding event | S5: Swap outflow amount | T5: Swap inflow amount | U5: Initial date | V5: Solvency II value | W5: Line identification | X5: Derivative ID Code and Type of code | Z5: Fund number | AA5: Instrument underlying the derivative (code and type of code) | AC5: Portfolio | AD5: Derivatives held in index-linked and unit-linked contracts | AE5: Use of derivative | AF5: Notional amount of the derivative | AG5: Buyer / Seller | AH5: Premium paid to date | AI5: Premium received to date | AJ5: Profit and loss to date | AK5: Number of contracts | AL5: Contract size | AM5: Maximum loss under unwinding event | AN5: Swap outflow amount | AO5: Swap inflow amount | AP5: Initial date | AQ5: Solvency II value
D6: XC - S.08.02.zz.01 line identification | E6: UI - URI | F6: NF - Number of fund | G6: IW - Code of underlying derivative | H6: ei2426 - Metric: Portfolio (investment, securities lending and repo)[210] | I6: ei1070 - Metric: Held in unit linked and index linked funds | J6: ei1811 - Metric: Use of derivative (Full scope) | K6: mi1112 - Metric: Monetary|TA/Notional amount|VG/Solvency II|BC/Assets and/or liabilities|AL/Derivatives | L6: ei1852 - Metric: Long or short position [closed] | M6: mi1812 - Metric: Monetary|VG/Solvency II|BC/Premium paid|DI/Year to Date|AL/Derivatives | N6: mi1813 - Metric: Monetary|VG/Solvency II|BC/Premium received|DI/Year to Date|AL/Derivatives | O6: mi1990 - Metric: Monetary|VG/Solvency II|BC/Profit/(loss)|DI/Year to Date | P6: ii1067 - Metric: Integer|NT/Number of contracts | Q6: ii1069 - Metric: Integer|NT/Number of underlying assets | R6: mi1101 - Metric: Monetary|TA/Maximum loss under unwinding event|VG/Solvency II|BC/Assets and/or liabilities|AL/Derivatives | S6: mi1115 - Metric: Monetary|TA/Outflow amount|VG/Solvency II|BC/Assets and/or liabilities|DI/Year to Date|AL/Derivatives | T6: mi1096 - Metric: Monetary|TA/Inflow amount|VG/Solvency II|BC/Assets and/or liabilities|DI/Year to Date|AL/Derivatives | U6: di1047 - Metric: Date|TD/Trade date | V6: mi1127 - Metric: Monetary|VG/Solvency II|BC/Assets and/or liabilities|AL/Derivatives | W6: ROSS50_21(*,1) | X6: ROSS50_21(*,8) | Y6: ROSS50_21(*,7) | Z6: ROSS50_21(*,9) | AA6: ROSS50_21(*,16) | AB6: ROSS50_21(*,15) | AC6: ROSS50_21(*,2) | AD6: ROSS50_21(*,3) | AE6: ROSS50_21(*,18) | AF6: ROSS50_21(*,19) | AG6: ROSS50_21(*,20) | AH6: ROSS50_21(*,21) | AI6: ROSS50_21(*,22) | AJ6: ROSS50_21(*,24) | AK6: ROSS50_21(*,23) | AL6: ROSS50_21(*,25) | AM6: ROSS50_21(*,28) | AN6: ROSS50_21(*,29) | AO6: ROSS50_21(*,30) | AP6: ROSS50_21(*,33) | AQ6: ROSS50_21(*,35)
D7: C0440 | E7: C0040 | F7: C0070 | G7: C0090 | H7: C0060 | I7: C0080 | J7: C0110 | K7: C0120 | L7: C0130 | M7: C0140 | N7: C0150 | O7: C0160 | P7: C0170 | Q7: C0180 | R7: C0190 | S7: C0200 | T7: C0210 | U7: C0220 | V7: C0230 | W7: C0440 | X7: C0040 | Z7: C0070 | AA7: C0090 | AC7: C0060 | AD7: C0080 | AE7: C0110 | AF7: C0120 | AG7: C0130 | AH7: C0140 | AI7: C0150 | AJ7: C0160 | AK7: C0170 | AL7: C0180 | AM7: C0190 | AN7: C0200 | AO7: C0210 | AP7: C0220 | AQ7: C0230
B8: Dynamic | C8: 1 | D8: string | E8: string | F8: string | G8: string | H8: PU33 | I8: LB4 | J8: PU19 | K8: xbrli_monetaryItemType | L8: MC33 | M8: xbrli_monetaryItemType | N8: xbrli_monetaryItemType | O8: xbrli_monetaryItemType | P8: xbrli_integerItemType | Q8: xbrli_integerItemType | R8: xbrli_monetaryItemType | S8: xbrli_monetaryItemType | T8: xbrli_monetaryItemType | U8: xbrli_dateItemType | V8: xbrli_monetaryItemType | W8: n_5_I1 | X8: Z_DRUHID | Y8: an80 | Z8: an80 | AA8: Z_DRUHID | AB8: an80 | AC8: D_S_PORTFOLIO_1 | AD8: D_S_AN1 | AE8: Z_UOD | AF8: n6_4 | AG8: Z_POZICE | AH8: n14_2 | AI8: n14_2 | AJ8: nS14_2 | AK8: n14 | AL8: n14_2 | AM8: n14_2 | AN8: n14_2 | AO8: n14_2 | AP8: d8/YYYY-MM-DD | AQ8: nS14_2
C9: 1.1
C10: 1.2
C11: 1.3
C12: 1.4
C13: 1.5
C14: 1.6
C15: 1.7
C16: 1.8
C17: 1.9
C18: 1.10
C19: 1.11
C20: 1.12
... C108: 1.100

Sheet S.08.02.01.02
A1: Zpět na obsah | B1: S.08.02.01.02 - Information on derivatives | R1: Mapování na ROSS50_21 část II | T1: Převodní můstek číselníky
B3: Derivatives - Transactions
D6: Derivative ID Code and Type of code | E6: Counterparty Name | F6: Counterparty Code and Type of code | G6: Counterparty group | H6: Counterparty Group Code and Type of code | I6: Contract name | J6: Currency | K6: CIC | L6: Trigger value | M6: Unwind trigger of contract | N6: Swap delivered currency | O6: Swap received currency | P6: Maturity date | Q6: Derivative ID Code and Type of code | S6: Counterparty Name | T6: Counterparty Code and Type of code | U6: Counterparty group | V6: Counterparty Group Code and Type of code | W6: Contract name | X6: Currency | Y6: CIC | AA6: Trigger value | AB6: Unwind trigger of contract | AC6: Swap delivered currency | AD6: Swap received currency | AE6: Maturity date
D7: URI | E7: Metric: String|TS/Name of counterparty | F7: Metric: String|TS/Counterparty code | G7: Metric: String|TS/Counterparty group | H7: Metric: String|TS/Counterparty group code | I7: Metric: String|TS/Contract name | J7: Metric: Original currency of exposure/transaction/instrument | K7: Metric: String|TS/CIC code | L7: Metric: String|TS/Trigger value | M7: Metric: Unwind trigger of contract (Full scope) | N7: Metric: Swap delivered currency | O7: Metric: Swap received currency | P7: Metric: Date|TD/Maturity date | Q7: ROSS50_21(*,8) | R7: ROSS50_21(*,7) | S7: ROSS50_21(*,10) | T7: ROSS50_21(*,11) | U7: ROSS50_21(*,12) | V7: ROSS50_21(*,13) | W7: ROSS50_21(*,14) | X7: ROSS50_21(*,17) | Y7: ROSS50_21(*,5 or 6) | Z7: ROSS50_21(*,4) | AA7: ROSS50_21(*,26) | AB7: ROSS50_21(*,27) | AC7: ROSS50_21(*,31) | AD7: ROSS50_21(*,32) | AE7: ROSS50_21(*,34)
D8: C0040 | E8: C0240 | F8: C0250 | G8: C0270 | H8: C0280 | I8: C0300 | J8: C0310 | K8: C0320 | L8: C0330 | M8: C0340 | N8: C0350 | O8: C0360 | P8: C0370 | Q8: C0040 | S8: C0240 | T8: C0250 | U8: C0270 | V8: C0280 | W8: C0300 | X8: C0310 | Y8: C0320 | AA8: C0330 | AB8: C0340 | AC8: C0350 | AD8: C0360 | AE8: C0370
B9: Dynamic | C9: 1 | D9: ID | E9: xbrli_stringItemType | F9: xbrli_stringItemType | G9: xbrli_stringItemType | H9: xbrli_stringItemType | I9: xbrli_stringItemType | J9: CU1 | K9: xbrli_stringItemType | L9: xbrli_stringItemType | M9: LT5 | N9: CU1 | O9: CU1 | P9: xbrli_dateItemType | Q9: Z_DRUHID | R9: an80 | S9: an80 | T9: R_LEI_EX | U9: an80 | V9: R_LEI_EX | W9: an80 | X9: D_S_ISOMENY_1 | Y9: D_S_VSEZEME2 or D_S_ZPTRAN_1 | Z9: D_S_DERIV_2 | AA9: n14_2 | AB9: Z_UNWINDT | AC9: D_S_ISOMENY_1 | AD9: D_S_ISOMENY_1 | AE9: d8/YYYY-MM-DD
C10: 1.1
C11: 1.2
C12: 1.3
C13: 1.4
C14: 1.5
C15: 1.6
C16: 1.7
C17: 1.8
C18: 1.9
C19: 1.10
C20: 1.11
C21: 1.12
... C109: 1.100

Sheet S.09.01.01.01
A1: Zpět na obsah | B1: S.09.01.01.01 - S.09.01.01.01 Income/gains and losses in the period | M1: Mapování na ROSS61_11 | O1: Převodní můstek číselníky
D6: Line identification | E6: Asset category | F6: Portfolio | G6: Asset held in unit-linked and index-linked contracts | H6: Dividends | I6: Interest | J6: Rent | K6: Net gains and losses | L6: Unrealised gains and losses | M6: Line identification | N6: Asset category | O6: Portfolio | P6: Asset held in unit-linked and index-linked contracts | Q6: Dividends | R6: Interest | S6: Rent | T6: Net gains and losses | U6: Unrealised gains and losses
D7: S.09.01.zz.01 line identification | E7: C0040 | F7: C0050 | G7: C0060 | H7: C0070 | I7: C0080 | J7: C0090 | K7: C0100 | L7: C0110 | M7: ROSS61_11(*,2) | N7: ROSS61_11(*,2) | O7: ROSS61_11(*,3) | P7: ROSS61_11(*,4) | Q7: ROSS61_11(*,5) | R7: ROSS61_11(*,6) | S7: ROSS61_11(*,7) | T7: ROSS61_11(*,8) | U7: ROSS61_11(*,9)
D8: C0001 | E8: C0040 | F8: C0050 | G8: C0060 | H8: C0070 | I8: C0080 | J8: C0090 | K8: C0100 | L8: C0110 | M8: C0001 | N8: C0040 | O8: C0050 | P8: C0060 | Q8: C0070 | R8: C0080 | S8: C0090 | T8: C0100 | U8: C0110
B9: Dynamický | C9: 1.1 | D9: NB | E9: MC28 | F9: PU33 | G9: LB4 | H9: *UNITREF=CZK, *DECIMALS=-1 | I9: *UNITREF=CZK, *DECIMALS=-1 | J9: *UNITREF=CZK, *DECIMALS=-1 | K9: *UNITREF=CZK, *DECIMALS=-1 | L9: *UNITREF=CZK, *DECIMALS=-1 | M9: n_5_I1 | N9: D_S_AKTDER_1 | O9: D_S_PORTFOLIO_1 | P9: D_S_AN1 | Q9: n14_2 | R9: nS14_2 | S9: n14_2 | T9: nS14_2 | U9: nS14_2
C10: 1.2 | E10: s2c_MC:x175 (Government Bonds) | F10: s2c_PU:x10 (Life [split applicable]) | G10: s2c_LB:x119 (Unit-linked or index-linked)
C11: 1.3
C12: 1.4
C13: 1.5
C14: 1.6
C15: 1.7
C16: 1.8
C17: 1.9
C18: 1.10
C19: 1.11
C20: 1.12
C21: 1.13
C22: 1.14
... C108: 1.100

Sheet S.10.01.01.01
A1: Zpět na obsah | B1: S.10.01.01.01 - S.10.01.01.01 Securities lending and repos | R1: Mapování na ROSSOL66 | T1: Převodní můstek číselníky
E3: Datová oblast obsahuje povinné dynamické parametry , který musí být bez ohledu na relevantnost vyplněny (xsi:nil)
I4: Pole C0080 musí být vyplněno ve formátu LEI/code. Pokud nastane situace, kdy LEI není k dispozici uvede se None
D6: Line identification | E6: Fund number | F6: Portfolio | G6: Asset category | H6: Counterparty Name | I6: Counterparty code and type of code | J6: Counterparty asset category | K6: Assets held in unit-linked and index-linked contracts | L6: Position in the Contract | M6: Near leg amount | N6: Far leg amount | O6: Start date | P6: Maturity date | Q6: Solvency II Value | R6: Line identification | S6: Fund number | T6: Portfolio | U6: Asset category | V6: Counterparty Name | W6: Counterparty code and type of code | X6: Counterparty asset category | Y6: Assets held in unit-linked and index-linked contracts | Z6: Position in the Contract | AA6: Near leg amount | AB6: Far leg amount | AC6: Start date | AD6: Maturity date | AE6: Solvency II Value
D7: S.10.01.zz.01 line identification | E7: Number of fund | F7: Metric: Portfolio (investment, securities lending and repo)[210] | G7: Metric: Asset category | H7: Metric: String|TS/Name of counterparty | I7: Metric: String|TS/Counterparty code | J7: Metric: Collateral type | K7: Metric: Held in unit linked and index linked funds | L7: Metric: Type of repo/securities lending; Buyer or seller/Lender or borrower | M7: Metric: Monetary|TA/Near leg|VG/Solvency II|BC/Repo and securities lending | N7: Metric: Monetary|TA/Far leg|VG/Solvency II|BC/Repo | O7: Metric: Date|TD/Start date | P7: Metric: Date|TD/End date | Q7: Metric: Monetary|VG/Solvency II|BC/Repo and securities lending | R7: ROSS66_11(*,1) | S7: ROSS66_11(*,3) | T7: ROSS66_11(*,2) | U7: ROSS66_11(*,4) | V7: ROSS66_11(*,5) | W7: ROSS66_11(*,6) | X7: ROSS66_11(*,7) | Y7: ROSS66_11(*,8) | Z7: ROSS66_11(*,9) | AA7: ROSS66_11(*,10) | AB7: ROSS66_11(*,11) | AC7: ROSS66_11(*,12) | AD7: ROSS66_11(*,13) | AE7: ROSS66_11(*,14)
D8: C0180 | E8: C0050 | F8: C0040 | G8: C0060 | H8: C0070 | I8: C0080 | J8: C0100 | K8: C0110 | L8: C0120 | M8: C0130 | N8: C0140 | O8: C0150 | P8: C0160 | Q8: C0170 | R8: C0180 | S8: C0050 | T8: C0040 | U8: C0060 | V8: C0070 | W8: C0080 | X8: C0100 | Y8: C0110 | Z8: C0120 | AA8: C0130 | AB8: C0140 | AC8: C0150 | AD8: C0160 | AE8: C0170
B9: Dynamic | C9: 1 | D9: NB | E9: ID | F9: PU33 | G9: MC28 | H9: xbrli_stringItemType | I9: xbrli_stringItemType | J9: MC29 | K9: LB4 | L9: TB8 | M9: *UNITREF=CZK, *DECIMALS=-1 | N9: *UNITREF=CZK, *DECIMALS=-1 | O9: xbrli_dateItemType | P9: xbrli_dateItemType | Q9: *UNITREF=CZK, *DECIMALS=-1 | R9: n_5_I1 | S9: an80 | T9: D_S_PORTFOLIO_1 | U9: D_S_AKTDER_1 | V9: an80 | W9: R_LEI_EX | X9: D_S_AKTDER_1 | Y9: D_S_AN1 | Z9: Z_POZICE | AA9: nS14_2 | AB9: nS14_2 | AC9: d8 | AD9: d8 | AE9: nS14_2
C10: 1.1 | D10: 1 | E10: xsi:nil | F10: s2c_PU:x10 (Life [split applicable]) | G10: s2c_MC:x175 (Government Bonds) | I10: LEI/code | J10: s2c_MC:x175 (Government Bonds) | K10: s2c_LB:x119 (Unit-linked or index-linked) | L10: s2c_TB:x4 (Buyer [repo]) | O10: 43830 | P10: 43830
C11: 1.2 | I11: None
C12: 1.3
C13: 1.4
C14: 1.5
C15: 1.6
C16: 1.7
C17: 1.8
C18: 1.9
C19: 1.10
C20: 1.11
C21: 1.12
C22: 1.13
C23: 1.14
... C109: 1.100
L119: Name of counterparty pledging the collateral | M119: Name of the group of the counterparty pledging the collateral | N119: Country of custody | O119: Quantity | P119: Par amount | Q119: Valuation method | R119: Total amount | S119: Accrued interest | T119: Type of asset for which the collateral is held
L120: C0060 | M120: C0070 | N120: C0080 | O120: C0090 | P120: C0100 | Q120: C0110 | R120: C0120 | S120: C0130 | T120: C0140
L125: Information on the assets held
L126: Item Title | M126: Issuer Name | N126: Issuer Code and Type of code | O126: Issuer Sector | P126: Issuer Group name | Q126: Issuer Group Code and Type of code | R126: Issuer Country | S126: Currency | T126: CIC | U126: Unit price | V126: Unit percentage of par amount Solvency II price | W126: Maturity date
L127: C0150 | M127: C0160 | N127: C0170 | O127: C0190 | P127: C0200 | Q127: C0210 | R127: C0230 | S127: C0240 | T127: C0250 | U127: C0260 | V127: C0270 | W127: C0280

Sheet S.11.01.01.01
A1: Zpět na obsah | B1: S.11.01.01.01 - S.11.01.01.01 Information on positions held | O1: Mapování na ROSS71_11 - část I. | Q1: Převodní můstek číselníky
B3: Assets held as collateral
D6: Line identification | E6: Asset ID Code and Type of code | F6: Information on the assets held | N6: Information on the asset for which collateral is held | O6: Line identification | P6: Asset ID Code and Type of code | Q6: Information on the assets held | Y6: Information on the asset for which collateral is held
F7: Name of counterparty pledging the collateral | G7: Name of the group of the counterparty pledging the collateral | H7: Country of custody | I7: Quantity | J7: Par amount | K7: Valuation method | L7: Total amount | M7: Accrued interest | N7: Type of asset for which the collateral is held | Q7: Name of counterparty pledging the collateral | R7: Name of the group of the counterparty pledging the collateral | S7: Country of custody | T7: Quantity | U7: Par amount | V7: Valuation method | W7: Total amount | X7: Accrued interest | Y7: Type of asset for which the collateral is held
D8: S.11.01.zz.01 line identification | E8: URI | F8: Metric: String|TS/Name of debtor pledging the collateral | G8: Metric: String|TS/Code of group of debtor pledging the collateral | H8: Metric: Country of custody | I8: Metric: Decimal|DC/Quantity|OB/Collateral held | J8: Metric: Monetary|TA/Notional amount|VG/Solvency II|BC/Off-balance sheet|OB/Collateral held | K8: Metric: Valuation method (Full scope) | L8: Metric: Monetary|VG/Prudential|BC/Off-balance sheet|OB/Collateral held | M8: Metric: Monetary|VG/Accrued interests|BC/Off-balance sheet|OB/Collateral held | N8: Metric: Types of Asset for which collateral is held (Full scope) | O8: ROSS71_11(*,1) | P8: ROSS71_11(*,6) & ROSS71_11(*,5) | Q8: ROSS71_11(*,7) | R8: ROSS71_11(*,8) | S8: ROSS71_11(*,9) | T8: ROSS71_11(*,10) | U8: ROSS71_11(*,11) | V8: ROSS71_11(*,12) | W8: ROSS71_11(*,13) | X8: ROSS71_11(*,14) | Y8: ROSS71_11(*,15)
D9: C0290 | E9: C0040 | F9: C0060 | G9: C0070 | H9: C0080 | I9: C0090 | J9: C0100 | K9: C0110 | L9: C0120 | M9: C0130 | N9: C0140 | O9: C0290 | P9: C0040 | Q9: C0060 | R9: C0070 | S9: C0080 | T9: C0090 | U9: C0100 | V9: C0110 | W9: C0120 | X9: C0130 | Y9: C0140
B10: Dynamic | C10: 1 | D10: NB | E10: ID | F10: xbrli_stringItemType | G10: xbrli_stringItemType | H10: GA1 | I10: xbrli_decimalItemType | J10: xbrli_monetaryItemType | K10: VM23 | L10: xbrli_monetaryItemType | M10: xbrli_monetaryItemType | N10: MC31 | O10: n_5_I1 | P10: Z_DRUHID & an80_I1 | Q10: an80_I1 | R10: an80_I1 | S10: D_S_VSEZEME2 | T10: n14_4 | U10: n14_2 | V10: Z_OMA | W10: n14_2 | X10: nS14_2 | Y10: Z_KOLATERAL
C11: 1.1 | H11: s2c_GA:AF (AFGHANISTAN) | K11: s2c_VM:x86 (Quoted market price in active markets for the same assets) | N11: s2c_MC:x175 (Government Bonds) | S11: s2c_GA:AF (AFGHANISTAN) | V11: s2c_VM:x86 (Quoted market price in active markets for the same assets) | Y11: s2c_MC:x175 (Government Bonds)
C12: 1.2
C13: 1.3
C14: 1.4
C15: 1.5
C16: 1.6
C17: 1.7
C18: 1.8
C19: 1.9
C20: 1.10
C21: 1.11
C22: 1.12
C23: 1.13
... C110: 1.100

Sheet S.11.01.01.02
A1: Zpět na obsah | B1: S.11.01.01.02 - S.11.01.01.02 Information on assets | Q1: Mapování na ROSS71_11 - část II. | T1: Převodní můstek číselníky
B3: Assets held as collateral
D6: Asset ID Code and Type of code | E6: Information on the assets held | Q6: Asset ID Code and Type of code | R6: Information on the assets held
E7: Item Title | F7: Issuer Name | G7: Issuer Code and Type of code | H7: Issuer Sector | I7: Issuer Group name | J7: Issuer Group Code and Type of code | K7: Issuer Country | L7: Currency | M7: CIC | N7: Unit price | O7: Unit percentage of par amount Solvency II price | P7: Maturity date | R7: Item Title | S7: Issuer Name | T7: Issuer Code and Type of code | U7: Issuer Sector | V7: Issuer Group name | W7: Issuer Group Code and Type of code | X7: Issuer Country | Y7: Currency | Z7: CIC | AB7: Unit price | AC7: Unit percentage of par amount Solvency II price | AD7: Maturity date
D8: URI | E8: Metric: String|TS/Item title | F8: Metric: String|TS/Name of issuer/seller/transferor/receiver/reinsurer/provider | G8: Metric: String|TS/Issuer code | H8: Metric: Issuer sector - NACE | I8: Metric: String|TS/Issuer group | J8: Metric: String|TS/Issuer group code | K8: Metric: Issuer country/country of residence | L8: Metric: Original currency of exposure/transaction/instrument | M8: Metric: String|TS/CIC code | N8: Metric: Monetary|TA/Unit price|VG/Prudential|BC/Off-balance sheet | O8: Metric: Pure|VG/Solvency II without accrued interests|PP/Percentage of par value | P8: Metric: Date|TD/Maturity date | Q8: URI | R8: ROSS71_11(*,16) | S8: ROSS71_11(*,17) | T8: ROSS71_11(*,18) | U8: ROSS71_11(*,19) | V8: ROSS71_11(*,20) | W8: IF ROSS71_11(*,21) | X8: ROSS71_11(*,22) | Y8: ROSS71_11(*,23) | Z8: ROSS71(*,3 or 4) | AA8: ROSS71_11(*,2) | AB8: ROSS71_11(*,24) | AC8: ROSS71_11(*,25) | AD8: ROSS71_11(*,26)
D9: C0040 | E9: C0150 | F9: C0160 | G9: C0170 | H9: C0190 | I9: C0200 | J9: C0210 | K9: C0230 | L9: C0240 | M9: C0250 | N9: C0260 | O9: C0270 | P9: C0280 | Q9: C0040 | R9: C0150 | S9: C0160 | T9: C0170 | U9: C0190 | V9: C0200 | W9: C0210 | X9: C0230 | Y9: C0240 | Z9: C0250 | AB9: C0260 | AC9: C0270 | AD9: C0280
B10: Dynamic | C10: 1 | D10: ID | E10: xbrli_stringItemType | F10: xbrli_stringItemType | G10: xbrli_stringItemType | H10: NC1 | I10: xbrli_stringItemType | J10: xbrli_stringItemType | K10: GA4 | L10: CU1 | M10: xbrli_stringItemType | N10: xbrli_monetaryItemType | O10: num_percentItemType | P10: xbrli_dateItemType | Q10: ID | R10: an80 | S10: an80_I1 | T10: R_LEI_EX | U10: Z_NACE | V10: an80_I1 | W10: R_LEI_EX | X10: Z_EMITENT | Y10: D_S_ISOMENY_1 | Z10: D_S_VSEZEME2 or D_S_ZPTRAN_1 | AA10: D_S_AKTIVA_2 | AB10: xbrli_monetaryItemType | AC10: num_percentItemType | AD10: xbrli_dateItemType
C11: 1.1 | K11: s2c_GA:AF (AFGHANISTAN) | L11: s2c_CU:EUR (EUR) | X11: s2c_GA:AF (AFGHANISTAN) | Y11: s2c_CU:EUR (EUR)
C12: 1.2
C13: 1.3
C14: 1.4
C15: 1.5
C16: 1.6
C17: 1.7
C18: 1.8
C19: 1.9
C20: 1.10
C21: 1.11
C22: 1.12
C23: 1.13
... C110: 1.100

Sheet S.12.01.01.01
A1: Zpět na obsah | B1: S.12.01.01.01 - S.12.01.01.01 Life and Health SLT Technical Provisions | AA1: Mapování na RESS11_11
G2: v datové oblasti se vyskytují identické údaje na jinou oblast | H2: Mapa identických údajů
G6: Insurance with profit participation | H6: Index-linked and unit-linked insurance | K6: Other life insurance | N6: Annuities stemming from non-life insurance contracts and relating to insurance obligation other than health insurance obligations | O6: Accepted reinsurance | T6: Total (Life other than health insurance, incl. Unit-Linked) | U6: Health insurance (direct business) | X6: Annuities stemming from non-life insurance contracts and relating to health insurance obligations | Y6: Health reinsurance (reinsurance accepted) | Z6: Total (Health similar to life insurance) | AB6: Insurance with profit participation | AC6: Index-linked and unit-linked insurance | AF6: Other life insurance | AI6: Annuities stemming from non-life insurance contracts and relating to insurance obligation other than health insurance obligations | AJ6: Accepted reinsurance | AO6: Total (Life other than health insurance, incl. Unit-Linked) | AP6: Health insurance (direct business) | AS6: Annuities stemming from non-life insurance contracts and relating to health insurance obligations | AT6: Health reinsurance (reinsurance accepted) | AU6: Total (Health similar to life insurance)
I7: Contracts without options and guarantees | J7: Contracts with options or guarantees | L7: Contracts without options and guarantees | M7: Contracts with options or guarantees | P7: Insurance with profit participation | Q7: Index-linked and unit-linked insurance | R7: Other life insurance | S7: Annuities stemming from non-life accepted insurance contracts and relating to insurance obligation other than health insurance obligations | V7: Contracts without options and guarantees | W7: Contracts with options or guarantees | AD7: Contracts without options and guarantees | AE7: Contracts with options or guarantees | AG7: Contracts without options and guarantees | AH7: Contracts with options or guarantees | AK7: Insurance with profit participation | AL7: Index-linked and unit-linked insurance | AM7: Other life insurance | AN7: Annuities stemming from non-life accepted insurance contracts and relating to insurance obligation other than health insurance obligations | AQ7: Contracts without options and guarantees | AR7: Contracts with options or guarantees
I8: Unit-linked or index-linked | J8: Unit-linked or index-linked | L8: Other life | M8: Other life | V8: Health SLT | W8: Health SLT | AD8: Unit-linked or index-linked | AE8: Unit-linked or index-linked | AG8: Other life | AH8: Other life | AQ8: Health SLT | AR8: Health SLT
